Workbook
Name _Hlk52447055: 'GT 1ºA C1'!$AE$28
Name Segundo_cuatrimestre: #REF!
Name Segundo_cuatrimestre: #REF!
Name Segundo_cuatrimestre: #REF!
Name Segundo_cuatrimestre: #REF!
Name Segundo_cuatrimestre: #REF!
Name Segundo_cuatrimestre: #REF!
Name Segundo_cuatrimestre: #REF!
Name Segundo_cuatrimestre: #REF!
Name Segundo_cuatrimestre: Indice!$S$13

Sheet Indice
A2: Facultad de Ciencias Económicas y Empresariales
A3: Horarios del Curso 2026-2027
B6: GRADOS
B7: GRADO EN ADE, FYCO, MARKETING Y ECONOMÍA
B8: GD | C8: TIT | D8: GT
B9: 1º B | C9: común | D9: B1-B2 | E9: M | F9: Primer cuatrimestre | G9: Segundo cuatrimestre | N9: GRADO EN TURISMO
B10: 1º C ING | C10: común | D10: C1-C2 | E10: M | F10: Primer cuatrimestre | G10: Segundo cuatrimestre | N10: GD | O10: GG | P10: GT
B11: 1º D | C11: común | D11: D1-D2 | E11: T | F11: Primer cuatrimestre | G11: Segundo cuatrimestre | N11: 1º A | O11: A | P11: A1-A2 | Q11: M | R11: Primer cuatrimestre | S11: Segundo cuatrimestre
B12: 1º E | C12: común | D12: E1-E2 | E12: T | F12: Primer cuatrimestre | G12: Segundo cuatrimestre | N12: 2º A | O12: A | P12: A1-A2 | Q12: M | R12: Primer cuatrimestre | S12: Segundo cuatrimestre
B13: 1º F | C13: común | D13: F1-F2 | E13: T | F13: Primer cuatrimestre | G13: Segundo cuatrimestre | N13: 2º B Inglés | O13: B | P13: B1 | Q13: M | R13: Primer cuatrimestre | S13: Segundo cuatrimestre
B14: 1º G** | C14: común | D14: G1-G2 | E14: M | F14: Primer cuatrimestre | G14: Segundo cuatrimestre | N14: 3º A | O14: A | P14: A1-A2 | Q14: M | R14: Primer cuatrimestre | S14: Segundo cuatrimestre
B15: 1º H | C15: común | D15: H1-H2 | E15: T | F15: Primer cuatrimestre | G15: Segundo cuatrimestre | N15: 4º A | O15: A | P15: A1-A2 | Q15: M | R15: Primer cuatrimestre | S15: Segundo cuatrimestre
B16: ** 1º G es el grupo en el que se integran los alumnos del Doble Grado en Economía y Matemáticas
B17: 2º B | C17: GADE | D17: B1-B2 | E17: M | F17: Primer cuatrimestre | G17: Segundo cuatrimestre
B18: 2º C | C18: GADE | D18: C1-C2 | E18: T | F18: Primer cuatrimestre | G18: Segundo cuatrimestre
B19: 2º A | C19: FYCO | D19: A1-A2 | E19: M | F19: Primer cuatrimestre | G19: Segundo cuatrimestre
B20: 2º B | C20: FYCO | D20: B1-B2 | E20: T | F20: Primer cuatrimestre | G20: Segundo cuatrimestre
B21: 2º A | C21: MK | D21: A1-A2 | E21: M | F21: Primer cuatrimestre | G21: Segundo cuatrimestre | N21: DOBLE GRADO DERECHO-ADE
B22: 2º A** | C22: ECO | D22: A1-A2 | E22: M | F22: Primer cuatrimestre | G22: Segundo cuatrimestre | N22: GD | P22: GT
B23: 2º ING | C23: GADE | D23: ING | E23: M | F23: Primer cuatrimestre | G23: Segundo cuatrimestre | N23: 1º A D+ADE | P23: D+ADE A1 - D+ADE A2 | Q23: M | R23: Primer cuatrimestre | S23: Segundo cuatrimestre
B24: 2º B ING | C24: FYCO | D24: ING | E24: M | G24: Segundo cuatrimestre | N24: 2º A D+ADE | P24: D+ADE A1 - D+ADE A2 | Q24: M | R24: Primer cuatrimestre | S24: Segundo cuatrimestre
B25: 2º C ING | C25: MK | D25: ING | E25: M | G25: Segundo cuatrimestre
B26: ** 2º A ECO es el grupo en el que se integran los alumnos del Doble Grado en Economía y Matemáticas | N26: 3º A D+ADE | P26: D+ADE A1 - D+ADE A2 | Q26: M | R26: Primer cuatrimestre | S26: Segundo cuatrimestre
B27: 3º B | C27: GADE | D27: B1-B2 | E27: M | F27: Primer cuatrimestre | G27: Segundo cuatrimestre | N27: 4º A D+ADE | P27: D+ADE A1 - D+ADE A2 | Q27: M | R27: Primer cuatrimestre | S27: Segundo cuatrimestre
B28: 3º C | C28: GADE | D28: C1-C2 | E28: T | F28: Primer cuatrimestre | G28: Segundo cuatrimestre | N28: 5º A D+ADE | P28: D+ADE A1 - D+ADE A2 | Q28: M | R28: Primer cuatrimestre | S28: Segundo cuatrimestre
B29: 3º D ING | C29: GADE | D29: Inglés | E29: M | F29: Primer cuatrimestre
B30: 3º A | C30: FYCO | D30: A1-A2 | E30: M | F30: Primer cuatrimestre | G30: Segundo cuatrimestre
B31: 3º B ING | C31: FYCO | D31: ING | E31: M | G31: Segundo cuatrimestre
B32: 3º A | C32: MK | D32: A1-A2 | E32: M | F32: Primer cuatrimestre | G32: Segundo cuatrimestre
B33: 3º A** | C33: ECO | D33: A1-A2 | E33: M | F33: Primer cuatrimestre | G33: Segundo cuatrimestre
B34: ** 3º A ECO es el grupo en el que se integran los alumnos del Doble Grado en Economía y Matemáticas
B35: 4º B | C35: GADE | D35: B1-B2 | E35: M | F35: Primer cuatrimestre | G35: Segundo cuatrimestre
B36: 4º C | C36: GADE | D36: C1 | E36: T | F36: Primer cuatrimestre | G36: Segundo cuatrimestre | R36: Calendario académico 2026-2027
B37: 4º A | C37: FYCO | D37: A1-A2 | E37: M | F37: Primer cuatrimestre | G37: Segundo cuatrimestre | K37: GD: Grupo Docente
B38: 4º A | C38: MK | D38: A1-A2 | E38: M | F38: Primer cuatrimestre | G38: Segundo cuatrimestre | K38: GT: Grupos de Trabajo
B39: 4º A | C39: ECO | D39: A1-A2 | E39: M | F39: Primer cuatrimestre | G39: Segundo cuatrimestre | K39: TIT: Titulación | R39: Fecha última versión | S39: 46275
B40: 4º ING | C40: FYCO | D40: ING | E40: M | F40: Primer cuatrimestre | K40: M: Turno de mañana / T: Turno de tarde
B41: 4º D ING | C41: GADE | D41: ING | E41: M-T | F41: Primer cuatrimestre | G41: Segundo cuatrimestre | K41: ** Se incluyen los estudiantes del Doble Grado en Economía y Matemáticas
B42: 4º E+M | C42: DGEM | D42: A1-A2 | E42: M | F42: Primer cuatrimestre | G42: Segundo cuatrimestre
B43: 5º E+M | C43: DGEM | D43: A1-A2 | E43: M | F43: Primer cuatrimestre | G43: Segundo cuatrimestre

Sheet calendario
B2: Calendario académico del curso 2026-2027
G3: Inicio
B6: Primer cuatrimestre | I6: Segundo cuatrimestre
B7: Semanas impares | E7: Semanas pares | I7: Semanas impares | L7: Semanas pares
B8: del | C8: al | E8: del | F8: al | I8: del | J8: al | L8: del | M8: al
A9: 1 | B9: 46279 | C9: =B9+6 -> 46285 | D9: 2 | E9: =C9+1 -> 46286 | F9: =E9+6 -> 46292 | H9: 16 | I9: 46433 | J9: =I9+6 -> 46439 | K9: 17 | L9: =J9+1 -> 46440 | M9: =L9+6 -> 46446
A10: 3 | B10: =F9+1 -> 46293 | C10: =B10+6 -> 46299 | D10: 4 | E10: =C10+1 -> 46300 | F10: =E10+6 -> 46306 | H10: 18 | I10: =M9+1 -> 46447 | J10: =I10+6 -> 46453 | K10: 19 | L10: =J10+1 -> 46454 | M10: =L10+6 -> 46460
A11: 5 | B11: =F10+1 -> 46307 | C11: =B11+6 -> 46313 | D11: 6 | E11: =C11+1 -> 46314 | F11: =E11+6 -> 46320 | H11: 20 | I11: =M10+1 -> 46461 | J11: =I11+6 -> 46467 | K11: 21 | L11: 46475 | M11: =L11+6 -> 46481
A12: 7 | B12: =F11+1 -> 46321 | C12: =B12+6 -> 46327 | D12: 8 | E12: =C12+1 -> 46328 | F12: =E12+6 -> 46334 | H12: 22 | I12: =M11+1 -> 46482 | J12: =I12+6 -> 46488 | K12: 23 | L12: =J12+1 -> 46489 | M12: =L12+6 -> 46495
A13: 9 | B13: =F12+1 -> 46335 | C13: =B13+6 -> 46341 | D13: 10 | E13: =C13+1 -> 46342 | F13: =E13+6 -> 46348 | H13: 24 | I13: =M12+1 -> 46496 | J13: =I13+6 -> 46502 | K13: 25 | L13: =J13+1 -> 46503 | M13: =L13+6 -> 46509
A14: 11 | B14: =F13+1 -> 46349 | C14: =B14+6 -> 46355 | D14: 12 | E14: =C14+1 -> 46356 | F14: =E14+6 -> 46362 | H14: 26 | I14: =M13+1 -> 46510 | J14: =I14+6 -> 46516 | K14: 27 | L14: =J14+1 -> 46517 | M14: =L14+6 -> 46523
A15: 13 | B15: =F14+1 -> 46363 | C15: =B15+6 -> 46369 | D15: 14 | E15: =C15+1 -> 46370 | F15: =E15+6 -> 46376 | H15: 28 | I15: =M14+1 -> 46524 | J15: =I15+6 -> 46530 | K15: 29 | L15: =J15+1 -> 46531 | M15: =L15+6 -> 46537
A16: 15 | B16: =F15+1 -> 46377 | C16: =B16+6 -> 46383

Sheet calendario UXXI
B2: Calendario académico del curso 2026-2027
G3: Inicio
B6: Primer cuatrimestre | I6: Segundo cuatrimestre
B7: Semanas impares | E7: Semanas pares | I7: Semanas impares | L7: Semanas pares
B8: del | C8: al | E8: del | F8: al | I8: del | J8: al | L8: del | M8: al
A9: 2 | B9: =calendario!B9 -> 46279 | C9: =calendario!C9 -> 46285 | D9: 3 | E9: =calendario!E9 -> 46286 | F9: =calendario!F9 -> 46292 | H9: 24 | I9: =calendario!I9 -> 46433 | J9: =calendario!J9 -> 46439 | K9: 25 | L9: =calendario!L9 -> 46440 | M9: =calendario!M9 -> 46446
A10: 4 | B10: =calendario!B10 -> 46293 | C10: =calendario!C10 -> 46299 | D10: 5 | E10: =calendario!E10 -> 46300 | F10: =calendario!F10 -> 46306 | H10: 26 | I10: =calendario!I10 -> 46447 | J10: =calendario!J10 -> 46453 | K10: 27 | L10: =calendario!L10 -> 46454 | M10: =calendario!M10 -> 46460
A11: 6 | B11: =calendario!B11 -> 46307 | C11: =calendario!C11 -> 46313 | D11: 7 | E11: =calendario!E11 -> 46314 | F11: =calendario!F11 -> 46320 | H11: 28 | I11: =calendario!I11 -> 46461 | J11: =calendario!J11 -> 46467 | K11: 30 | L11: =calendario!L11 -> 46475 | M11: =calendario!M11 -> 46481
A12: 8 | B12: =calendario!B12 -> 46321 | C12: =calendario!C12 -> 46327 | D12: 9 | E12: =calendario!E12 -> 46328 | F12: =calendario!F12 -> 46334 | H12: 31 | I12: =calendario!I12 -> 46482 | J12: =calendario!J12 -> 46488 | K12: 32 | L12: =calendario!L12 -> 46489 | M12: =calendario!M12 -> 46495
A13: 10 | B13: =calendario!B13 -> 46335 | C13: =calendario!C13 -> 46341 | D13: 11 | E13: =calendario!E13 -> 46342 | F13: =calendario!F13 -> 46348 | H13: 33 | I13: =calendario!I13 -> 46496 | J13: =calendario!J13 -> 46502 | K13: 34 | L13: =calendario!L13 -> 46503 | M13: =calendario!M13 -> 46509
A14: 12 | B14: =calendario!B14 -> 46349 | C14: =calendario!C14 -> 46355 | D14: 13 | E14: =calendario!E14 -> 46356 | F14: =calendario!F14 -> 46362 | H14: 35 | I14: =calendario!I14 -> 46510 | J14: =calendario!J14 -> 46516 | K14: 36 | L14: =calendario!L14 -> 46517 | M14: =calendario!M14 -> 46523
A15: 14 | B15: =calendario!B15 -> 46363 | C15: =calendario!C15 -> 46369 | D15: 15 | E15: =calendario!E15 -> 46370 | F15: =calendario!F15 -> 46376 | H15: 37 | I15: =calendario!I15 -> 46524 | J15: =calendario!J15 -> 46530 | K15: 38 | L15: =calendario!L15 -> 46531 | M15: =calendario!M15 -> 46537
A16: 16 | B16: =calendario!B16 -> 46377 | C16: =calendario!C16 -> 46383

Sheet 1ºDG C1
A1: Titulación: | D1: Grados ADE y Derecho | M1: Inicio
A2: Curso: | D2: 1º
A3: Grupo: | D3: A DOBLE GRADO | F3: Aula: | G3: 13 | H3: Aulario: | I3: 1
A4: Cuatrimestre: | D4: 1º
D7: Lunes | H7: Martes | L7: Miércoles | P7: Jueves | T7: Viernes
A8: 0.33333333 | B8: – | C8: 0.35416667 | X8: 0.33333333 | Y8: – | Z8: 0.35416667
A10: 0.35416667 | B10: – | C10: 0.375 | X10: 0.35416667 | Y10: – | Z10: 0.375
A12: 0.375 | B12: – | C12: 0.39583333 | D12: Introducción al Derecho GD [1] 63101102 NO DOBLE GRADO | L12: Matemáticas GD 63101104 | P12: Historia Económica GD 63101101 | T12: Introducción a la Economía GT-A1 [1]63101109 | V12: Introducción a la Administración de Empresas GT-A2 [2] 63101105 | X12: 0.375 | Y12: – | Z12: 0.39583333
A14: 0.39583333 | B14: – | C14: 0.41666667 | X14: 0.39583333 | Y14: – | Z14: 0.41666667
A16: 0.41666667 | B16: – | C16: 0.4375 | X16: 0.41666667 | Y16: – | Z16: 0.4375
A18: 0.4375 | B18: – | C18: 0.45833333 | X18: 0.4375 | Y18: – | Z18: 0.45833333
A20: 0.45833333 | B20: – | C20: 0.47916667 | D20: Introducción al Derecho GT-C1 [1] 63101102 NO DOBLE GRADO | F20: Introducción al Derecho GT-C2 [2] 63101102 NO DOBLE GRADO | H20: Introducción al Derecho GD 63101102 NO DOBLE GRADO | L20: Introducción a la Administración de Empresas GD 63101105 | P20: Introducción a la Administración de Empresas GD [1] 63101105 | R20: Introducción a la Economía GT-A2 [2] 63101109 | T20: Matemáticas GD [1] 63101104 | V20: Matemáticas GT -A1 [2] 63101104 | X20: 0.45833333 | Y20: – | Z20: 0.47916667
A22: 0.47916667 | B22: – | C22: 0.5 | X22: 0.47916667 | Y22: – | Z22: 0.5
A24: 0.5 | B24: – | C24: 0.52083333 | X24: 0.5 | Y24: – | Z24: 0.52083333
A26: 0.52083333 | B26: – | C26: 0.54166667 | X26: 0.52083333 | Y26: – | Z26: 0.54166667
A28: 0.54166667 | B28: – | C28: 0.5625 | F28: Historia Económica GT-C2 [2] 63101101 NO DOBLE GRADO | H28: Historia Económica GD [1] 63101101 | J28: Historia Económica GT-C1 [2] 63101101 | L28: Introducción a la Economía GD 63101109 | P28: Introducción a la Economía GD [1] 63101109 | R28: Matemáticas GT-A2 [2] 63101104 | V28: Introducción a la Administración de Empresas GT-A1 [2] 63101105 | X28: 0.54166667 | Y28: – | Z28: 0.5625
A30: 0.5625 | B30: – | C30: 0.58333333 | X30: 0.5625 | Y30: – | Z30: 0.58333333
A32: 0.58333333 | B32: – | C32: 0.60416667 | X32: 0.58333333 | Y32: – | Z32: 0.60416667
A34: 0.60416667 | B34: – | C34: 0.625 | X34: 0.60416667 | Y34: – | Z34: 0.625
D37: [1] Semana Impar
D38: [2] Semana Par
D41: DURANTE LA PRIMERA SEMANA DE CLASE DEL CUATRIMESTRE SOLO SE IMPARTIRÁN LOS GRUPOS DOCENTES

Sheet 1ºDG C2
A1: Titulación: | D1: Grados ADE, FINANZAS Y CONTABILIDAD, MARKETING Y ECONOMIA | U1: Inicio
A2: Curso: | D2: 1º
A3: Grupo: | D3: A DOBLE GRADO | F3: Aula: | G3: 13 | H3: Aulario: | I3: 1 | U3: GRUPO - DG
A4: Cuatrimestre: | D4: 2º
D7: Lunes | H7: Martes | L7: Miércoles | P7: Jueves | T7: Viernes
A8: 0.33333333 | B8: – | C8: 0.35416667 | X8: 0.33333333 | Y8: – | Z8: 0.35416667
A10: 0.35416667 | B10: – | C10: 0.375 | X10: 0.35416667 | Y10: – | Z10: 0.375
A12: 0.375 | B12: – | C12: 0.39583333 | D12: Estadística GD [1] 63101103 | F12: Introducción al Marketing GD [2] 63101108 | H12: Introducción al Marketing GT1- [1] 63101108 | J12: Microeconomía GT2 [2] 63101110 | L12: Microeconomía GD 63101110 | P12: Introducción a las Finanzas * GT2 [1] 63101106 | R12: Derecho | T12: Derecho | X12: 0.375 | Y12: – | Z12: 0.39583333
A14: 0.39583333 | B14: – | C14: 0.41666667 | X14: 0.39583333 | Y14: – | Z14: 0.41666667
A16: 0.41666667 | B16: – | C16: 0.4375 | X16: 0.41666667 | Y16: – | Z16: 0.4375
A18: 0.4375 | B18: – | C18: 0.45833333 | X18: 0.4375 | Y18: – | Z18: 0.45833333
A20: 0.45833333 | B20: – | C20: 0.47916667 | D20: Introducción a la Contabilidad GD [1] 63101107 | F20: Estadística GT2 [2] 63101103 | H20: Introducción a las Finanzas * GT1 [1] 63101106 | J20: Microeconomía GT1 [2] 63101110 | L20: Introducción a las Finanzas GD 63101106 | P20: Introducción a la Contabilidad * GT2 [1] 63101107 | R20: Derecho | X20: 0.45833333 | Y20: – | Z20: 0.47916667
A22: 0.47916667 | B22: – | C22: 0.5 | X22: 0.47916667 | Y22: – | Z22: 0.5
A24: 0.5 | B24: – | C24: 0.52083333 | X24: 0.5 | Y24: – | Z24: 0.52083333
A26: 0.52083333 | B26: – | C26: 0.54166667 | X26: 0.52083333 | Y26: – | Z26: 0.54166667
A28: 0.54166667 | B28: – | C28: 0.5625 | D28: Microeconomía GD [1] 63101110 | F28: Introducción a las Finanzas GD [2] 63101106 | H28: Introducción a la Contabilidad * GT1 [1] 63101107 | J28: Estadística GT1 [2] 63101103 | L28: Estadística GD 63101103 | P28: Introducción al Marketing * GT2- [1] 63101108 | R28: Derecho | X28: 0.54166667 | Y28: – | Z28: 0.5625
A30: 0.5625 | B30: – | C30: 0.58333333 | X30: 0.5625 | Y30: – | Z30: 0.58333333
A32: 0.58333333 | B32: – | C32: 0.60416667 | X32: 0.58333333 | Y32: – | Z32: 0.60416667
A34: 0.60416667 | B34: – | C34: 0.625 | X34: 0.60416667 | Y34: – | Z34: 0.625
A36: 0.625 | B36: – | C36: 0.64583333 | X36: 0.625 | Y36: – | Z36: 0.64583333
A38: 0.64583333 | B38: – | C38: 0.66666667 | X38: 0.64583333 | Y38: – | Z38: 0.66666667
A40: 0.66666667 | B40: – | C40: 0.6875 | H40: Introducción a la Contabilidad GD 63101107 | X40: 0.66666667 | Y40: – | Z40: 0.6875
A42: 0.6875 | B42: – | C42: 0.70833333 | X42: 0.6875 | Y42: – | Z42: 0.70833333
A44: 0.70833333 | B44: – | C44: 0.72916667 | X44: 0.70833333 | Y44: – | Z44: 0.72916667
A46: 0.72916667 | B46: – | C46: 0.75 | X46: 0.72916667 | Y46: – | Z46: 0.75
A48: 0.75 | B48: – | C48: 0.77083333 | H48: Introducción al Marketing GD 63101108 | X48: 0.75 | Y48: – | Z48: 0.77083333
A50: 0.77083333 | B50: – | C50: 0.79166667 | X50: 0.77083333 | Y50: – | Z50: 0.79166667
A52: 0.79166667 | B52: – | C52: 0.8125 | X52: 0.79166667 | Y52: – | Z52: 0.8125
A54: 0.8125 | B54: – | C54: 0.83333333 | X54: 0.8125 | Y54: – | Z54: 0.83333333
D59: [1] Semana Impar | M59: *Los alumnos del doble grado deben ir al GT1 en estas asignaturas, mientras que el resto debe contactar con el profesor para la asignación del GT
D60: [2] Semana Par
D63: DURANTE LA PRIMERA SEMANA DE CLASE DEL CUATRIMESTRE SOLO SE IMPARTIRÁN LOS GRUPOS DOCENTES

Sheet  2ºDG C1
A1: Titulación: | D1: Grado Administración de Empresas + Derecho | I1: Inicio
A2: Curso: | D2: 2º
A3: Grupo: | D3: A DOBLE GRADO | F3: Aula: | G3: 4 | H3: Aulario: | I3: EMPR.
A4: Cuatrimestre: | D4: 1º
D7: Lunes | H7: Martes | L7: Miércoles | P7: Jueves | T7: Viernes
A8: 0.33333333 | B8: – | C8: 0.35416667 | X8: 0.33333333 | Y8: – | Z8: 0.35416667
A10: 0.35416667 | B10: – | C10: 0.375 | X10: 0.35416667 | Y10: – | Z10: 0.375
A12: 0.375 | B12: – | C12: 0.39583333 | D12: Contabilidad Intermedia I GD 62102215 | H12: Contabilidad Intermedia I GT-A1 [1] 62102215 | L12: Derecho | P12: Derecho | T12: Derecho | X12: 0.375 | Y12: – | Z12: 0.39583333
A14: 0.39583333 | B14: – | C14: 0.41666667 | X14: 0.39583333 | Y14: – | Z14: 0.41666667
A16: 0.41666667 | B16: – | C16: 0.4375 | X16: 0.41666667 | Y16: – | Z16: 0.4375
A18: 0.4375 | B18: – | C18: 0.45833333 | X18: 0.4375 | Y18: – | Z18: 0.45833333
A20: 0.45833333 | B20: – | C20: 0.47916667 | D20: Habilidades de Dirección y Gestión GD 63102204 | H20: Contabilidad Intermedia I GD- [1] 62102215 | J20: Habilidades de Dirección y Gestión GT-A1 [2] | X20: 0.45833333 | Y20: – | Z20: 0.47916667
A22: 0.47916667 | B22: – | C22: 0.5 | X22: 0.47916667 | Y22: – | Z22: 0.5
A24: 0.5 | B24: – | C24: 0.52083333 | X24: 0.5 | Y24: – | Z24: 0.52083333
A26: 0.52083333 | B26: – | C26: 0.54166667 | X26: 0.52083333 | Y26: – | Z26: 0.54166667
A28: 0.54166667 | B28: – | C28: 0.5625 | H28: Contabilidad Intermedia I GT-A2 [1] 62102215 NO APARECE EN UXXI | J28: Habilidades de Dirección y Gestión GD[2] 63102204 | X28: 0.54166667 | Y28: – | Z28: 0.5625
A30: 0.5625 | B30: – | C30: 0.58333333 | X30: 0.5625 | Y30: – | Z30: 0.58333333
A32: 0.58333333 | B32: – | C32: 0.60416667 | X32: 0.58333333 | Y32: – | Z32: 0.60416667
A34: 0.60416667 | B34: – | C34: 0.625 | X34: 0.60416667 | Y34: – | Z34: 0.625
D39: [1] Semana Impar
D40: [2] Semana Par
D43: DURANTE LA PRIMERA SEMANA DE CLASE DEL CUATRIMESTRE SOLO SE IMPARTIRÁN LOS GRUPOS DOCENTES

Sheet 2ºDG C2
A1: Titulación: | D1: Grado Administración de Empresas + Derecho | M1: Inicio
A2: Curso: | D2: 2º
A3: Grupo: | D3: A DOBLE GRADO | F3: Aula: | G3: 4 | H3: Aulario: | I3: EMPR.
A4: Cuatrimestre: | D4: 2º
D7: Lunes | H7: Martes | L7: Miércoles | P7: Jueves | T7: Viernes
A8: 0.33333333 | B8: – | C8: 0.35416667 | X8: 0.33333333 | Y8: – | Z8: 0.35416667
A10: 0.35416667 | B10: – | C10: 0.375 | X10: 0.35416667 | Y10: – | Z10: 0.375
A12: 0.375 | B12: – | C12: 0.39583333 | P12: Diseño de la Organización GD-[1] 62102208 | R12: Diseño de la Organización GT-A [2] 62102208 | T12: Sistema Financiero GT-A1 [1] 62102221 | V12: Contabilidad Intermedia II GD [2] 62102216 | X12: 0.375 | Y12: – | Z12: 0.39583333
D13: Derecho | H13: Derecho | L13: Derecho
A14: 0.39583333 | B14: – | C14: 0.41666667 | X14: 0.39583333 | Y14: – | Z14: 0.41666667
A16: 0.41666667 | B16: – | C16: 0.4375 | X16: 0.41666667 | Y16: – | Z16: 0.4375
A18: 0.4375 | B18: – | C18: 0.45833333 | X18: 0.4375 | Y18: – | Z18: 0.45833333
A20: 0.45833333 | B20: – | C20: 0.47916667 | P20: Contabilidad Intermedia II GD 62102216 | T20: Contabilidad Intermedia II GT-A1 [1] 62102216 | V20: Sistema Financiero GD- [2] 62102221 | X20: 0.45833333 | Y20: – | Z20: 0.47916667
A22: 0.47916667 | B22: – | C22: 0.5 | X22: 0.47916667 | Y22: – | Z22: 0.5
A24: 0.5 | B24: – | C24: 0.52083333 | L24: Diseño de la Organización GD 62102208 | X24: 0.5 | Y24: – | Z24: 0.52083333
A26: 0.52083333 | B26: – | C26: 0.54166667 | X26: 0.52083333 | Y26: – | Z26: 0.54166667
A28: 0.54166667 | B28: – | C28: 0.5625 | P28: Sistema Financiero GD 62102221 | X28: 0.54166667 | Y28: – | Z28: 0.5625
A30: 0.5625 | B30: – | C30: 0.58333333 | X30: 0.5625 | Y30: – | Z30: 0.58333333
A32: 0.58333333 | B32: – | C32: 0.60416667 | X32: 0.58333333 | Y32: – | Z32: 0.60416667
A34: 0.60416667 | B34: – | C34: 0.625 | X34: 0.60416667 | Y34: – | Z34: 0.625
D39: [1] Semana Impar
D40: [2] Semana Par
D43: DURANTE LA PRIMERA SEMANA DE CLASE DEL CUATRIMESTRE SOLO SE IMPARTIRÁN LOS GRUPOS DOCENTES

Sheet 3ºDG C1
A1: Titulación: | B1: Grado Administración de Empresas + Derecho | N1: Inicio
A2: Curso: | B2: 3º
A3: Grupo: | B3: A DOBLE GRADO | F3: Aula: | G3: 13 | H3: Aulario: | I3: 4
A4: Cuatrimestre: | B4: 1º
D7: Lunes | H7: Martes | L7: Miércoles | P7: Jueves | T7: Viernes
A8: 0.33333333 | B8: – | C8: 0.35416667 | X8: 0.33333333 | Y8: – | Z8: 0.35416667
A10: 0.35416667 | B10: – | C10: 0.375 | P10: Derecho | T10: Derecho | X10: 0.35416667 | Y10: – | Z10: 0.375
A12: 0.375 | B12: – | C12: 0.39583333 | D12: Dirección Financiera I: Financiación GD 62103219 | H12: Macroeconomía GT- A1 [1] 63102201 | J12: Estadística Avanzada GD- [2] 63102202 | L12: Macroeconomía GD 63102201 | X12: 0.375 | Y12: – | Z12: 0.39583333
A14: 0.39583333 | B14: – | C14: 0.41666667 | X14: 0.39583333 | Y14: – | Z14: 0.41666667
A16: 0.41666667 | B16: – | C16: 0.4375 | X16: 0.41666667 | Y16: – | Z16: 0.4375
A18: 0.4375 | B18: – | C18: 0.45833333 | X18: 0.4375 | Y18: – | Z18: 0.45833333
A20: 0.45833333 | B20: – | C20: 0.47916667 | D20: Control de Gestión GD 62103217 | H20: Estadística Avanzada GT-A1 [1] 63102202 | J20: Control de Gestión GT- A1 [2] 62103217 | L20: Estadística Avanzada GD 63102202 | X20: 0.45833333 | Y20: – | Z20: 0.47916667
A22: 0.47916667 | B22: – | C22: 0.5 | X22: 0.47916667 | Y22: – | Z22: 0.5
A24: 0.5 | B24: – | C24: 0.52083333 | X24: 0.5 | Y24: – | Z24: 0.52083333
A26: 0.52083333 | B26: – | C26: 0.54166667 | X26: 0.52083333 | Y26: – | Z26: 0.54166667
A28: 0.54166667 | B28: – | C28: 0.5625 | H28: Dirección Financiera I: Financiación GT [1] 62103219 | J28: Macroeconomía GD [2] 63102201 | X28: 0.54166667 | Y28: – | Z28: 0.5625
A30: 0.5625 | B30: – | C30: 0.58333333 | X30: 0.5625 | Y30: – | Z30: 0.58333333
A32: 0.58333333 | B32: – | C32: 0.60416667 | X32: 0.58333333 | Y32: – | Z32: 0.60416667
A34: 0.60416667 | B34: – | C34: 0.625 | X34: 0.60416667 | Y34: – | Z34: 0.625
D38: [1] Semana Impar
D39: [2] Semana Par
D42: DURANTE LA PRIMERA SEMANA DE CLASE DEL CUATRIMESTRE SOLO SE IMPARTIRÁN LOS GRUPOS DOCENTES

Sheet 3ºDG C2
A1: Titulación: | B1: Grado Administración de Empresas + Derecho | K1: Inicio
A2: Curso: | B2: 3º
A3: Grupo: | B3: A DOBLE GRADO | F3: Aula: | G3: 13 | H3: Aulario: | I3: 4
A4: Cuatrimestre: | B4: 2º
D7: Lunes | H7: Martes | L7: Miércoles | P7: Jueves | T7: Viernes
A8: 0.33333333 | B8: – | C8: 0.35416667 | X8: 0.33333333 | Y8: – | Z8: 0.35416667
A10: 0.35416667 | B10: – | C10: 0.375 | X10: 0.35416667 | Y10: – | Z10: 0.375
A12: 0.375 | B12: – | C12: 0.39583333 | D12: Derecho | H12: Derecho | L12: Métodos Cuantitativos GT1[1] 62102205 | N12: Economía Española GT[2] 62102213 | P12: Contabilidad Avanzada GD 62103218 | V12: Dirección de Marketing GT[2] 62103224 | X12: 0.375 | Y12: – | Z12: 0.39583333
A14: 0.39583333 | B14: – | C14: 0.41666667 | X14: 0.39583333 | Y14: – | Z14: 0.41666667
A16: 0.41666667 | B16: – | C16: 0.4375 | X16: 0.41666667 | Y16: – | Z16: 0.4375
A18: 0.4375 | B18: – | C18: 0.45833333 | X18: 0.4375 | Y18: – | Z18: 0.45833333
A20: 0.45833333 | B20: – | C20: 0.47916667 | L20: Economía Española GD 62102213 | P20: Dirección de Marketing GD 62103224 | T20: Contabilidad Avanzada GT[1] 62103218 | V20: Métodos Cuantitativos GD1[2] 62102205 | X20: 0.45833333 | Y20: – | Z20: 0.47916667
A22: 0.47916667 | B22: – | C22: 0.5 | X22: 0.47916667 | Y22: – | Z22: 0.5
A24: 0.5 | B24: – | C24: 0.52083333 | X24: 0.5 | Y24: – | Z24: 0.52083333
A26: 0.52083333 | B26: – | C26: 0.54166667 | X26: 0.52083333 | Y26: – | Z26: 0.54166667
A28: 0.54166667 | B28: – | C28: 0.5625 | L28: Metodos Cuantitativos GD 62102205 | P28: Economía Española GD 62102213 | X28: 0.54166667 | Y28: – | Z28: 0.5625
A30: 0.5625 | B30: – | C30: 0.58333333 | X30: 0.5625 | Y30: – | Z30: 0.58333333
A32: 0.58333333 | B32: – | C32: 0.60416667 | X32: 0.58333333 | Y32: – | Z32: 0.60416667
A34: 0.60416667 | B34: – | C34: 0.625 | X34: 0.60416667 | Y34: – | Z34: 0.625
D38: [1] Semana Impar
D39: [2] Semana Par
D42: DURANTE LA PRIMERA SEMANA DE CLASE DEL CUATRIMESTRE SOLO SE IMPARTIRÁN LOS GRUPOS DOCENTES

Sheet 4ºDG C1
A1: Titulación: | B1: Grado Administración de Empresas + Derecho | K1: Inicio
A2: Curso: | B2: 4º
A3: Grupo: | B3: A DOBLE GRADO | F3: Aula: | G3: 20 | H3: Aulario: | I3: 4
A4: Cuatrimestre: | B4: 1º
D7: Lunes | H7: Martes | L7: Miércoles | P7: Jueves | T7: Viernes
A8: 0.33333333 | B8: – | C8: 0.35416667 | X8: 0.33333333 | Y8: – | Z8: 0.35416667
A10: 0.35416667 | B10: – | C10: 0.375 | X10: 0.35416667 | Y10: – | Z10: 0.375
A12: 0.375 | B12: – | C12: 0.39583333 | D12: Derecho | H12: Derecho | L12: Economía Mundial GD 62103214 | P12: Dirección de Operaciones I GT (1) 62103210 | R12: Investigación de Mercados GT (2) 62103222 | T12: Dirección de Operaciones I GD 62103210 | X12: 0.375 | Y12: – | Z12: 0.39583333
A14: 0.39583333 | B14: – | C14: 0.41666667 | X14: 0.39583333 | Y14: – | Z14: 0.41666667
A16: 0.41666667 | B16: – | C16: 0.4375 | X16: 0.41666667 | Y16: – | Z16: 0.4375
A18: 0.4375 | B18: – | C18: 0.45833333 | X18: 0.4375 | Y18: – | Z18: 0.45833333
A20: 0.45833333 | B20: – | C20: 0.47916667 | L20: Gestión de la Calidad GD 62104212 | P20: Gestión de la Calidad GT (1) 62104212 | R20: Economía Mundial GT (2) 62103214 | X20: 0.45833333 | Y20: – | Z20: 0.47916667
A22: 0.47916667 | B22: – | C22: 0.5 | X22: 0.47916667 | Y22: – | Z22: 0.5
A24: 0.5 | B24: – | C24: 0.52083333 | X24: 0.5 | Y24: – | Z24: 0.52083333
A26: 0.52083333 | B26: – | C26: 0.54166667 | X26: 0.52083333 | Y26: – | Z26: 0.54166667
A28: 0.54166667 | B28: – | C28: 0.5625 | L28: Investigación de Mercados GD 62103222 | X28: 0.54166667 | Y28: – | Z28: 0.5625
A30: 0.5625 | B30: – | C30: 0.58333333 | X30: 0.5625 | Y30: – | Z30: 0.58333333
A32: 0.58333333 | B32: – | C32: 0.60416667 | X32: 0.58333333 | Y32: – | Z32: 0.60416667
A34: 0.60416667 | B34: – | C34: 0.625 | X34: 0.60416667 | Y34: – | Z34: 0.625
D38: [1] Semana Impar
D39: [2] Semana Par
D42: DURANTE LA PRIMERA SEMANA DE CLASE DEL CUATRIMESTRE SOLO SE IMPARTIRÁN LOS GRUPOS DOCENTES

Sheet 4ºDG C2
A1: Titulación: | B1: Grado Administración de Empresas + Derecho | K1: Inicio
A2: Curso: | B2: 4º
A3: Grupo: | B3: A DOBLE GRADO | F3: Aula: | G3: 20 | H3: Aulario: | I3: 4
A4: Cuatrimestre: | B4: 2º
D7: Lunes | H7: Martes | L7: Miércoles | P7: Jueves | T7: Viernes
A8: 0.33333333 | B8: – | C8: 0.35416667 | X8: 0.33333333 | Y8: – | Z8: 0.35416667
A10: 0.35416667 | B10: – | C10: 0.375 | X10: 0.35416667 | Y10: – | Z10: 0.375
A12: 0.375 | B12: – | C12: 0.39583333 | D12: Dirección Financiera II GD 62103220 | H12: Dirección Financiera II GT-A1 (1) 62103220 | L12: Derecho | P12: Derecho | T12: Derecho | X12: 0.375 | Y12: – | Z12: 0.39583333
A14: 0.39583333 | B14: – | C14: 0.41666667 | X14: 0.39583333 | Y14: – | Z14: 0.41666667
A16: 0.41666667 | B16: – | C16: 0.4375 | X16: 0.41666667 | Y16: – | Z16: 0.4375
A18: 0.4375 | B18: – | C18: 0.45833333 | X18: 0.4375 | Y18: – | Z18: 0.45833333
A20: 0.45833333 | B20: – | C20: 0.47916667 | D20: Dirección de Operaciones II GD 62103211 | H20: Dirección de Operaciones II GT (1) 62103211 | X20: 0.45833333 | Y20: – | Z20: 0.47916667
A22: 0.47916667 | B22: – | C22: 0.5 | X22: 0.47916667 | Y22: – | Z22: 0.5
A24: 0.5 | B24: – | C24: 0.52083333 | X24: 0.5 | Y24: – | Z24: 0.52083333
A26: 0.52083333 | B26: – | C26: 0.54166667 | X26: 0.52083333 | Y26: – | Z26: 0.54166667
A28: 0.54166667 | B28: – | C28: 0.5625 | X28: 0.54166667 | Y28: – | Z28: 0.5625
A30: 0.5625 | B30: – | C30: 0.58333333 | X30: 0.5625 | Y30: – | Z30: 0.58333333
A32: 0.58333333 | B32: – | C32: 0.60416667 | X32: 0.58333333 | Y32: – | Z32: 0.60416667
A34: 0.60416667 | B34: – | C34: 0.625 | X34: 0.60416667 | Y34: – | Z34: 0.625
D38: [1] Semana Impar
D39: [2] Semana Par
D42: DURANTE LA PRIMERA SEMANA DE CLASE DEL CUATRIMESTRE SOLO SE IMPARTIRÁN LOS GRUPOS DOCENTES

Sheet  5º DG C1 
A1: Titulación: | D1: Grado en Administración y Dirección de Empresas (Plan 2010) | M1: Inicio
A2: Curso: | D2: 5º
A3: Grupo: | D3: Doble Grado D+ADE | F3: Aula: | G3: 1 | H3: Aulario: | I3: EMPR.
A4: Cuatrimestre: | D4: 1º
D7: Lunes | H7: Martes | L7: Miércoles | P7: Jueves | T7: Viernes
A8: 0.33333333 | B8: – | C8: 0.35416667 | X8: 0.33333333 | Y8: – | Z8: 0.35416667
A10: 0.35416667 | B10: – | C10: 0.375 | X10: 0.35416667 | Y10: – | Z10: 0.375
A12: 0.375 | B12: – | C12: 0.39583333 | D12: Derecho | H12: Derecho | L12: Derecho | P12: Marketing Estratégico GD 62104223 | V12: Dirección Estratégica I GT 62104206 [2] | X12: 0.375 | Y12: – | Z12: 0.39583333
A14: 0.39583333 | B14: – | C14: 0.41666667 | X14: 0.39583333 | Y14: – | Z14: 0.41666667
A16: 0.41666667 | B16: – | C16: 0.4375 | X16: 0.41666667 | Y16: – | Z16: 0.4375
A18: 0.4375 | B18: – | C18: 0.45833333 | X18: 0.4375 | Y18: – | Z18: 0.45833333
A20: 0.45833333 | B20: – | C20: 0.47916667 | P20: Dirección Estratégica I. GD 62104206 | V20: Marketing Estratégico GT 62104223 [2] | X20: 0.45833333 | Y20: – | Z20: 0.47916667
A22: 0.47916667 | B22: – | C22: 0.5 | X22: 0.47916667 | Y22: – | Z22: 0.5
A24: 0.5 | B24: – | C24: 0.52083333 | X24: 0.5 | Y24: – | Z24: 0.52083333
A26: 0.52083333 | B26: – | C26: 0.54166667 | X26: 0.52083333 | Y26: – | Z26: 0.54166667
A28: 0.54166667 | B28: – | C28: 0.5625 | X28: 0.54166667 | Y28: – | Z28: 0.5625
A30: 0.5625 | B30: – | C30: 0.58333333 | X30: 0.5625 | Y30: – | Z30: 0.58333333
A32: 0.58333333 | B32: – | C32: 0.60416667 | X32: 0.58333333 | Y32: – | Z32: 0.60416667
A34: 0.60416667 | B34: – | C34: 0.625 | X34: 0.60416667 | Y34: – | Z34: 0.625
A36: 0.625 | B36: – | C36: 0.64583333 | D36: Espacio disponible (sin clase) para tutorización de TFGs (a reservar aula por profesor)
A38: 0.64583333 | B38: – | C38: 0.66666667
A40: 0.66666667 | B40: – | C40: 0.6875
A42: 0.6875 | B42: – | C42: 0.70833333 | H42: Espacio disponible (sin clase) para tutorización de TFGs (a reservar aula por profesor)
A44: 0.70833333 | B44: – | C44: 0.72916667
A46: 0.72916667 | B46: – | C46: 0.75
D49: [1] Semanas impares
D50: [2] Semanas pares
D52: Todos los grupos docentes son multimodales

Sheet  5º DG C2
A1: Titulación: | D1: Grado en Administración y Dirección de Empresas (Plan 2010) | M1: Inicio
A2: Curso: | D2: 5º | T2: HASTA EL 31 DE MARZO DE 2027
A3: Grupo: | D3: Doble Grado D+ADE | F3: Aula: | G3: 1 | H3: Aulario: | I3: EMPR. | T3: La distribución de horas de GD y GT en cada asignatura es aproximada
A4: Cuatrimestre: | D4: 2º | T4: El profesor podrá variar la distribución de estas horas hasta completar la docencia
T5: 31 horas GD y 14 horas GT en las 5 semanas del periodo de docencia
D7: Lunes | H7: Martes | L7: Miércoles | P7: Jueves | T7: Viernes
A8: 0.33333333 | B8: – | C8: 0.35416667 | X8: 0.33333333 | Y8: – | Z8: 0.35416667
A10: 0.35416667 | B10: – | C10: 0.375 | X10: 0.35416667 | Y10: – | Z10: 0.375
A12: 0.375 | B12: – | C12: 0.39583333 | D12: Organización y Gestión de los Recursos Humanos GD 62103209 | H12: Dirección Estratégica II GT 62104207 | L12: Organización y Gestión de los Recursos Humanos GD 62103209 | P12: Organización y Gestión de los Recursos Humanos GD- 62103209 | T12: Dirección Estratégica II GD/GT 62104207 | X12: 0.375 | Y12: – | Z12: 0.39583333
A14: 0.39583333 | B14: – | C14: 0.41666667 | X14: 0.39583333 | Y14: – | Z14: 0.41666667
A16: 0.41666667 | B16: – | C16: 0.4375 | X16: 0.41666667 | Y16: – | Z16: 0.4375
A18: 0.4375 | B18: – | C18: 0.45833333 | X18: 0.4375 | Y18: – | Z18: 0.45833333
A20: 0.45833333 | B20: – | C20: 0.47916667 | D20: Dirección Estratégica II GD 62104207 | H20: Organización y Gestión de los Recursos Humanos GT 62103209 | L20: Creación de Empresas GD 63104226 | P20: Dirección Estratégica II GD 62104207 | T20: Organización y Gestión de los Recursos Humanos GD/GT 62103209 | X20: 0.45833333 | Y20: – | Z20: 0.47916667
A22: 0.47916667 | B22: – | C22: 0.5 | X22: 0.47916667 | Y22: – | Z22: 0.5
A24: 0.5 | B24: – | C24: 0.52083333 | X24: 0.5 | Y24: – | Z24: 0.52083333
A26: 0.52083333 | B26: – | C26: 0.54166667 | X26: 0.52083333 | Y26: – | Z26: 0.54166667
A28: 0.54166667 | B28: – | C28: 0.5625 | D28: Creación de Empresas GD 63104226 | H28: Creación de Empresas GT--A2 63104226 | L28: Dirección Estratégica II GD 62104207 | P28: Creación de Empresas GD 63104226 | T28: Creación de Empresas GD-GT- 63104226 | X28: 0.54166667 | Y28: – | Z28: 0.5625
A30: 0.5625 | B30: – | C30: 0.58333333 | X30: 0.5625 | Y30: – | Z30: 0.58333333
A32: 0.58333333 | B32: – | C32: 0.60416667 | X32: 0.58333333 | Y32: – | Z32: 0.60416667
A34: 0.60416667 | B34: – | C34: 0.625 | X34: 0.60416667 | Y34: – | Z34: 0.625
A36: 0.625 | B36: – | C36: 0.64583333 | D36: Espacio disponible (sin clase) para tutorización de TFGs (a reservar aula por profesor)
A38: 0.64583333 | B38: – | C38: 0.66666667
A40: 0.66666667 | B40: – | C40: 0.6875
A42: 0.6875 | B42: – | C42: 0.70833333 | H42: Espacio disponible (sin clase) para tutorización de TFGs (a reservar aula por profesor)
A44: 0.70833333 | B44: – | C44: 0.72916667
A46: 0.72916667 | B46: – | C46: 0.75

Sheet 1ºB C1
A1: Titulación: | D1: Grados ADE, FINANZAS Y CONTABILIDAD, MARKETING Y ECONOMIA | L1: Inicio
A2: Curso: | D2: 1º
A3: Grupo: | D3: B | F3: Aula: | G3: 2 | H3: Aulario: | I3: 2
A4: Cuatrimestre: | D4: 1º
D7: Lunes | H7: Martes | L7: Miércoles | P7: Jueves | T7: Viernes
A8: 0.33333333 | B8: – | C8: 0.35416667 | X8: 0.33333333 | Y8: – | Z8: 0.35416667
A10: 0.35416667 | B10: – | C10: 0.375 | X10: 0.35416667 | Y10: – | Z10: 0.375
A12: 0.375 | B12: – | C12: 0.39583333 | D12: Introducción al Derecho GD 63101102 | H12: Matemáticas GD 63101104 | L12: Introducción a la Administración de Empresas GD [1] 63101105 | N12: Introducción a la Administración de Empresas GT-B1 [2] 63101105 | P12: Introducción a la Economía GT-B2 [1] 63101109 | R12: Introducción a la Economía GD [2] 63101109 | T12: Historia Económica GD [1] 63101101 | V12: Matemáticas GD [2] 63101104 | X12: 0.375 | Y12: – | Z12: 0.39583333
A14: 0.39583333 | B14: – | C14: 0.41666667 | X14: 0.39583333 | Y14: – | Z14: 0.41666667
A16: 0.41666667 | B16: – | C16: 0.4375 | X16: 0.41666667 | Y16: – | Z16: 0.4375
A18: 0.4375 | B18: – | C18: 0.45833333 | X18: 0.4375 | Y18: – | Z18: 0.45833333
A20: 0.45833333 | B20: – | C20: 0.47916667 | D20: Historia Económica GD 63101101 | H20: Introducción a la Economía GD 63101109 | L20: Matemáticas GT-B1 [1] 63101104 | N20: Introducción a la Economía GT-B1 [2] 63101109 | P20: Introducción al Derecho GT-B2 [1] 63101102 | R20: Historia Económica GT-B2 [2] 63101101 | V20: Introducción al Derecho GD [2] 63101102 | X20: 0.45833333 | Y20: – | Z20: 0.47916667
A22: 0.47916667 | B22: – | C22: 0.5 | X22: 0.47916667 | Y22: – | Z22: 0.5
A24: 0.5 | B24: – | C24: 0.52083333 | X24: 0.5 | Y24: – | Z24: 0.52083333
A26: 0.52083333 | B26: – | C26: 0.54166667 | X26: 0.52083333 | Y26: – | Z26: 0.54166667
A28: 0.54166667 | B28: – | C28: 0.5625 | H28: Introducción a la Administración de Empresas GD 63101105 | L28: Introducción al Derecho GT-B1 [1] 63101102 | N28: Historia Económica GT-B1 [2] 63101101 | P28: Matemáticas GT-B2 [1] 63101104 | R28: Introducción a la Administración de Empresas GT-B2 [2] 63101105 | X28: 0.54166667 | Y28: – | Z28: 0.5625
A30: 0.5625 | B30: – | C30: 0.58333333 | X30: 0.5625 | Y30: – | Z30: 0.58333333
A32: 0.58333333 | B32: – | C32: 0.60416667 | X32: 0.58333333 | Y32: – | Z32: 0.60416667
A34: 0.60416667 | B34: – | C34: 0.625 | X34: 0.60416667 | Y34: – | Z34: 0.625
D38: [1] Semana Impar
D39: [2] Semana Par
D42: DURANTE LA PRIMERA SEMANA DE CLASE DEL CUATRIMESTRE SOLO SE IMPARTIRÁN LOS GRUPOS DOCENTES

Sheet 1ºB C2
A1: Titulación: | D1: Grados ADE, FINANZAS Y CONTABILIDAD, MARKETING Y ECONOMIA | M1: 6310 | Q1: Inicio
A2: Curso: | D2: 1º
A3: Grupo: | D3: B | F3: Aula: | G3: 2 | H3: Aulario: | I3: 2
A4: Cuatrimestre: | D4: 2º
E7: Lunes | I7: Martes | M7: Miércoles | Q7: Jueves | U7: Viernes
A8: 0.33333333 | B8: – | C8: 0.35416667 | Y8: 0.33333333 | Z8: – | AA8: 0.35416667
A10: 0.35416667 | B10: – | C10: 0.375 | Y10: 0.35416667 | Z10: – | AA10: 0.375
A12: 0.375 | B12: – | C12: 0.39583333 | D12: Introducción al Marketing GD 63101108 | I12: Microeconomía GD 63101110 | M12: Introducción a las Finanzas GT-B1 [1] 63101106 | O12: Microeconomía GT-B1 [2] 63101110 | S12: Estadística GD [2] 63101103 | U12: Estadística G.D. 63101103 | Y12: 0.375 | Z12: – | AA12: 0.39583333
A14: 0.39583333 | B14: – | C14: 0.41666667 | Y14: 0.39583333 | Z14: – | AA14: 0.41666667
A16: 0.41666667 | B16: – | C16: 0.4375 | Y16: 0.41666667 | Z16: – | AA16: 0.4375
A18: 0.4375 | B18: – | C18: 0.45833333 | Y18: 0.4375 | Z18: – | AA18: 0.45833333
A20: 0.45833333 | B20: – | C20: 0.47916667 | D20: Introducción a la Contabilidad GD 63101107 | I20: Introducción a las Finanzas GT-B2 [1] 63101106 | K20: Introducción a la Contabilidad GD [2] 63101107 | M20: Introducción al Marketing GT-B1 [1] 63101108 | O20: Introducción a la Contabilidad GT-B1 [2] 63101107 | Q20: Introducción al Marketing GT-B2 [1] 63101108 | R20: Estadística GT-B1 [1] 63101103 | S20: Microeconomía GT-B2 [2] 63101110 | U20: Microeconomía GD [1] 63101110 | W20: Introducción al Marketing GD [2] 63101108 | Y20: 0.45833333 | Z20: – | AA20: 0.47916667
A22: 0.47916667 | B22: – | C22: 0.5 | Y22: 0.47916667 | Z22: – | AA22: 0.5
A24: 0.5 | B24: – | C24: 0.52083333 | Y24: 0.5 | Z24: – | AA24: 0.52083333
A26: 0.52083333 | B26: – | C26: 0.54166667 | Y26: 0.52083333 | Z26: – | AA26: 0.54166667
A28: 0.54166667 | B28: – | C28: 0.5625 | D28: Introducción a las Finanzas GD [1] 63101106 | F28: Introducción a la Contabilidad GT-B2 [2] 63101107 | Q28: Estadística GT-B2 [1] 63101103 | U28: Introducción a las Finanzas GD 63101106 | Y28: 0.54166667 | Z28: – | AA28: 0.5625
A30: 0.5625 | B30: – | C30: 0.58333333 | Y30: 0.5625 | Z30: – | AA30: 0.58333333
A32: 0.58333333 | B32: – | C32: 0.60416667 | Y32: 0.58333333 | Z32: – | AA32: 0.60416667
A34: 0.60416667 | B34: – | C34: 0.625 | Y34: 0.60416667 | Z34: – | AA34: 0.625
D38: [1] Semana Impar
D39: [2] Semana Par
D42: DURANTE LA PRIMERA SEMANA DE CLASE DEL CUATRIMESTRE SOLO SE IMPARTIRÁN LOS GRUPOS DOCENTES

Sheet 1ºC ING C1
A1: Titulación: | D1: Grados ADE, FINANZAS Y CONTABILIDAD, MARKETING Y ECONOMIA | M1: Inicio
A2: Curso: | D2: 1º
A3: Grupo: | D3: C - ING | F3: Aula: | G3: 2 | H3: Aulario: | I3: EMPR | M3: GRUPO BILINGÜE | T3: GRUPO - Bilingüe adaptado a DG
A4: Cuatrimestre: | D4: 1º
D7: Lunes | H7: Martes | L7: Miércoles | P7: Jueves | T7: Viernes
A8: 0.33333333 | B8: – | C8: 0.35416667 | X8: 0.33333333 | Y8: – | Z8: 0.35416667
A10: 0.35416667 | B10: – | C10: 0.375 | X10: 0.35416667 | Y10: – | Z10: 0.375
A12: 0.375 | B12: – | C12: 0.39583333 | D12: Introducción al Derecho GD [1] 63101102 | F12: Matemáticas GD[2] 63101104 | J12: Introducción a la Economía GT-C2 [2] 63101109 | L12: Matemáticas GD 63101104 | P12: Historia Económica GD 63101101 | T12: Introducción a la Administración de Empresas GT-C1 [1] 63101105 | V12: Introducción a la Administración de Empresas GT-C2 [2] 63101105 | X12: 0.375 | Y12: – | Z12: 0.39583333
A14: 0.39583333 | B14: – | C14: 0.41666667 | X14: 0.39583333 | Y14: – | Z14: 0.41666667
A16: 0.41666667 | B16: – | C16: 0.4375 | X16: 0.41666667 | Y16: – | Z16: 0.4375
A18: 0.4375 | B18: – | C18: 0.45833333 | X18: 0.4375 | Y18: – | Z18: 0.45833333
A20: 0.45833333 | B20: – | C20: 0.47916667 | D20: Introducción al Derecho GT-C1 [1] 63101102 | F20: Introducción al Derecho GT-C2 [2] 63101102 | H20: Introducción al Derecho GD 63101102 | L20: Introducción a la Administración de Empresas GD 63101105 | P20: Introducción a la Administración de Empresas GD [1] 63101105 | T20: Matemáticas GT-C1 [1] 63101104 | V20: Matemáticas GT-C2 [2] 63101104 | X20: 0.45833333 | Y20: – | Z20: 0.47916667
A22: 0.47916667 | B22: – | C22: 0.5 | X22: 0.47916667 | Y22: – | Z22: 0.5
A24: 0.5 | B24: – | C24: 0.52083333 | X24: 0.5 | Y24: – | Z24: 0.52083333
A26: 0.52083333 | B26: – | C26: 0.54166667 | X26: 0.52083333 | Y26: – | Z26: 0.54166667
A28: 0.54166667 | B28: – | C28: 0.5625 | D28: Introducción a la Economía GT-C1 [1] 63101109 | F28: Historia Económica GT-C2 [2] 63101101 | H28: Historia Económica GD [1] 63101101 | J28: Historia Económica GT-C1 [2] 63101101 | L28: Introducción a la Economía GD 63101109 | P28: Introducción a la Economía GD [1] 63101109 | X28: 0.54166667 | Y28: – | Z28: 0.5625
A30: 0.5625 | B30: – | C30: 0.58333333 | X30: 0.5625 | Y30: – | Z30: 0.58333333
A32: 0.58333333 | B32: – | C32: 0.60416667 | X32: 0.58333333 | Y32: – | Z32: 0.60416667
A34: 0.60416667 | B34: – | C34: 0.625 | X34: 0.60416667 | Y34: – | Z34: 0.625
D38: [1] Semana Impar
D39: [2] Semana Par
D42: DURANTE LA PRIMERA SEMANA DE CLASE DEL CUATRIMESTRE SOLO SE IMPARTIRÁN LOS GRUPOS DOCENTES

Sheet 1ºC ING C2
A1: Titulación: | D1: Grados ADE, FINANZAS Y CONTABILIDAD, MARKETING Y ECONOMIA | U1: Inicio
A2: Curso: | D2: 1º
A3: Grupo: | D3: C - ING | F3: Aula: | G3: 2 | H3: Aulario: | I3: EMPR | U3: GRUPO -Bili adaptado a DG
A4: Cuatrimestre: | D4: 2º
D7: Lunes | H7: Martes | L7: Miércoles | P7: Jueves | T7: Viernes
A8: 0.33333333 | B8: – | C8: 0.35416667 | X8: 0.33333333 | Y8: – | Z8: 0.35416667
A10: 0.35416667 | B10: – | C10: 0.375 | X10: 0.35416667 | Y10: – | Z10: 0.375
A12: 0.375 | B12: – | C12: 0.39583333 | D12: Estadística GD [1] 63101103 | F12: Introducción al Marketing GD [2] 63101108 | H12: Microeconomía GD [1] 63101110 | J12: Introducción a las Finanzas GD [2] 63101106 | L12: Microeconomía GD 63101110 | P12: Introducción al Marketing GD 63101108 | T12: Introducción a la Contabilidad GD [1] 63101107 | V12: Introducción a la Contabilidad GT-C1 [2] 63101107 | X12: 0.375 | Y12: – | Z12: 0.39583333
A14: 0.39583333 | B14: – | C14: 0.41666667 | X14: 0.39583333 | Y14: – | Z14: 0.41666667
A16: 0.41666667 | B16: – | C16: 0.4375 | X16: 0.41666667 | Y16: – | Z16: 0.4375
A18: 0.4375 | B18: – | C18: 0.45833333 | X18: 0.4375 | Y18: – | Z18: 0.45833333
A20: 0.45833333 | B20: – | C20: 0.47916667 | D20: Introducción a las Finanzas GT-C2 [1] 63101106 | F20: Estadística GT-C2 [2] 63101103 | H20: Introducción a las Finanzas GT-C1 [1] 63101106 | J20: Microeconomía GT-C1 [2] 63101110 | L20: Introducción a las Finanzas GD 63101106 | P20: Introducción a la Contabilidad GD 63101107 | V20: Introducción a la Contabilidad GT-C2 [2] 63101107 | X20: 0.45833333 | Y20: – | Z20: 0.47916667
A22: 0.47916667 | B22: – | C22: 0.5 | X22: 0.47916667 | Y22: – | Z22: 0.5
A24: 0.5 | B24: – | C24: 0.52083333 | X24: 0.5 | Y24: – | Z24: 0.52083333
A26: 0.52083333 | B26: – | C26: 0.54166667 | X26: 0.52083333 | Y26: – | Z26: 0.54166667
A28: 0.54166667 | B28: – | C28: 0.5625 | D28: Introducción al Marketing GT-C2 [1] 63101108 | F28: Microeconomía GTC2 [2] 63101110 | H28: Introducción al Marketing GT-C1 [1] 63101108 | J28: Estadística GT-C1 [2] 63101103 | L28: Estadística GD 63101103 | P28: Estadística GD 63101103 | X28: 0.54166667 | Y28: – | Z28: 0.5625
A30: 0.5625 | B30: – | C30: 0.58333333 | X30: 0.5625 | Y30: – | Z30: 0.58333333
A32: 0.58333333 | B32: – | C32: 0.60416667 | X32: 0.58333333 | Y32: – | Z32: 0.60416667
A34: 0.60416667 | B34: – | C34: 0.625 | X34: 0.60416667 | Y34: – | Z34: 0.625
D38: [1] Semana Impar
D39: [2] Semana Par
D42: DURANTE LA PRIMERA SEMANA DE CLASE DEL CUATRIMESTRE SOLO SE IMPARTIRÁN LOS GRUPOS DOCENTES

Sheet 1ºD C1
A1: Titulación: | D1: Grados ADE, FINANZAS Y CONTABILIDAD, MARKETING Y ECONOMIA | M1: Inicio
A2: Curso: | D2: 1º
A3: Grupo: | D3: D | F3: Aula: | G3: 9 | H3: Aulario: | I3: 2
A4: Cuatrimestre: | D4: 1º
D7: Lunes | H7: Martes | L7: Miércoles | P7: Jueves | T7: Viernes
A12: 0.625 | B12: – | C12: 0.64583333 | D12: Introducción a la Economía GD 63101109 | H12: Matemáticas GD 63101104 | L12: Historia Económica GD 63101101 | P12: Introducción a la Administración de Empresas GT-D2 [1] 63101105 | Q12: Matemáticas GT-D1 [1] 63101104 | R12: Introducción a la Economía GT-D2 [2] 63101109 | S12: Historia Económica GT-D1 [2] 63101101 | T12: Introducción a la Economía GD [1] 63101109 | V12: Introducción a la Administración de Empresas GD [2] 63101105 | X12: 0.625 | Y12: – | Z12: 0.64583333
A14: 0.64583333 | B14: – | C14: 0.66666667 | X14: 0.64583333 | Y14: – | Z14: 0.66666667
A16: 0.66666667 | B16: – | C16: 0.6875 | X16: 0.66666667 | Y16: – | Z16: 0.6875
A18: 0.6875 | B18: – | C18: 0.70833333 | X18: 0.6875 | Y18: – | Z18: 0.70833333
A20: 0.70833333 | B20: – | C20: 0.72916667 | D20: Introducción a la Administración de Empresas GD 63101105 | H20: Introducción al Derecho GD 63101102 | L20: Introducción al Derecho GT-D1 [1] 63101102 | M20: Matemáticas GT-D2 [1] 63101104 | N20: Introducción al Derecho GD [2] 63101102 | P20: Introducción al Derecho GT-D2 [1] 63101102 | Q20: Introducción a la Administración de Empresas GT-D1 [1] 63101105 | R20: Historia Económica GT-D2 [2] 63101101 | S20: Introducción a la Economía GT-D1 [2] 63101109 | T20: Historia Económica GD [1] 63101101 | V20: Matemáticas GD [2] 63101104 | X20: 0.70833333 | Y20: – | Z20: 0.72916667
A22: 0.72916667 | B22: – | C22: 0.75 | X22: 0.72916667 | Y22: – | Z22: 0.75
A24: 0.75 | B24: – | C24: 0.77083333 | X24: 0.75 | Y24: – | Z24: 0.77083333
A26: 0.77083333 | B26: – | C26: 0.79166667 | X26: 0.77083333 | Y26: – | Z26: 0.79166667
A28: 0.79166667 | B28: – | C28: 0.8125 | X28: 0.79166667 | Y28: – | Z28: 0.8125
A30: 0.8125 | B30: – | C30: 0.83333333 | X30: 0.8125 | Y30: – | Z30: 0.83333333
D38: [1] Semana Impar
D39: [2] Semana Par
D42: DURANTE LA PRIMERA SEMANA DE CLASE DEL CUATRIMESTRE SOLO SE IMPARTIRÁN LOS GRUPOS DOCENTES

Sheet  1ºD C2
A1: Titulación: | D1: Grados ADE, FINANZAS Y CONTABILIDAD, MARKETING Y ECONOMIA | M1: Inicio
A2: Curso: | D2: 1º
A3: Grupo: | D3: D | F3: Aula: | G3: 9 | H3: Aulario: | I3: 2
A4: Cuatrimestre: | D4: 2º
D7: Lunes | H7: Martes | L7: Miércoles | P7: Jueves | T7: Viernes
A12: 0.625 | B12: – | C12: 0.64583333 | D12: Introducción al Marketing GD 63101108 | H12: Introducción a las Finanzas GD 63101106 | L12: Estadística GD 63101103 | P12: Introducción a las Finanzas GT-D2 [1] 63101106 | Q12: Introducción al Marketing GT-D1 [1] 63101108 | R12: Introducción a la Contabilidad GT-D2 [2] 63101107 | S12: Microeconomía GT-D1 [2] 63101110 | T12: Microeconomía GD [1] 63101110 | V12: Estadística GD [2] 63101103 | X12: 0.625 | Y12: – | Z12: 0.64583333
A14: 0.64583333 | B14: – | C14: 0.66666667 | X14: 0.64583333 | Y14: – | Z14: 0.66666667
A16: 0.66666667 | B16: – | C16: 0.6875 | X16: 0.66666667 | Y16: – | Z16: 0.6875
A18: 0.6875 | B18: – | C18: 0.70833333 | X18: 0.6875 | Y18: – | Z18: 0.70833333
A20: 0.70833333 | B20: – | C20: 0.72916667 | D20: Introducción a la Contabilidad GD 63101107 | H20: Microeconomía GD 63101110 | L20: Introducción al Marketing GT-D2 [1] 63101108 | M20: Estadística GT-D1 [1] 63101103 | N20: Introducción al Marketing GD [2] 63101108 | P20: Estadística GT-D2 [1] 63101103 | Q20: Introducción a las Finanzas GT-D1 [1] 63101106 | R20: Microeconomía GT-D2 [2] 63101110 | S20: Introducción a la Contabilidad GT-D1 [2] 63101107 | T20: Introducción a las Finanzas GD [1] 63101106 | V20: Introducción a la Contabilidad GD [2] 63101107 | X20: 0.70833333 | Y20: – | Z20: 0.72916667
A22: 0.72916667 | B22: - | C22: 0.75 | X22: 0.72916667 | Y22: - | Z22: 0.75
A24: 0.75 | B24: – | C24: 0.77083333 | X24: 0.75 | Y24: – | Z24: 0.77083333
A26: 0.77083333 | B26: – | C26: 0.79166667 | X26: 0.77083333 | Y26: – | Z26: 0.79166667
A28: 0.79166667 | B28: – | C28: 0.8125 | X28: 0.79166667 | Y28: – | Z28: 0.8125
A30: 0.8125 | B30: – | C30: 0.83333333 | X30: 0.8125 | Y30: – | Z30: 0.83333333
D38: [1] Semana Impar
D39: [2] Semana Par
D42: DURANTE LA PRIMERA SEMANA DE CLASE DEL CUATRIMESTRE SOLO SE IMPARTIRÁN LOS GRUPOS DOCENTES

Sheet 1ºE C1
A1: Titulación: | D1: Grados ADE, FINANZAS Y CONTABILIDAD, MARKETING Y ECONOMIA | M1: Inicio
A2: Curso: | D2: 1º
A3: Grupo: | D3: E | F3: Aula: | G3: 10 | H3: Aulario: | I3: 2
A4: Cuatrimestre: | D4: 1º
D7: Lunes | H7: Martes | L7: Miércoles | P7: Jueves | T7: Viernes
A12: 0.625 | B12: – | C12: 0.64583333 | D12: Matemáticas GD 63101104 | H12: Historia Económica GD 63101101 | L12: Introducción a la Economía GT-E1 [1] 63101109 | M12: Historia Económica GT-E2 [1] 63101101 | N12: Introducción a la Economía GD [2] 63101109 | P12: Matemáticas GD [1] 63101104 | R12: Historia Económica GD [2] 63101101 | T12: Introducción a la Economía GD 63101109 | X12: 0.625 | Y12: – | Z12: 0.64583333
A14: 0.64583333 | B14: – | C14: 0.66666667 | X14: 0.64583333 | Y14: – | Z14: 0.66666667
A16: 0.66666667 | B16: – | C16: 0.6875 | X16: 0.66666667 | Y16: – | Z16: 0.6875
A18: 0.6875 | B18: – | C18: 0.70833333 | X18: 0.6875 | Y18: – | Z18: 0.70833333
A20: 0.70833333 | B20: – | C20: 0.72916667 | D20: Introducción al Derecho GD 63101102 | H20: Introducción a la Administración de Empresas GD 63101105 | L20: Historia Económica GT-E1 [1] 63101101 | M20: Introducción a la Economía GT-E2 [1] 63101109 | N20: Introducción al Derecho GT-E2 [2] 63101102 | O20: Matemáticas GT-E2 [2] 63101104 | P20: Introducción a la Administración de Empresas GT-E2 [1] 63101105 | R20: Matemáticas GT-E1 [2] 63101104 | T20: Introducción al Derecho GD [1] 63101102 | V20: Introducción a la Administración de Empresas GD [2] 63101105 | X20: 0.70833333 | Y20: – | Z20: 0.72916667
A22: 0.72916667 | B22: – | C22: 0.75 | X22: 0.72916667 | Y22: – | Z22: 0.75
A24: 0.75 | B24: – | C24: 0.77083333 | X24: 0.75 | Y24: – | Z24: 0.77083333
A26: 0.77083333 | B26: – | C26: 0.79166667 | X26: 0.77083333 | Y26: – | Z26: 0.79166667
A28: 0.79166667 | B28: – | C28: 0.8125 | P28: Introducción a la Administración de Empresas GT-E1 [1] 63101105 | R28: Introducción al Derecho GT-E1 [2] 63101102 | X28: 0.79166667 | Y28: – | Z28: 0.8125
A30: 0.8125 | B30: – | C30: 0.83333333 | X30: 0.8125 | Y30: – | Z30: 0.83333333
A32: 0.83333333 | B32: – | C32: 0.85416667 | X32: 0.83333333 | Y32: – | Z32: 0.85416667
A34: 0.85416667 | B34: – | C34: 0.875 | X34: 0.85416667 | Y34: – | Z34: 0.875
D38: [1] Semana Impar
D39: [2] Semana Par
D42: DURANTE LA PRIMERA SEMANA DE CLASE DEL CUATRIMESTRE SOLO SE IMPARTIRÁN LOS GRUPOS DOCENTES

Sheet  1ºE C2
A1: Titulación: | D1: Grados ADE, FINANZAS Y CONTABILIDAD, MARKETING Y ECONOMIA | P1: 6310 | U1: Inicio
A2: Curso: | D2: 1º
A3: Grupo: | D3: E | F3: Aula: | G3: 10 | H3: Aulario: | I3: 2
A4: Cuatrimestre: | D4: 2º
E7: Lunes | I7: Martes | L7: Miércoles | P7: Jueves | T7: Viernes
A12: 0.625 | B12: – | C12: 0.64583333 | D12: Microeconomía GD 63101110 | H12: Introducción a la Contabilidad GD 63101107 | L12: Introducción al Marketing GD 63101108 | P12: Microeconomía GD [1] 63101110 | R12: Introducción a la Contabilidad GT-E1 [2] 63101107 | S12: Introducción al Marketing GT-E2 [2] 63101108 | T12: Introducción al Marketing GD [1] 63101108 | V12: Introducción a la Contabilidad GD [2] 63101107 | X12: 0.625 | Y12: – | Z12: 0.64583333
A14: 0.64583333 | B14: – | C14: 0.66666667 | X14: 0.64583333 | Y14: – | Z14: 0.66666667
A16: 0.66666667 | B16: – | C16: 0.6875 | X16: 0.66666667 | Y16: – | Z16: 0.6875
A18: 0.6875 | B18: – | C18: 0.70833333 | X18: 0.6875 | Y18: – | Z18: 0.70833333
A20: 0.70833333 | B20: – | C20: 0.72916667 | D20: Introducción a las Finanzas GD 63101106 | H20: Estadística GD 63101103 | L20: Estadística GT-E1 [1] 63101103 | M20: Introducción a las Finanzas GT-E2 [1] 63101106 | N20: Microeconomía GT-E2 [2] 63101110 | P20: Estadística GT-E2 [1] 63101103 | Q20: Introducción a las Finanzas GT-E1 [1] 63101106 | R20: Introducción al Marketing GT-E1 [2] 63101108 | S20: Introducción a la Contabilidad GT-E2 [2] 63101107 | T20: Introducción a las Finanzas GD [1] 63101106 | V20: Estadística GD [2] 63101103 | X20: 0.70833333 | Y20: – | Z20: 0.72916667
A22: 0.72916667 | B22: – | C22: 0.75 | X22: 0.72916667 | Y22: – | Z22: 0.75
A24: 0.75 | B24: – | C24: 0.77083333 | X24: 0.75 | Y24: – | Z24: 0.77083333
A26: 0.77083333 | B26: – | C26: 0.79166667 | X26: 0.77083333 | Y26: – | Z26: 0.79166667
A28: 0.79166667 | B28: – | C28: 0.8125 | N28: Microeconomía GT-E1 [2] 63101110 | X28: 0.79166667 | Y28: – | Z28: 0.8125
A30: 0.8125 | B30: – | C30: 0.83333333 | X30: 0.8125 | Y30: – | Z30: 0.83333333
A32: 0.83333333 | B32: – | C32: 0.85416667 | X32: 0.83333333 | Y32: – | Z32: 0.85416667
A34: 0.85416667 | B34: – | C34: 0.875 | X34: 0.85416667 | Y34: – | Z34: 0.875
D38: [1] Semana Impar
D39: [2] Semana Par
D42: DURANTE LA PRIMERA SEMANA DE CLASE DEL CUATRIMESTRE SOLO SE IMPARTIRÁN LOS GRUPOS DOCENTES

Sheet  1ºF C1
A1: Titulación: | D1: Grados ADE, FINANZAS Y CONTABILIDAD, MARKETING Y ECONOMIA | M1: Inicio
A2: Curso: | D2: 1º
A3: Grupo: | D3: F | F3: Aula: | G3: 13 | H3: Aulario: | I3: 2
A4: Cuatrimestre: | D4: 1º
D7: Lunes | H7: Martes | L7: Miércoles | P7: Jueves | T7: Viernes
A12: 0.625 | B12: – | C12: 0.64583333 | D12: Introducción al Derecho GD 63101102 | H12: Introducción a la Administración de Empresas GD 63101105 | L12: Historia Económica GD 63101101 | P12: Introducción a la Economía GT-F2 [1] 63101109 | Q12: Historia Económica GT-F1 [1] 63101101 | R12: Introducción a la Administración de Empresas GT-F1 [2] 63101105 | S12: Matemáticas GT-F2 [2] 63101104 | T12: Introducción al Derecho GD [1] 63101102 | V12: Introducción a la Economía GD [2] 63101109 | X12: 0.625 | Y12: – | Z12: 0.64583333
A14: 0.64583333 | B14: – | C14: 0.66666667 | X14: 0.64583333 | Y14: – | Z14: 0.66666667
A16: 0.66666667 | B16: – | C16: 0.6875 | X16: 0.66666667 | Y16: – | Z16: 0.6875
A18: 0.6875 | B18: – | C18: 0.70833333 | X18: 0.6875 | Y18: – | Z18: 0.70833333
A20: 0.70833333 | B20: – | C20: 0.72916667 | D20: Introducción a la Economía GD 63101109 | H20: Matemáticas GD 63101104 | L20: Introducción a la Administración de Empresas GD [1] 63101105 | N20: Introducción al Derecho GT-F2 [2] 63101102 | O20: Matemáticas GT-F1 [2] 63101104 | P20: Historia Económica GT-F2 [1] 63101101 | Q20: Introducción a la Economía GT-F1 [1] 63101109 | R20: Introducción al Derecho GT-F1 [2] 63101102 | S20: Introducción a la Administración de Empresas GT-F2 [2] 63101105 | T20: Matemáticas GD [1] 63101104 | V20: Historia Económica GD [2] 63101101 | X20: 0.70833333 | Y20: – | Z20: 0.72916667
A22: 0.72916667 | B22: – | C22: 0.75 | X22: 0.72916667 | Y22: – | Z22: 0.75
A24: 0.75 | B24: – | C24: 0.77083333 | X24: 0.75 | Y24: – | Z24: 0.77083333
A26: 0.77083333 | B26: – | C26: 0.79166667 | X26: 0.77083333 | Y26: – | Z26: 0.79166667
A28: 0.79166667 | B28: – | C28: 0.8125 | X28: 0.79166667 | Y28: – | Z28: 0.8125
A30: 0.8125 | B30: – | C30: 0.83333333 | X30: 0.8125 | Y30: – | Z30: 0.83333333
D38: [1] Semana Impar
D39: [2] Semana Par
D42: DURANTE LA PRIMERA SEMANA DE CLASE DEL CUATRIMESTRE SOLO SE IMPARTIRÁN LOS GRUPOS DOCENTES

Sheet  1ºF C2
A1: Titulación: | D1: Grados ADE, FINANZAS Y CONTABILIDAD, MARKETING Y ECONOMIA | M1: Inicio
A2: Curso: | D2: 1º
A3: Grupo: | D3: F | F3: Aula: | G3: 13 | H3: Aulario: | I3: 2
A4: Cuatrimestre: | D4: 2º
D7: Lunes | H7: Martes | L7: Miércoles | P7: Jueves | T7: Viernes
A12: 0.625 | B12: – | C12: 0.64583333 | D12: Introducción a las Finanzas GD 63101106 | H12: Introducción a la Contabilidad GD 63101107 | L12: Introducción al Marketing GD [1] 63101108 | N12: Introducción a la Contabilidad GD [2] 63101107 | P12: Microeconomía GT-F2 [1] 63101110 | Q12: Introducción a la Contabilidad GT-F1 [1] 63101107 | R12: Estadística GT-F1 [2] 63101103 | S12: Introducción al Marketing GT-F2 [2] 63101108 | T12: Introducción a las Finanzas GT-F1 [1] 63101106 | V12: Introducción a las Finanzas GT-F2 [2] 63101106 | X12: 0.625 | Y12: – | Z12: 0.64583333
A14: 0.64583333 | B14: – | C14: 0.66666667 | X14: 0.64583333 | Y14: – | Z14: 0.66666667
A16: 0.66666667 | B16: – | C16: 0.6875 | X16: 0.66666667 | Y16: – | Z16: 0.6875
A18: 0.6875 | B18: – | C18: 0.70833333 | X18: 0.6875 | Y18: – | Z18: 0.70833333
A20: 0.70833333 | B20: – | C20: 0.72916667 | D20: Introducción al Marketing GD 63101108 | H20: Estadística GD 63101103 | L20: Microeconomía GD 63101110 | P20: Introducción a la Contabilidad GT-F2 [1] 63101107 | Q20: Microeconomía GT-F1 [1] 63101110 | R20: Introducción al Marketing GT-F1 [2] 63101108 | S20: Estadística GT-F2 [2] 63101103 | T20: Microeconomía GD [1] 63101110 | V20: Estadística GD [2] 63101103 | X20: 0.70833333 | Y20: – | Z20: 0.72916667
A22: 0.72916667 | B22: – | C22: 0.75 | X22: 0.72916667 | Y22: – | Z22: 0.75
A24: 0.75 | B24: – | C24: 0.77083333 | X24: 0.75 | Y24: – | Z24: 0.77083333
A26: 0.77083333 | B26: – | C26: 0.79166667 | X26: 0.77083333 | Y26: – | Z26: 0.79166667
A28: 0.79166667 | B28: – | C28: 0.8125 | P28: Introducción a las Finanzas GD 63101106 | X28: 0.79166667 | Y28: – | Z28: 0.8125
A30: 0.8125 | B30: – | C30: 0.83333333 | X30: 0.8125 | Y30: – | Z30: 0.83333333
D38: [1] Semana Impar
D39: [2] Semana Par
D42: DURANTE LA PRIMERA SEMANA DE CLASE DEL CUATRIMESTRE SOLO SE IMPARTIRÁN LOS GRUPOS DOCENTES

Sheet  1ºG C1
A1: Titulación: | D1: Grados ADE, FINANZAS Y CONTABILIDAD, MARKETING Y ECONOMIA + Doble Grado en Economía y Matemáticas | T1: Inicio
A2: Curso: | D2: 1º
A3: Grupo: | D3: G con el Doble Grado en Economía y Matemáticas | L3: Aula: | M3: 11 | N3: Aulario: | O3: 2
A4: Cuatrimestre: | D4: 1º
H7: DG ECOyMAT reservado matemáticas | N7: DG ECOyMAT reservado matemáticas | T7: DG ECOyMAT reservado matemáticas | Z7: DG ECOyMAT reservado matemáticas | AF7: DG ECOyMAT reservado matemáticas
D8: Lunes | J8: Martes | P8: Miércoles | V8: Jueves | AB8: Viernes
A9: 0.33333333 | B9: – | C9: 0.35416667 | AH9: 0.33333333 | AI9: – | AJ9: 0.35416667
A11: 0.35416667 | B11: – | C11: 0.375 | AH11: 0.35416667 | AI11: – | AJ11: 0.375
A13: 0.375 | B13: – | C13: 0.39583333 | D13: Introducción a la Administración de Empresas GT-G2 [1] 63101105 | F13: Introducción al Derecho GT-G2 [2] 63101102 | H13: todas las semanas | J13: Introducción a la Administración de Empresas GT-G1 [1] 63101105 | L13: Introducción al Derecho GT-G1 [2] 63101102 | N13: semanas pares | P13: Introducción a la Administración de Empresas GD 63101105 | Z13: todas las semanas | AF13: todas las semanas | AH13: 0.375 | AI13: – | AJ13: 0.39583333
A15: 0.39583333 | B15: – | C15: 0.41666667 | AH15: 0.39583333 | AI15: – | AJ15: 0.41666667
A17: 0.41666667 | B17: – | C17: 0.4375 | H17: todas las semanas | N17: semanas pares | Z17: todas las semanas | AF17: todas las semanas | AH17: 0.41666667 | AI17: – | AJ17: 0.4375
A19: 0.4375 | B19: – | C19: 0.45833333 | AH19: 0.4375 | AI19: – | AJ19: 0.45833333
A21: 0.45833333 | B21: – | C21: 0.47916667 | D21: Introducción a la Economía GT-G2 [1] 63101109 | F21: Matemáticas GT-G2 [2] 63101104 | H21: todas las semanas | J21: Historia Económica GT-G1 [1] 63101101 | L21: Matemáticas GT-G1 [2] 63101104 | N21: semanas pares | P21: Matemáticas GD 63101104 | T21: todas las semanas | V21: Introducción a la Economía GD 63101109 | AB21: Introducción al Derecho GD [1] 63101102 | AD21: Matemáticas GD [2] 63101104 | AF21: todas las semanas | AH21: 0.45833333 | AI21: – | AJ21: 0.47916667
A23: 0.47916667 | B23: – | C23: 0.5 | AH23: 0.47916667 | AI23: – | AJ23: 0.5
A25: 0.5 | B25: – | C25: 0.52083333 | H25: todas las semanas | N25: semanas pares | T25: todas las semanas | AF25: todas las semanas | AH25: 0.5 | AI25: – | AJ25: 0.52083333
A27: 0.52083333 | B27: – | C27: 0.54166667 | AH27: 0.52083333 | AI27: – | AJ27: 0.54166667
A29: 0.54166667 | B29: – | C29: 0.5625 | D29: Historia Económica GT-G2 [1] 63101101 | H29: todas las semanas | J29: Introducción a la Economía GT-G1 [1] 63101109 | L29: Introducción a la Administración de Empresas GD [2] 63101105 | P29: Introducción al Derecho GD 63101102 | T29: todas las semanas | V29: Historia Económica GD 63101101 | AB29: Introducción a la Economía GD [1] 63101109 | AD29: Historia Económica GD [2] 63101101 | AH29: 0.54166667 | AI29: – | AJ29: 0.5625
A31: 0.5625 | B31: – | C31: 0.58333333 | AH31: 0.5625 | AI31: – | AJ31: 0.58333333
A33: 0.58333333 | B33: – | C33: 0.60416667 | H33: todas las semanas | T33: todas las semanas | AH33: 0.58333333 | AI33: – | AJ33: 0.60416667
A35: 0.60416667 | B35: – | C35: 0.625 | AH35: 0.60416667 | AI35: – | AJ35: 0.625
D38: [1] Semana Impar
D39: [2] Semana Par
D41: DURANTE LA PRIMERA SEMANA DE CLASE DEL CUATRIMESTRE SOLO SE IMPARTIRÁN LOS GRUPOS DOCENTES
C43: Este horario está coordinado con el Grado en Matemáticas y NO PUEDE MODIFICARSE
C45: Asignaturas de la Facultad de Empresariales para los alumnos del Doble Grado en ECOyMAT: Historia Económica, Introducción a la Administración de Empresas, Introducción a la Economía
C47: Los alumnos del Doble Grado en ECOyMAT siempre van al GTG1 y dicho GT se completa con alumnos de los grados sencillos

Sheet  1ºG C2
A1: Titulación: | D1: Grados ADE, FINANZAS Y CONTABILIDAD, MARKETING Y ECONOMIA + Doble Grado en Economía y Matemáticas | T1: Inicio
A2: Curso: | D2: 1º
A3: Grupo: | D3: G con el Doble Grado en Economía y Matemáticas | L3: Aula: | M3: 11 | N3: Aulario: | O3: 2
A4: Cuatrimestre: | D4: 2º
H7: DG ECOyMAT reservado matemáticas | N7: DG ECOyMAT reservado matemáticas | T7: DG ECOyMAT reservado matemáticas | AD7: DG ECOyMAT reservado matemáticas
D8: Lunes | J8: Martes | P8: Miércoles | V8: Jueves | Z8: Viernes
A9: 0.33333333 | B9: – | C9: 0.35416667 | AF9: 0.33333333 | AG9: – | AH9: 0.35416667
A11: 0.35416667 | B11: – | C11: 0.375 | AF11: 0.35416667 | AG11: – | AH11: 0.375
A13: 0.375 | B13: – | C13: 0.39583333 | D13: Introducción a las Finanzas GT-G2 [1] 63101106 | F13: Microeconomía GT-G1 [2] 63101110 | H13: Semanas impares | J13: Introducción a la Contabilidad GT-G1 [1] 63101107 | L13: Microeconomía GT-G2 [2] 63101110 | N13: Semanas pares | P13: Introducción al Marketing GD 63101108 | T13: todas las semanas | V13: Microeconomía GD 63101110 | Z13: Microeconomía GD [1] 63101110 | AB13: Introducción a la Contabilidad GD [2] 63101107 | AF13: 0.375 | AG13: – | AH13: 0.39583333
A15: 0.39583333 | B15: – | C15: 0.41666667 | AF15: 0.39583333 | AG15: – | AH15: 0.41666667
A17: 0.41666667 | B17: – | C17: 0.4375 | H17: Semanas impares | N17: Semanas pares | T17: todas las semanas | AF17: 0.41666667 | AG17: – | AH17: 0.4375
A19: 0.4375 | B19: – | C19: 0.45833333 | AF19: 0.4375 | AG19: – | AH19: 0.45833333
A21: 0.45833333 | B21: – | C21: 0.47916667 | D21: Estadística GT-G2 [1] 63101103 | F21: Introducción al Marketing GT-G2 [2] 63101108 | H21: todas las semanas | J21: Estadística GT-G1 [1] 63101103 | L21: Introducción a las Finanzas GT-G1 [2] 63101106 | P21: Estadística GD 63101103 | V21: Introducción a la Contabilidad GD 63101107 | Z21: Introducción al Marketing GD [1] 63101108 | AD21: todas las semanas | AF21: 0.45833333 | AG21: – | AH21: 0.47916667
A23: 0.47916667 | B23: – | C23: 0.5 | AF23: 0.47916667 | AG23: – | AH23: 0.5
A25: 0.5 | B25: – | C25: 0.52083333 | H25: todas las semanas | AD25: todas las semanas | AF25: 0.5 | AG25: – | AH25: 0.52083333
A27: 0.52083333 | B27: – | C27: 0.54166667 | AF27: 0.52083333 | AG27: – | AH27: 0.54166667
A29: 0.54166667 | B29: – | C29: 0.5625 | D29: Introducción a la Contabilidad GT-G2 [1] 63101107 | H29: todas las semanas | L29: Introducción al Marketing GT-G1 [2] 63101108 | N29: todas las semanas | P29: Introducción a las Finanzas GD 63101106 | V29: Introducción a las Finanzas GD [1] 63101106 | X29: Estadística GD [2] 63101103 | AD29: todas las semanas | AF29: 0.54166667 | AG29: – | AH29: 0.5625
A31: 0.5625 | B31: – | C31: 0.58333333 | AF31: 0.5625 | AG31: – | AH31: 0.58333333
A33: 0.58333333 | B33: – | C33: 0.60416667 | H33: todas las semanas | N33: todas las semanas | AD33: todas las semanas | AF33: 0.58333333 | AG33: – | AH33: 0.60416667
A35: 0.60416667 | B35: – | C35: 0.625 | AF35: 0.60416667 | AG35: – | AH35: 0.625
D38: [1] Semana Impar
D39: [2] Semana Par
D41: DURANTE LA PRIMERA SEMANA DE CLASE DEL CUATRIMESTRE SOLO SE IMPARTIRÁN LOS GRUPOS DOCENTES
C43: Este horario está coordinado con el Grado en Matemáticas y NO PUEDE MODIFICARSE
C45: Asignaturas de la Facultad de Empresariales para los alumnos del Doble Grado en ECOyMAT: Estadística, Introducción a la Contabilidad, Introducción a las Finanzas y Microeconomía
C47: Los alumnos del Doble Grado en ECOyMAT siempre van al GTG1 y dicho GT se completa con alumnos de los grados sencillos

Sheet 1ºH C1
A1: Titulación: | D1: Grados ADE, FINANZAS Y CONTABILIDAD, MARKETING Y ECONOMIA | M1: Inicio
A2: Curso: | D2: 1º
A3: Grupo: | D3: H | F3: Aula: | G3: 5 | H3: Aulario: | I3: 1
A4: Cuatrimestre: | D4: 1º
D7: Lunes | H7: Martes | L7: Miércoles | Q7: Jueves | T7: Viernes
A12: 0.625 | B12: – | C12: 0.64583333 | D12: Introducción a la Economía GT H2 [1] 63101109 | E12: Introducción a la Administración de Empresas GT-H1 [1] 63101105 | F12: Introducción al Derecho GT-H1 [2] 63101102 | G12: Matemáticas GT-H2 [2] 63101104 | H12: Introducción a la Administración de Empresas GD 63101105 | T12: Historia Económica GD 63101101 | X12: 0.625 | Y12: – | Z12: 0.64583333
A14: 0.64583333 | B14: – | C14: 0.66666667 | X14: 0.64583333 | Y14: – | Z14: 0.66666667
A16: 0.66666667 | B16: – | C16: 0.6875 | L16: Matemáticas GD [1] 63101104 | N16: Introducción a la Administración de Empresas GD [2] 63101105 | R16: Introducción a la Economía GD [2] 63101109 | X16: 0.66666667 | Y16: – | Z16: 0.6875
A18: 0.6875 | B18: – | C18: 0.70833333 | X18: 0.6875 | Y18: – | Z18: 0.70833333
A20: 0.70833333 | B20: – | C20: 0.72916667 | D20: Introducción a la Administración de Empresas GT-H2 [1] 63101105 | E20: Introducción a la Economía GTH1 [1] 63101109 | F20: Matemáticas GT-H1 [2] 63101104 | G20: Introducción al Derecho GT-H2 [2] 63101102 | H20: Introducción a la Economía GD 63101109 | T20: Matemáticas GD 63101104 | X20: 0.70833333 | Y20: – | Z20: 0.72916667
A22: 0.72916667 | B22: – | C22: 0.75 | X22: 0.72916667 | Y22: – | Z22: 0.75
A24: 0.75 | B24: – | C24: 0.77083333 | L24: Historia Económica GTH1 [1] 63101101 | N24: Historia Económica GTH2 [2] 63101101 | R24: Historia Económica GD [2] 63101101 | X24: 0.75 | Y24: – | Z24: 0.77083333
A26: 0.77083333 | B26: – | C26: 0.79166667 | X26: 0.77083333 | Y26: – | Z26: 0.79166667
A28: 0.79166667 | B28: – | C28: 0.8125 | D28: Introducción al Derecho GD [1] 63101102 | H28: Introducción al Derecho GD 63101102 | X28: 0.79166667 | Y28: – | Z28: 0.8125
A30: 0.8125 | B30: – | C30: 0.83333333 | X30: 0.8125 | Y30: – | Z30: 0.83333333
D38: [1] Semana Impar
D39: [2] Semana Par
D42: DURANTE LA PRIMERA SEMANA DE CLASE DEL CUATRIMESTRE SOLO SE IMPARTIRÁN LOS GRUPOS DOCENTES

Sheet  1ºH C2
A1: Titulación: | D1: Grados ADE, FINANZAS Y CONTABILIDAD, MARKETING Y ECONOMIA | U1: Inicio
A2: Curso: | D2: 1º
A3: Grupo: | D3: H | F3: Aula: | G3: 5 | H3: Aulario: | I3: 1
A4: Cuatrimestre: | D4: 2º
D7: Lunes | H7: Martes | M7: Miércoles | Q7: Jueves | T7: Viernes
A12: 0.625 | B12: – | C12: 0.64583333 | D12: Introducción a la Contabilidad GT H1 [1] 63101107 | F12: Microeconomía GD [2] 63101110 | I12: Microeconomía GT-H2 [1] 63101110 | J12: Estadística GT-H2 [2] 63101103 | K12: Introducción al Marketing GT-H1 [2] 63101108 | L12: Introducción a la Contabilidad GD 63101107 | P12: Introducción al Marketing GD 63101108 | T12: Introducción al Marketing GD [1] 63101108 | V12: Introducción a la Contabilidad GD [2] 63101107 | X12: 0.625 | Y12: – | Z12: 0.64583333
A14: 0.64583333 | B14: – | C14: 0.66666667 | X14: 0.64583333 | Y14: – | Z14: 0.66666667
A16: 0.66666667 | B16: – | C16: 0.6875 | X16: 0.66666667 | Y16: – | Z16: 0.6875
A18: 0.6875 | B18: – | C18: 0.70833333 | X18: 0.6875 | Y18: – | Z18: 0.70833333
A20: 0.70833333 | B20: – | C20: 0.72916667 | D20: Introducción a las Finanzas GT-H1 [1] 63101106 | F20: Introducción a la Contabilidad GTH2 [2] 63101107 | H20: Microeconomía GT-H1 [1] 63101110 | I20: Introducción a las Finanzas GT-H2 [1] 63101106 | J20: Introducción al Marketing GT-H2 [2] 63101108 | K20: Estadística GT-H1 [2] 63101103 | L20: Estadística 63101103 | P20: Microeconomía GD 63101110 | T20: Estadística GD [1] 63101103 | V20: Introducción a las Finanzas GD [2] 63101106 | X20: 0.70833333 | Y20: – | Z20: 0.72916667
A22: 0.72916667 | B22: – | C22: 0.75 | X22: 0.72916667 | Y22: – | Z22: 0.75
A24: 0.75 | B24: – | C24: 0.77083333 | X24: 0.75 | Y24: – | Z24: 0.77083333
A26: 0.77083333 | B26: – | C26: 0.79166667 | X26: 0.77083333 | Y26: – | Z26: 0.79166667
A28: 0.79166667 | B28: – | C28: 0.8125 | H28: Introducción a las Finanzas GD 63101106 | L28: Introducción a las Finanzas GD 63101106 | X28: 0.79166667 | Y28: – | Z28: 0.8125
A30: 0.8125 | B30: – | C30: 0.83333333 | X30: 0.8125 | Y30: – | Z30: 0.83333333
D38: [1] Semana Impar
D39: [2] Semana Par
D42: DURANTE LA PRIMERA SEMANA DE CLASE DEL CUATRIMESTRE SOLO SE IMPARTIRÁN LOS GRUPOS DOCENTES

Sheet 2º GADE ING C1
A1: Titulación: | D1: Grados en ADE, FINANZAS Y CONTABILIDAD, MARKETING Y ECONOMIA | L1: Inicio
A2: Curso: | D2: 2º
A3: Grupo: | D3: ING | E3: Bilingüe | G3: Aula: | I3: Aulario:
A4: Cuatrimestre: | D4: 1º
D7: Lunes | H7: Martes | L7: Miércoles | P7: Jueves | T7: Viernes
A8: 0.33333333 | B8: – | C8: 0.35416667 | X8: 0.33333333 | Y8: – | Z8: 0.35416667
A10: 0.35416667 | B10: – | C10: 0.375 | X10: 0.35416667 | Y10: – | Z10: 0.375
A12: 0.375 | B12: – | C12: 0.39583333 | T12: Estadística Avanzada GD-ING [1] 63102202 | X12: 0.375 | Y12: – | Z12: 0.39583333
A14: 0.39583333 | B14: – | C14: 0.41666667 | X14: 0.39583333 | Y14: – | Z14: 0.41666667
A16: 0.41666667 | B16: – | C16: 0.4375 | X16: 0.41666667 | Y16: – | Z16: 0.4375
A18: 0.4375 | B18: – | C18: 0.45833333 | X18: 0.4375 | Y18: – | Z18: 0.45833333
A20: 0.45833333 | B20: – | C20: 0.47916667 | D20: Habilidades de dirección y gestión GD-ING 63102204 | N20: Habilidades de dirección y gestión GT-ING-2 [2] 63102204 | P20: Estadística Avanzada GD-ING 63102202 | X20: 0.45833333 | Y20: – | Z20: 0.47916667
A22: 0.47916667 | B22: – | C22: 0.5 | X22: 0.47916667 | Y22: – | Z22: 0.5
A24: 0.5 | B24: – | C24: 0.52083333 | X24: 0.5 | Y24: – | Z24: 0.52083333
A26: 0.52083333 | B26: – | C26: 0.54166667 | X26: 0.52083333 | Y26: – | Z26: 0.54166667
A28: 0.54166667 | B28: – | C28: 0.5625 | D28: Estadística Avanzada GT-ING-1 [1] 63102202 | F28: Estadística Avanzada GT-ING-2 [2] 63102202 | L28: Habilidades de dirección y gestión GT-ING-1 [1] 63102204 | N28: Habilidades de dirección y gestión GD-ING [2] 63102204 | X28: 0.54166667 | Y28: – | Z28: 0.5625
A30: 0.5625 | B30: – | C30: 0.58333333 | X30: 0.5625 | Y30: – | Z30: 0.58333333
A32: 0.58333333 | B32: – | C32: 0.60416667 | X32: 0.58333333 | Y32: – | Z32: 0.60416667
A34: 0.60416667 | B34: – | C34: 0.625 | X34: 0.60416667 | Y34: – | Z34: 0.625
D38: [1] Semana Impar
D39: [2] Semana Par
D42: DURANTE LA PRIMERA SEMANA DE CLASE DEL CUATRIMESTRE SOLO SE IMPARTIRÁN LOS GRUPOS DOCENTES

Sheet  2º GADE ING C2
A1: Titulación: | D1: Grados en Admnistración y Dirección de Empresas | L1: Inicio
A2: Curso: | D2: 2º
A3: Grupo: | D3: ING | E3: Bilingüe | G3: Aula: | I3: Aulario:
A4: Cuatrimestre: | D4: 2º
D7: Lunes | H7: Martes | L7: Miércoles | P7: Jueves | T7: Viernes
A8: 0.33333333 | B8: – | C8: 0.35416667 | X8: 0.33333333 | Y8: – | Z8: 0.35416667
A10: 0.35416667 | B10: – | C10: 0.375 | X10: 0.35416667 | Y10: – | Z10: 0.375
A12: 0.375 | B12: – | C12: 0.39583333 | L12: Métodos Cuantitativos GD ING 62102205 | X12: 0.375 | Y12: – | Z12: 0.39583333
A14: 0.39583333 | B14: – | C14: 0.41666667 | X14: 0.39583333 | Y14: – | Z14: 0.41666667
A16: 0.41666667 | B16: – | C16: 0.4375 | X16: 0.41666667 | Y16: – | Z16: 0.4375
A18: 0.4375 | B18: – | C18: 0.45833333 | X18: 0.4375 | Y18: – | Z18: 0.45833333
A20: 0.45833333 | B20: – | C20: 0.47916667 | H20: Métodos Cuantitativos GD ING [1] 62102205 | J20: Métodos Cuantitativos GT-1 ING [2] 62102205 | X20: 0.45833333 | Y20: – | Z20: 0.47916667
A22: 0.47916667 | B22: – | C22: 0.5 | X22: 0.47916667 | Y22: – | Z22: 0.5
A24: 0.5 | B24: – | C24: 0.52083333 | L24: Diseño de la Organización GD 62102208 | X24: 0.5 | Y24: – | Z24: 0.52083333
A26: 0.52083333 | B26: – | C26: 0.54166667 | X26: 0.52083333 | Y26: – | Z26: 0.54166667
A28: 0.54166667 | B28: – | C28: 0.5625 | D28: Diseño de la Organización GD 62102208 [1] | X28: 0.54166667 | Y28: – | Z28: 0.5625
A30: 0.5625 | B30: – | C30: 0.58333333 | X30: 0.5625 | Y30: – | Z30: 0.58333333
A32: 0.58333333 | B32: – | C32: 0.60416667 | L32: Diseño de la Organización GT-1 ING 62102208 | X32: 0.58333333 | Y32: – | Z32: 0.60416667
A34: 0.60416667 | B34: – | C34: 0.625 | X34: 0.60416667 | Y34: – | Z34: 0.625
D38: [1] Semana Impar
D39: [2] Semana Par
D42: DURANTE LA PRIMERA SEMANA DE CLASE DEL CUATRIMESTRE SOLO SE IMPARTIRÁN LOS GRUPOS DOCENTES

Sheet GADE 2ºB C1
A1: Titulación: | D1: Grado en Administración y Dirección de Empresas (Plan 2010) | L1: Inicio
A2: Curso: | D2: 2º
A3: Grupo: | D3: B | F3: Aula: | G3: 16 | H3: Aulario: | I3: 1
A4: Cuatrimestre: | D4: 1º
D7: Lunes | H7: Martes | L7: Miércoles | P7: Jueves | T7: Viernes
A8: 0.33333333 | B8: – | C8: 0.35416667 | X8: 0.33333333 | Y8: – | Z8: 0.35416667
A10: 0.35416667 | B10: – | C10: 0.375 | X10: 0.35416667 | Y10: – | Z10: 0.375
A12: 0.375 | B12: – | C12: 0.39583333 | D12: Macroeconomía GD 63102201 | H12: Derecho Mercantil y de la Competencia GD 63102203 | L12: Contabilidad Intermedia I. GT-B3 [1] 62102215 | N12: Contabilidad Intermedia I. GD [2] 62102215 | P12: Macroeconomía GT-B1 [1] 63102201 | R12: Derecho Mercantil y de la Competencia GT-B1 [2] 63102203 | V12: Derecho Mercantil y de la Competencia GT-B2 [2] 63102203 | X12: 0.375 | Y12: – | Z12: 0.39583333
A14: 0.39583333 | B14: – | C14: 0.41666667 | X14: 0.39583333 | Y14: – | Z14: 0.41666667
A16: 0.41666667 | B16: – | C16: 0.4375 | X16: 0.41666667 | Y16: – | Z16: 0.4375
A18: 0.4375 | B18: – | C18: 0.45833333 | X18: 0.4375 | Y18: – | Z18: 0.45833333
A20: 0.45833333 | B20: – | C20: 0.47916667 | D20: Estadística Avanzada GD 63102202 | H20: Contabilidad Intermedia I. GD 62102215 | L20: Macroeconomía GD [1] 63102201 | N20: Habilidades de dirección y gestión GD[2] 63102204 | P20: Habilidades de dirección y gestión GT-B1 [1] 63102204 | R20: Habilidades de dirección y gestión GT-B2 [2] 63102204 | T20: Macroeconomía GT-B2 [1] 63102201 | V20: Contabilidad Intermedia I. GT-B2 [2] 62102215 | X20: 0.45833333 | Y20: – | Z20: 0.47916667
A22: 0.47916667 | B22: – | C22: 0.5 | X22: 0.47916667 | Y22: – | Z22: 0.5
A24: 0.5 | B24: – | C24: 0.52083333 | X24: 0.5 | Y24: – | Z24: 0.52083333
A26: 0.52083333 | B26: – | C26: 0.54166667 | X26: 0.52083333 | Y26: – | Z26: 0.54166667
A28: 0.54166667 | B28: – | C28: 0.5625 | D28: Habilidades de dirección y gestión GD 63102204 | H28: Estadística Avanzada GD[1] 63102202 | P28: Contabilidad Intermedia I. GT-B1 [1] 62102215 | R28: Estadística Avanzada GT-B1 [2] 63102202 | T28: Derecho Mercantil y de la Competencia GD- [1] 63102203 | V28: Estadística Avanzada GT-B2 [2] 63102202 | X28: 0.54166667 | Y28: – | Z28: 0.5625
A30: 0.5625 | B30: – | C30: 0.58333333 | X30: 0.5625 | Y30: – | Z30: 0.58333333
A32: 0.58333333 | B32: – | C32: 0.60416667 | X32: 0.58333333 | Y32: – | Z32: 0.60416667
A34: 0.60416667 | B34: – | C34: 0.625 | X34: 0.60416667 | Y34: – | Z34: 0.625
D38: [1] Semana Impar
D39: [2] Semana Par
D42: DURANTE LA PRIMERA SEMANA DE CLASE DEL CUATRIMESTRE SOLO SE IMPARTIRÁN LOS GRUPOS DOCENTES

Sheet GADE 2ºB C2
A1: Titulación: | D1: Grado en Administración y Dirección de Empresas (Plan 2010) | L1: Inicio
A2: Curso: | D2: 2º
A3: Grupo: | D3: B | F3: Aula: | G3: 16 | H3: Aulario: | I3: 1
A4: Cuatrimestre: | D4: 2º
D7: Lunes | H7: Martes | L7: Miércoles | P7: Jueves | T7: Viernes
A8: 0.33333333 | B8: – | C8: 0.35416667 | X8: 0.33333333 | Y8: – | Z8: 0.35416667
A10: 0.35416667 | B10: – | C10: 0.375 | X10: 0.35416667 | Y10: – | Z10: 0.375
A12: 0.375 | B12: – | C12: 0.39583333 | D12: Sistema Financiero GD 62102221 | H12: Economía Española GD 62102213 | L12: Diseño de la Organización GT-B2 [1] 62102208 | N12: Contabilidad Intermedia II GT-B1 [2] 62102216 | P12: Métodos cuantitativos GT-B2 [1] 62102205 | R12: Economía Española GT-B1 [2] 62102213 | V12: Sistema Financiero GD-[2] 62102221 | X12: 0.375 | Y12: – | Z12: 0.39583333
A14: 0.39583333 | B14: – | C14: 0.41666667 | X14: 0.39583333 | Y14: – | Z14: 0.41666667
A16: 0.41666667 | B16: – | C16: 0.4375 | X16: 0.41666667 | Y16: – | Z16: 0.4375
A18: 0.4375 | B18: – | C18: 0.45833333 | X18: 0.4375 | Y18: – | Z18: 0.45833333
A20: 0.45833333 | B20: – | C20: 0.47916667 | D20: Contabilidad Intermedia II GD 62102216 | H20: Métodos cuantitativos GD 62102205 | L20: Métodos cuantitativos GD- [1] 62102205 | N20: Diseño de la Organización GD 62102208 [2] | P20: Diseño de la Organización GT-B1 [1] 62102208 | R20: Sistema Financiero GT-B2 [2] 62102221 | T20: Contabilidad Intermedia II GT-B2 [1] 62102216 | V20: Sistema Financiero GT-B1 [2] 62102221 | X20: 0.45833333 | Y20: – | Z20: 0.47916667
A22: 0.47916667 | B22: – | C22: 0.5 | X22: 0.47916667 | Y22: – | Z22: 0.5
A24: 0.5 | B24: – | C24: 0.52083333 | X24: 0.5 | Y24: – | Z24: 0.52083333
A26: 0.52083333 | B26: – | C26: 0.54166667 | X26: 0.52083333 | Y26: – | Z26: 0.54166667
A28: 0.54166667 | B28: – | C28: 0.5625 | D28: Diseño de la Organización GD 62102208 | H28: Economía Española GD 62102213 | P28: Métodos cuantitativos GT-B1 [1] 62102205 | R28: Economía Española GT-B2 [2] 62102213 | T28: Contabilidad Intermedia II GD- [1] 6210221621 | X28: 0.54166667 | Y28: – | Z28: 0.5625
A30: 0.5625 | B30: – | C30: 0.58333333 | X30: 0.5625 | Y30: – | Z30: 0.58333333
A32: 0.58333333 | B32: – | C32: 0.60416667 | X32: 0.58333333 | Y32: – | Z32: 0.60416667
A34: 0.60416667 | B34: – | C34: 0.625 | X34: 0.60416667 | Y34: – | Z34: 0.625
D38: [1] Semana Impar
D39: [2] Semana Par
D42: DURANTE LA PRIMERA SEMANA DE CLASE DEL CUATRIMESTRE SOLO SE IMPARTIRÁN LOS GRUPOS DOCENTES

Sheet GADE 2ºC C1
A1: Titulación: | D1: Grado en Administración y Dirección de Empresas (Plan 2010) | M1: Inicio
A2: Curso: | D2: 2º
A3: Grupo: | D3: C | F3: Aula: | G3: 2 | H3: Aulario: | I3: 16
A4: Cuatrimestre: | D4: 1º
D7: Lunes | H7: Martes | L7: Miércoles | P7: Jueves | T7: Viernes
A12: 0.66666667 | B12: – | C12: 0.6875 | D12: Contabilidad Intermedia I. GD 62102215 | H12: Habilidades de dirección y gestión GD 63102204 | L12: Derecho Mercantil y de la Competencia GD 63102203 | P12: Macroeconomía GT-C1 [1] 63102201 | Q12: Contabilidad Intermedia I. GT-C2 [1] 62102215 | R12: Derecho Mercantil y de la Competencia GT-C1 [2] 63102203 | S12: Habilidades de dirección y gestión GT-C2 [2] 63102204 | T12: Estadística Avanzada GD[1] 63102202 | V12: Habilidades de dirección y gestión GD [2] 63102204 | X12: 0.66666667 | Y12: – | Z12: 0.6875
A14: 0.6875 | B14: – | C14: 0.70833333 | X14: 0.6875 | Y14: – | Z14: 0.70833333
A16: 0.70833333 | B16: – | C16: 0.72916667 | X16: 0.70833333 | Y16: – | Z16: 0.72916667
A18: 0.72916667 | B18: – | C18: 0.75 | X18: 0.72916667 | Y18: – | Z18: 0.75
A20: 0.75 | B20: – | C20: 0.77083333 | D20: Estadística Avanzada GD 63102202 | H20: Macroeconomía GD 63102201 | L20: Contabilidad Intermedia I. GT-C1 [1] 62102215 | M20: Estadística Avanzada GT-C2 [1] 63102202 | N20: Contabilidad Intermedia I. GD [2] 62102215 | P20: Estadística Avanzada GT-C1 [1] 63102202 | Q20: Macroeconomía GT-C2 [1] 63102201 | R20: Habilidades de dirección y gestión GT-C1 [2] 63102204 | S20: Derecho Mercantil y de la Competencia GT-C2 [2] 63102203 | T20: Macroeconomía GD 63102201 GD[1] | U20: Contabilidad Intermedia I. GT-C3 [2] 62102215 | V20: Derecho Mercantil y de la Competencia GD [2] 63102203 | X20: 0.75 | Y20: – | Z20: 0.77083333
A22: 0.77083333 | B22: – | C22: 0.79166667 | X22: 0.77083333 | Y22: – | Z22: 0.79166667
A24: 0.79166667 | B24: – | C24: 0.8125 | X24: 0.79166667 | Y24: – | Z24: 0.8125
A26: 0.8125 | B26: – | C26: 0.83333333 | X26: 0.8125 | Y26: – | Z26: 0.83333333
A28: 0.83333333 | B28: – | C28: 0.85416667 | X28: 0.83333333 | Y28: – | Z28: 0.85416667
A30: 0.85416667 | B30: – | C30: 0.875 | X30: 0.85416667 | Y30: – | Z30: 0.875
D38: [1] Semana Impar
D39: [2] Semana Par
D42: DURANTE LA PRIMERA SEMANA DE CLASE DEL CUATRIMESTRE SOLO SE IMPARTIRÁN LOS GRUPOS DOCENTES

Sheet GADE 2ºC C2
A1: Titulación: | D1: Grado en Administración y Dirección de Empresas (Plan 2010) | M1: Inicio
A2: Curso: | D2: 2º
A3: Grupo: | D3: C | F3: Aula: | G3: 2 | H3: Aulario: | I3: 16
A4: Cuatrimestre: | D4: 2º
D7: Lunes | H7: Martes | L7: Miércoles | P7: Jueves | T7: Viernes
A12: 0.66666667 | B12: – | C12: 0.6875 | D12: Métodos cuantitativos GD 62102205 | H12: Economía Española GD 62102213 | L12: Diseño de la Organización GD 62102208 | P12: Métodos cuantitativos GT-C2 [1] 62102205 | R12: Sistema Financiero GT-C1 [2] 62102221 | T12: Diseño de la Organización GD - [1] 62102208 | V12: Sistema Financiero GD [2] 6210222 | X12: 0.66666667 | Y12: – | Z12: 0.6875
A14: 0.6875 | B14: – | C14: 0.70833333 | X14: 0.6875 | Y14: – | Z14: 0.70833333
A16: 0.70833333 | B16: – | C16: 0.72916667 | X16: 0.70833333 | Y16: – | Z16: 0.72916667
A18: 0.72916667 | B18: – | C18: 0.75 | X18: 0.72916667 | Y18: – | Z18: 0.75
A20: 0.75 | B20: – | C20: 0.77083333 | D20: Contabilidad Intermedia II GD 62102216 | H20: Sistema Financiero GD 62102221 | L20: Métodos cuantitativos GT-C1 [1] 62102205 | N20: Contabilidad Intermedia II GT-C1 [2] 62102216 | P20: Contabilidad Intermedia II GT-C2 [1] 62102216 | R20: Sistema Financiero GT-C2 [2] 62102221 | T20: Métodos cuantitativos GD [1] 62102205 | V20: Diseño de la Organización GT-C1 [2] 62102208 | X20: 0.75 | Y20: – | Z20: 0.77083333
A22: 0.77083333 | B22: – | C22: 0.79166667 | X22: 0.77083333 | Y22: – | Z22: 0.79166667
A24: 0.79166667 | B24: – | C24: 0.8125 | X24: 0.79166667 | Y24: – | Z24: 0.8125
A26: 0.8125 | B26: – | C26: 0.83333333 | X26: 0.8125 | Y26: – | Z26: 0.83333333
A28: 0.83333333 | B28: – | C28: 0.85416667 | H28: Economía Española GD 62102213 | L28: Contabilidad Intermedia II GD [1] 62102216 | N28: Economía Española GT-C1 [2] 62102213 | P28: Contabilidad Intermedia II GD [1] 62102216 | R28: Economía Española GT-C1 [2] 62102213 | X28: 0.83333333 | Y28: – | Z28: 0.85416667
A30: 0.85416667 | B30: – | C30: 0.875 | X30: 0.85416667 | Y30: – | Z30: 0.875
D39: [1] Semana Impar
D40: [2] Semana Par
D43: DURANTE LA PRIMERA SEMANA DE CLASE DEL CUATRIMESTRE SOLO SE IMPARTIRÁN LOS GRUPOS DOCENTES

Sheet GADE 3ºB C1
A1: Titulación: | D1: Grado en Administración y Dirección de Empresas (Plan 2010) | L1: Inicio
A2: Curso: | D2: 3º
A3: Grupo: | D3: B | F3: Aula: | G3: 19 | H3: Aulario: | I3: 1
A4: Cuatrimestre: | D4: 1º
D7: Lunes | H7: Martes | L7: Miércoles | P7: Jueves | T7: Viernes
A8: 0.33333333 | B8: – | C8: 0.35416667 | X8: 0.33333333 | Y8: – | Z8: 0.35416667
A10: 0.35416667 | B10: – | C10: 0.375 | X10: 0.35416667 | Y10: – | Z10: 0.375
A12: 0.375 | B12: – | C12: 0.39583333 | D12: Dirección de Operaciones I. GT-B1 [1] 62103210 | F12: Economía Mundial GT-B1 [2] 62103214 | H12: Dirección Financiera I: Financiación GT B1 [1] 62103219 | J12: Dirección Financiera I: Financiación GT B2 [2] 62103219 | L12: Investigación de Mercados GD 62103222 | P12: Economía Mundial GD 62103214 | X12: 0.375 | Y12: – | Z12: 0.39583333
A14: 0.39583333 | B14: – | C14: 0.41666667 | X14: 0.39583333 | Y14: – | Z14: 0.41666667
A16: 0.41666667 | B16: – | C16: 0.4375 | X16: 0.41666667 | Y16: – | Z16: 0.4375
A18: 0.4375 | B18: – | C18: 0.45833333 | X18: 0.4375 | Y18: – | Z18: 0.45833333
A20: 0.45833333 | B20: – | C20: 0.47916667 | D20: Control de Gestión GT-B1 [1] 62103217 | F20: Investigación de Mercados GT-B1 [2] 62103222 | H20: Control de Gestión GT-B2 [1] 62103217 | J20: Investigación de Mercados GT-B2 [2] 62103222 | L20: Control de Gestión GD 62103217 | P20: Dirección Financiera I: Financiación GD 62103219 | X20: 0.45833333 | Y20: – | Z20: 0.47916667
A22: 0.47916667 | B22: – | C22: 0.5 | X22: 0.47916667 | Y22: – | Z22: 0.5
A24: 0.5 | B24: – | C24: 0.52083333 | X24: 0.5 | Y24: – | Z24: 0.52083333
A26: 0.52083333 | B26: – | C26: 0.54166667 | X26: 0.52083333 | Y26: – | Z26: 0.54166667
A28: 0.54166667 | B28: – | C28: 0.5625 | F28: Economía Mundial GT-B2 [2] 62103214 | H28: Dirección de Operaciones I. GT-B2 [1] 62103210 | P28: Dirección de Operaciones I. GD 62103210 | X28: 0.54166667 | Y28: – | Z28: 0.5625
A30: 0.5625 | B30: – | C30: 0.58333333 | X30: 0.5625 | Y30: – | Z30: 0.58333333
A32: 0.58333333 | B32: – | C32: 0.60416667 | X32: 0.58333333 | Y32: – | Z32: 0.60416667
A34: 0.60416667 | B34: – | C34: 0.625 | X34: 0.60416667 | Y34: – | Z34: 0.625
D38: [1] Semana Impar
D39: [2] Semana Par
D42: DURANTE LA PRIMERA SEMANA DE CLASE DEL CUATRIMESTRE SOLO SE IMPARTIRÁN LOS GRUPOS DOCENTES

Sheet GADE 3ºB C2
A1: Titulación: | D1: Grado en Administración y Dirección de Empresas (Plan 2010) | L1: Inicio
A2: Curso: | D2: 3º
A3: Grupo: | D3: B | F3: Aula: | G3: 19 | H3: Aulario: | I3: 1
A4: Cuatrimestre: | D4: 2º
D7: Lunes | H7: Martes | L7: Miércoles | P7: Jueves | T7: Viernes
A8: 0.33333333 | B8: – | C8: 0.35416667 | X8: 0.33333333 | Y8: – | Z8: 0.35416667
A10: 0.35416667 | B10: – | C10: 0.375 | X10: 0.35416667 | Y10: – | Z10: 0.375
A12: 0.375 | B12: – | C12: 0.39583333 | D12: Dirección de Operaciones II GD 62103211 | H12: Organización y Gestión de los Recursos Humanos GD 62103209 | L12: Dirección Financiera II: Inversión GT B1 [1] 62103220 | N12: Dirección Financiera II: Inversión GT B2 [2] 62103220 | P12: Dirección de marketing GT-B2 [1] 62103224 | R12: Organización y Gestión de los Recursos Humanos GT-B2 [2] 62103209 | X12: 0.375 | Y12: – | Z12: 0.39583333
A14: 0.39583333 | B14: – | C14: 0.41666667 | X14: 0.39583333 | Y14: – | Z14: 0.41666667
A16: 0.41666667 | B16: – | C16: 0.4375 | X16: 0.41666667 | Y16: – | Z16: 0.4375
A18: 0.4375 | B18: – | C18: 0.45833333 | X18: 0.4375 | Y18: – | Z18: 0.45833333
A20: 0.45833333 | B20: – | C20: 0.47916667 | D20: Dirección de marketing GD 62103224 | H20: Dirección Financiera II: Inversión GD 62103220 | L20: Contabilidad Avanzada GT-B1 [1] 62103218 | N20: Dirección de marketing GT-B1 [2] 62103224 | P20: Dirección de Operaciones II GT-B2 [1] 62103211 | X20: 0.45833333 | Y20: – | Z20: 0.47916667
A22: 0.47916667 | B22: – | C22: 0.5 | X22: 0.47916667 | Y22: – | Z22: 0.5
A24: 0.5 | B24: – | C24: 0.52083333 | X24: 0.5 | Y24: – | Z24: 0.52083333
A26: 0.52083333 | B26: – | C26: 0.54166667 | X26: 0.52083333 | Y26: – | Z26: 0.54166667
A28: 0.54166667 | B28: – | C28: 0.5625 | H28: Contabilidad Avanzada GD 62103218 | L28: Dirección de Operaciones II GT-B1 [1] 62103211 | N28: Organización y Gestión de los Recursos Humanos GT-B1 [2] 62103209 | P28: Contabilidad Avanzada GT-B2 [1] 62103218 | X28: 0.54166667 | Y28: – | Z28: 0.5625
A30: 0.5625 | B30: – | C30: 0.58333333 | X30: 0.5625 | Y30: – | Z30: 0.58333333
A32: 0.58333333 | B32: – | C32: 0.60416667 | X32: 0.58333333 | Y32: – | Z32: 0.60416667
A34: 0.60416667 | B34: – | C34: 0.625 | X34: 0.60416667 | Y34: – | Z34: 0.625
D38: [1] Semana Impar
D39: [2] Semana Par
D42: DURANTE LA PRIMERA SEMANA DE CLASE DEL CUATRIMESTRE SOLO SE IMPARTIRÁN LOS GRUPOS DOCENTES

Sheet GADE 3ºC C1
A1: Titulación: | D1: Grado en Administración y Dirección de Empresas (Plan 2010) | M1: Inicio
A2: Curso: | D2: 3º
A3: Grupo: | D3: C | F3: Aula: | G3: 8 | H3: Aulario: | I3: 2
A4: Cuatrimestre: | D4: 1º
D7: Lunes | H7: Martes | L7: Miércoles | P7: Jueves | T7: Viernes
A12: 0.66666667 | B12: – | C12: 0.6875 | D12: Dirección de Operaciones I. GD 62103210 | H12: Investigación de Mercados GD 62103222 | L12: Dirección Financiera I: Financiación GT C1 [1] 62103219 | N12: Investigación de Mercados GT-C1 [2] 62103222 | P12: Dirección Financiera I: Financiación GD 62103219 | T12: Control de Gestión GT-C2 [1] 62103217 | X12: 0.66666667 | Y12: – | Z12: 0.6875
A14: 0.6875 | B14: – | C14: 0.70833333 | X14: 0.6875 | Y14: – | Z14: 0.70833333
A16: 0.70833333 | B16: – | C16: 0.72916667 | X16: 0.70833333 | Y16: – | Z16: 0.72916667
A18: 0.72916667 | B18: – | C18: 0.75 | X18: 0.72916667 | Y18: – | Z18: 0.75
A20: 0.75 | B20: – | C20: 0.77083333 | D20: Economía Mundial GD 62103214 | H20: Control de Gestión GD 62103217 | L20: Dirección Financiera I: Financiación GT C2 [1] 62103219 | N20: Control de Gestión GT-C1 [2] 62103217 | P20: Dirección de Operaciones I. GT-C1 [1] 62103210 | R20: Economía Mundial GT-C1 [2] 62103214 | X20: 0.75 | Y20: – | Z20: 0.77083333
A22: 0.77083333 | B22: – | C22: 0.79166667 | X22: 0.77083333 | Y22: – | Z22: 0.79166667
A24: 0.79166667 | B24: – | C24: 0.8125 | X24: 0.79166667 | Y24: – | Z24: 0.8125
A26: 0.8125 | B26: – | C26: 0.83333333 | X26: 0.8125 | Y26: – | Z26: 0.83333333
A28: 0.83333333 | B28: – | C28: 0.85416667 | X28: 0.83333333 | Y28: – | Z28: 0.85416667
A30: 0.85416667 | B30: – | C30: 0.875 | X30: 0.85416667 | Y30: – | Z30: 0.875
D38: [1] Semana Impar
D39: [2] Semana Par
D42: DURANTE LA PRIMERA SEMANA DE CLASE DEL CUATRIMESTRE SOLO SE IMPARTIRÁN LOS GRUPOS DOCENTES

Sheet GADE 3ºC C2
A1: Titulación: | D1: Grado en Administración y Dirección de Empresas (Plan 2010) | Q1: Inicio
A2: Curso: | D2: 3º
A3: Grupo: | D3: C
A4: Cuatrimestre: | D4: 2º | F4: Aula: | G4: 8 | H4: Aulario: | I4: 2
D7: Lunes | H7: Martes | P7: Miércoles | T7: Jueves | X7: Viernes
A12: 0.66666667 | B12: – | C12: 0.6875 | D12: Contabilidad Avanzada GD 62103218 | H12: Contabilidad Avanzada GT-C1 [1] 62103218 | J12: Dirección Financiera II: Inversión GT C2 [1] 62103220 | L12: Dirección de marketing GT-C1 [2] 62103224 | P12: Dirección Financiera II: Inversión GD 62103220 | T12: Dirección de Operaciones II GD 62103211 | AB12: 0.66666667 | AC12: – | AD12: 0.6875
A14: 0.6875 | B14: – | C14: 0.70833333 | AB14: 0.6875 | AC14: – | AD14: 0.70833333
A16: 0.70833333 | B16: – | C16: 0.72916667 | AB16: 0.70833333 | AC16: – | AD16: 0.72916667
A18: 0.72916667 | B18: – | C18: 0.75 | AB18: 0.72916667 | AC18: – | AD18: 0.75
A20: 0.75 | B20: – | C20: 0.77083333 | D20: Dirección de Operaciones II GT-C1 [1] 62103211 | F20: Dirección de Operaciones II GT-C2 [2] 62103211 | H20: Dirección Financiera II: Inversión GT C1 [1] 62103220 | J20: Contabilidad Avanzada GT-C2 [1] 62103218 | L20: Organización y Gestión de los Recursos Humanos GT-C1 [2] 62103209 | P20: Dirección de marketing GD 62103224 | T20: Organización y Gestión de los Recursos Humanos GD 62103209 | AB20: 0.75 | AC20: – | AD20: 0.77083333
A22: 0.77083333 | B22: – | C22: 0.79166667 | AB22: 0.77083333 | AC22: – | AD22: 0.79166667
A24: 0.79166667 | B24: – | C24: 0.8125 | AB24: 0.79166667 | AC24: – | AD24: 0.8125
A26: 0.8125 | B26: – | C26: 0.83333333 | AB26: 0.8125 | AC26: – | AD26: 0.83333333
A28: 0.83333333 | B28: – | C28: 0.85416667 | AB28: 0.83333333 | AC28: – | AD28: 0.85416667
A30: 0.85416667 | B30: – | C30: 0.875 | AB30: 0.85416667 | AC30: – | AD30: 0.875
D38: [1] Semana Impar
D39: [2] Semana Par
D42: DURANTE LA PRIMERA SEMANA DE CLASE DEL CUATRIMESTRE SOLO SE IMPARTIRÁN LOS GRUPOS DOCENTES

Sheet GADE 3º C1 inglés
A1: Titulación: | D1: Grado en Administración y Dirección de Empresas (Plan 2010) | M1: Inicio
A2: Curso: | D2: 3º
A3: Grupo: | D3: Inglés | F3: Aula: | G3: 3 | H3: Aulario: | I3: 1
A4: Cuatrimestre: | D4: 1º
A5: Aula:
D7: Lunes | H7: Martes | L7: Miércoles | P7: Jueves | T7: Viernes
A8: 0.33333333 | B8: – | C8: 0.35416667 | X8: 0.33333333 | Y8: – | Z8: 0.35416667
A10: 0.35416667 | B10: – | C10: 0.375 | X10: 0.35416667 | Y10: – | Z10: 0.375
A12: 0.375 | B12: – | C12: 0.39583333 | X12: 0.375 | Y12: – | Z12: 0.39583333
A14: 0.39583333 | B14: – | C14: 0.41666667 | X14: 0.39583333 | Y14: – | Z14: 0.41666667
A16: 0.41666667 | B16: – | C16: 0.4375 | X16: 0.41666667 | Y16: – | Z16: 0.4375
A18: 0.4375 | B18: – | C18: 0.45833333 | X18: 0.4375 | Y18: – | Z18: 0.45833333
A20: 0.45833333 | B20: – | C20: 0.47916667 | L20: Control de Gestión GD (en inglés) 62103217 | X20: 0.45833333 | Y20: – | Z20: 0.47916667
A22: 0.47916667 | B22: – | C22: 0.5 | X22: 0.47916667 | Y22: – | Z22: 0.5
A24: 0.5 | B24: – | C24: 0.52083333 | X24: 0.5 | Y24: – | Z24: 0.52083333
A26: 0.52083333 | B26: – | C26: 0.54166667 | X26: 0.52083333 | Y26: – | Z26: 0.54166667
A28: 0.54166667 | B28: – | C28: 0.5625 | L28: Control de Gestión GT-ING1 [1] 62103217 | X28: 0.54166667 | Y28: – | Z28: 0.5625
A30: 0.5625 | B30: – | C30: 0.58333333 | X30: 0.5625 | Y30: – | Z30: 0.58333333
A32: 0.58333333 | B32: – | C32: 0.60416667 | X32: 0.58333333 | Y32: – | Z32: 0.60416667
A34: 0.60416667 | B34: – | C34: 0.625 | X34: 0.60416667 | Y34: – | Z34: 0.625
D38: [1] Semana Impar
D39: [2] Semana Par
D42: DURANTE LA PRIMERA SEMANA DE CLASE DEL CUATRIMESTRE SOLO SE IMPARTIRÁN LOS GRUPOS DOCENTES

Sheet GADE 3º C2 Inglés
A1: Titulación: | D1: Grado en Administración y Dirección de Empresas (Plan 2010) | M1: Inicio
A2: Curso: | D2: 3º
A3: Grupo: | D3: C Inglés
A4: Cuatrimestre:
D7: Lunes | H7: Martes | L7: Miércoles | P7: Jueves | T7: Viernes
A8: 0.33333333 | B8: – | C8: 0.35416667 | X8: 0.33333333 | Y8: – | Z8: 0.35416667
A10: 0.35416667 | B10: – | C10: 0.375 | X10: 0.35416667 | Y10: – | Z10: 0.375
A12: 0.375 | B12: – | C12: 0.39583333 | X12: 0.375 | Y12: – | Z12: 0.39583333
A14: 0.39583333 | B14: – | C14: 0.41666667 | X14: 0.39583333 | Y14: – | Z14: 0.41666667
A16: 0.41666667 | B16: – | C16: 0.4375 | X16: 0.41666667 | Y16: – | Z16: 0.4375
A18: 0.4375 | B18: – | C18: 0.45833333 | X18: 0.4375 | Y18: – | Z18: 0.45833333
A20: 0.45833333 | B20: – | C20: 0.47916667 | X20: 0.45833333 | Y20: – | Z20: 0.47916667
A22: 0.47916667 | B22: – | C22: 0.5 | X22: 0.47916667 | Y22: – | Z22: 0.5
A24: 0.5 | B24: – | C24: 0.52083333 | X24: 0.5 | Y24: – | Z24: 0.52083333
A26: 0.52083333 | B26: – | C26: 0.54166667 | X26: 0.52083333 | Y26: – | Z26: 0.54166667
A28: 0.54166667 | B28: – | C28: 0.5625 | X28: 0.54166667 | Y28: – | Z28: 0.5625
A30: 0.5625 | B30: – | C30: 0.58333333 | X30: 0.5625 | Y30: – | Z30: 0.58333333
... A34: 0.60416667 | B34: – | C34: 0.625 | X34: 0.60416667 | Y34: – | Z34: 0.625
D38: [1] Semana Impar
D39: [2] Semana Par
D42: DURANTE LA PRIMERA SEMANA DE CLASE DEL CUATRIMESTRE SOLO SE IMPARTIRÁN LOS GRUPOS DOCENTES

Sheet  GADE 4ºB C1
A1: Titulación: | D1: Grado en Administración y Dirección de Empresas (Plan 2010) | M1: Inicio
A2: Curso: | D2: 4º | T2: HASTA EL 6 DE NOVIEMBRE DE 2026
A3: Grupo: | D3: B | F3: Aula: | G3: 15 | H3: Aulario: | I3: 2
A4: Cuatrimestre: | D4: 1º
D7: Lunes | H7: Martes | L7: Miércoles | P7: Jueves | T7: Viernes
A8: 0.33333333 | B8: – | C8: 0.35416667 | X8: 0.33333333 | Y8: – | Z8: 0.35416667
A10: 0.35416667 | B10: – | C10: 0.375 | X10: 0.35416667 | Y10: – | Z10: 0.375
A12: 0.375 | B12: – | C12: 0.39583333 | D12: Fiscalidad Empresarial GD 62104225 | H12: Marketing estratégico GD 62104223 | L12: Dirección Estratégica I. GT-B1 62104206 | N12: Gestión de la calidad GT-B2 62104212 | P12: Marketing estratégico GT-B2 62104223 | T12: Clase de Recuperación variable | X12: 0.375 | Y12: – | Z12: 0.39583333
A14: 0.39583333 | B14: – | C14: 0.41666667 | X14: 0.39583333 | Y14: – | Z14: 0.41666667
A16: 0.41666667 | B16: – | C16: 0.4375 | X16: 0.41666667 | Y16: – | Z16: 0.4375
A18: 0.4375 | B18: – | C18: 0.45833333 | X18: 0.4375 | Y18: – | Z18: 0.45833333
A20: 0.45833333 | B20: – | C20: 0.47916667 | D20: Dirección Estratégica I. GD 62104206 | H20: Fiscalidad Empresarial GD 62104225 | L20: Marketing estratégico GT-B1 62104223 | N20: Dirección Estratégica I. GT-B2 62104206 | P20: Fiscalidad Empresarial GT-B2 62104225 | T20: Dirección Estratégica I. GD 62104206 | X20: 0.45833333 | Y20: – | Z20: 0.47916667
A22: 0.47916667 | B22: – | C22: 0.5 | X22: 0.47916667 | Y22: – | Z22: 0.5
A24: 0.5 | B24: – | C24: 0.52083333 | X24: 0.5 | Y24: – | Z24: 0.52083333
A26: 0.52083333 | B26: – | C26: 0.54166667 | X26: 0.52083333 | Y26: – | Z26: 0.54166667
A28: 0.54166667 | B28: – | C28: 0.5625 | D28: Marketing Estratégico GD 62104223 | H28: Gestión de la calidad GD 62104212 | L28: Gestión de la calidad GT-B1 62104212 | P28: Fiscalidad Empresarial GT-B1 62104225 | T28: Gestión de la calidad GD 62104212 | X28: 0.54166667 | Y28: – | Z28: 0.5625
A30: 0.5625 | B30: – | C30: 0.58333333 | X30: 0.5625 | Y30: – | Z30: 0.58333333
A32: 0.58333333 | B32: – | C32: 0.60416667 | X32: 0.58333333 | Y32: – | Z32: 0.60416667
A34: 0.60416667 | B34: – | C34: 0.625 | X34: 0.60416667 | Y34: – | Z34: 0.625
A36: 0.625 | B36: – | C36: 0.64583333
A38: 0.64583333 | B38: – | C38: 0.66666667
A40: 0.66666667 | B40: – | C40: 0.6875
A42: 0.6875 | B42: – | C42: 0.70833333
A44: 0.70833333 | B44: – | C44: 0.72916667
A46: 0.72916667 | B46: – | C46: 0.75
D49: Clase de Recuperación variable se utilizará para las asignaturas que lo requieran a demanda. Contactar con el coordinador de curso y decanato
D51: [1] Semana Impar
D52: [2] Semana Par

Sheet  GADE 4ºB C2
A1: Titulación: | D1: Grado en Administración y Dirección de Empresas (Plan 2010) | M1: Inicio
A2: Curso: | D2: 4º | T2: HASTA EL 16 DE ABRIL DE 2027
A3: Grupo: | D3: B | F3: Aula: | G3: 15 | H3: Aulario: | I3: 2
A4: Cuatrimestre: | D4: 2º
D7: Lunes | H7: Martes | L7: Miércoles | P7: Jueves | T7: Viernes
A8: 0.33333333 | B8: – | C8: 0.35416667 | X8: 0.33333333 | Y8: – | Z8: 0.35416667
A10: 0.35416667 | B10: – | C10: 0.375 | X10: 0.35416667 | Y10: – | Z10: 0.375
A12: 0.375 | B12: – | C12: 0.39583333 | D12: Creación de Empresas GD 63104226 | H12: Creación de Empresas GT-B1 63104226 | L12: Dirección Estratégica II GT-B1 62104207 | P12: Dirección Estratégica II GD 62104207 | T12: Dirección Estratégica II GD 62104207 | X12: 0.375 | Y12: – | Z12: 0.39583333
A14: 0.39583333 | B14: – | C14: 0.41666667 | X14: 0.39583333 | Y14: – | Z14: 0.41666667
A16: 0.41666667 | B16: – | C16: 0.4375 | X16: 0.41666667 | Y16: – | Z16: 0.4375
A18: 0.4375 | B18: – | C18: 0.45833333 | X18: 0.4375 | Y18: – | Z18: 0.45833333
A20: 0.45833333 | B20: – | C20: 0.47916667 | D20: Comunicación en lengua extranjera empresarial: Inglés GD 62104301 | H20: Comunicación en lengua extranjera empresarial: Inglés GT-B2 62104301 | L20: Dirección Estratégica II GT-B2 62104207 | P20: Comunicación en lengua extranjera empresarial: Alemán GD 62104303 | T20: Comunicación en lengua extranjera empresarial: Alemán GD 62104303 | U20: Comunicación en lengua extranjera empresarial: Francés GD 62104302 | V20: Comunicación en lengua extranjera empresarial: Inglés GD 62104301 | X20: 0.45833333 | Y20: – | Z20: 0.47916667
A22: 0.47916667 | B22: – | C22: 0.5 | X22: 0.47916667 | Y22: – | Z22: 0.5
A24: 0.5 | B24: – | C24: 0.52083333 | X24: 0.5 | Y24: – | Z24: 0.52083333
A26: 0.52083333 | B26: – | C26: 0.54166667 | X26: 0.52083333 | Y26: – | Z26: 0.54166667
A28: 0.54166667 | B28: – | C28: 0.5625 | D28: Creación de Empresas GD 63104226 | H28: Creación de Empresas GT-B2 63104226 | L28: Comunicación en lengua extranjera empresarial: Alemán GT-B1 62104303 | M28: Comunicación en lengua extranjera empresarial: Francés GT-B1 62104302 | N28: Comunicación en lengua extranjera empresarial: Inglés GT-B1 62104301 | P28: Comunicación en lengua extranjera empresarial: Francés GD 62104302 | X28: 0.54166667 | Y28: – | Z28: 0.5625
A30: 0.5625 | B30: – | C30: 0.58333333 | X30: 0.5625 | Y30: – | Z30: 0.58333333
A32: 0.58333333 | B32: – | C32: 0.60416667 | X32: 0.58333333 | Y32: – | Z32: 0.60416667
A34: 0.60416667 | B34: – | C34: 0.625 | X34: 0.60416667 | Y34: – | Z34: 0.625
A36: 0.625 | B36: – | C36: 0.64583333
A38: 0.64583333 | B38: – | C38: 0.66666667
A40: 0.66666667 | B40: – | C40: 0.6875
A42: 0.6875 | B42: – | C42: 0.70833333
A44: 0.70833333 | B44: – | C44: 0.72916667
A46: 0.72916667 | B46: – | C46: 0.75
D49: Clase de Recuperación variable se utilizará para las asignaturas que lo requieran a demanda. Contactar con el coordinador de curso y decanato
D51: [1] Semana Impar
D52: [2] Semana Par

Sheet GADE 4ºC C1
A1: Titulación: | D1: Grado en Administración y Dirección de Empresas (Plan 2010) | M1: Inicio
A2: Curso: | D2: 4º | T2: HASTA EL 6 DE NOVIEMBRE DE 2026
A3: Grupo: | D3: C | F3: Aula: | G3: 4 | H3: Aulario: | I3: EMPR
A4: Cuatrimestre: | D4: 1º
D7: Lunes | H7: Martes | L7: Miércoles | P7: Jueves | T7: Viernes
A8: 0.5 | B8: – | C8: 0.52083333
A10: 0.52083333 | B10: – | C10: 0.54166667
A12: 0.54166667 | B12: – | C12: 0.5625
A14: 0.5625 | B14: – | C14: 0.58333333
A16: 0.625 | B16: – | C16: 0.64583333 | D16: Fiscalidad Empresarial GD 62104225 | H16: Dirección Estratégica I. GD 62104206 | L16: Fiscalidad Empresarial GT-C1 62104225 | P16: Dirección Estratégica I. GD 62104206
A18: 0.64583333 | B18: – | C18: 0.66666667
A20: 0.66666667 | B20: – | C20: 0.6875 | T20: Marketing estratégico GT-C1 62104223 | X20: 0.66666667 | Y20: – | Z20: 0.6875
A22: 0.6875 | B22: – | C22: 0.70833333 | X22: 0.6875 | Y22: – | Z22: 0.70833333
A24: 0.70833333 | B24: – | C24: 0.72916667 | D24: Marketing estratégico GD 62104223 | H24: Fiscalidad Empresarial GD 62104225 | L24: Dirección Estratégica I. GT-C1 62104206 | P24: Marketing estratégico GD 62104223 | X24: 0.70833333 | Y24: – | Z24: 0.72916667
A26: 0.72916667 | B26: – | C26: 0.75 | X26: 0.72916667 | Y26: – | Z26: 0.75
A28: 0.75 | B28: – | C28: 0.77083333 | T28: Clase de recuperación variable | X28: 0.75 | Y28: – | Z28: 0.77083333
A30: 0.77083333 | B30: – | C30: 0.79166667 | X30: 0.77083333 | Y30: – | Z30: 0.79166667
A32: 0.79166667 | B32: – | C32: 0.8125 | D32: Clase de Recuperación variable | H32: Gestión de la calidad GD 62104212 | L32: Gestión de la calidad GT-C1 62104212 | P32: Gestión de la calidad GD 62104212 | X32: 0.79166667 | Y32: – | Z32: 0.8125
A34: 0.8125 | B34: – | C34: 0.83333333 | X34: 0.8125 | Y34: – | Z34: 0.83333333
A36: 0.83333333 | B36: – | C36: 0.85416667 | X36: 0.83333333 | Y36: – | Z36: 0.85416667
A38: 0.85416667 | B38: – | C38: 0.875 | X38: 0.85416667 | Y38: – | Z38: 0.875
D46: Clase de Recuperación variable se utilizará para las asignaturas que lo requieran a demanda. Contactar con el coordinador de curso y decanato
D48: [1] Semana Impar
D49: [2] Semana Par

Sheet GADE 4ºC C2
A1: Titulación: | D1: Grado en Administración y Dirección de Empresas (Plan 2010) | M1: Inicio
A2: Curso: | D2: 4º | T2: HASTA EL 16 DE ABRIL DE 2027
A3: Grupo: | D3: C | F3: Aula: | G3: 4 | H3: Aulario: | I3: EMPR
A4: Cuatrimestre: | D4: 2º
D7: Lunes | H7: Martes | L7: Miércoles | P7: Jueves | T7: Viernes
A8: 0.5 | B8: – | C8: 0.52083333
A10: 0.52083333 | B10: – | C10: 0.54166667
A12: 0.54166667 | B12: – | C12: 0.5625
A14: 0.5625 | B14: – | C14: 0.58333333
A16: 0.625 | B16: – | C16: 0.64583333
A18: 0.64583333 | B18: – | C18: 0.66666667
A20: 0.66666667 | B20: – | C20: 0.6875 | D20: Creación de Empresas GD 63104226 | H20: Creación de Empresas GD 63104226 | L20: Creación de Empresas GT C1 63104226 | X20: 0.66666667 | Y20: – | Z20: 0.6875
A22: 0.6875 | B22: – | C22: 0.70833333 | X22: 0.6875 | Y22: – | Z22: 0.70833333
A24: 0.70833333 | B24: – | C24: 0.72916667 | X24: 0.70833333 | Y24: – | Z24: 0.72916667
A26: 0.72916667 | B26: – | C26: 0.75 | X26: 0.72916667 | Y26: – | Z26: 0.75
A28: 0.75 | B28: – | C28: 0.77083333 | D28: Dirección Estratégica II GD 62104207 | H28: Dirección Estratégica II GD 62104207 | L28: Dirección Estratégica II GT-C1 62104207 | P28: Clase de Recuperación variable | X28: 0.75 | Y28: – | Z28: 0.77083333
A30: 0.77083333 | B30: – | C30: 0.79166667 | X30: 0.77083333 | Y30: – | Z30: 0.79166667
A32: 0.79166667 | B32: – | C32: 0.8125 | X32: 0.79166667 | Y32: – | Z32: 0.8125
A34: 0.8125 | B34: – | C34: 0.83333333 | X34: 0.8125 | Y34: – | Z34: 0.83333333
A36: 0.83333333 | B36: – | C36: 0.85416667 | X36: 0.83333333 | Y36: – | Z36: 0.85416667
A38: 0.85416667 | B38: – | C38: 0.875 | X38: 0.85416667 | Y38: – | Z38: 0.875
D46: Clase de Recuperación variable se utilizará para las asignaturas que lo requieran a demanda. Contactar con el coordinador de curso y decanato
D49: [1] Semana Impar
D50: [2] Semana Par

Sheet  4º ING C1
A1: Titulación: | D1: Grado en Administración y Dirección de Empresas (Plan 2010) | M1: Inicio
A2: Curso: | D2: 4º | T2: HASTA EL 31 DE OCTUBRE DE 2025
A3: Grupo: | D3: Inglés Bilingüe | F3: Aula: | H3: Aulario:
A4: Cuatrimestre: | D4: 1º | F4: 17
H5: GT:
D7: Lunes | H7: Martes | L7: Miércoles | P7: Jueves | T7: Viernes
A8: 0.33333333 | B8: – | C8: 0.35416667 | X8: 0.33333333 | Y8: – | Z8: 0.35416667
A10: 0.35416667 | B10: – | C10: 0.375 | X10: 0.35416667 | Y10: – | Z10: 0.375
A12: 0.375 | B12: – | C12: 0.39583333 | X12: 0.375 | Y12: – | Z12: 0.39583333
A14: 0.39583333 | B14: – | C14: 0.41666667 | X14: 0.39583333 | Y14: – | Z14: 0.41666667
A16: 0.41666667 | B16: – | C16: 0.4375 | X16: 0.41666667 | Y16: – | Z16: 0.4375
A18: 0.4375 | B18: – | C18: 0.45833333 | X18: 0.4375 | Y18: – | Z18: 0.45833333
A20: 0.45833333 | B20: – | C20: 0.47916667 | D20: Dirección Estratégica I. GD 62104206 | H20: Clase de Recuperación variable | P20: Dirección Estratégica I. GD 62104206 | X20: 0.45833333 | Y20: – | Z20: 0.47916667
A22: 0.47916667 | B22: – | C22: 0.5 | X22: 0.47916667 | Y22: – | Z22: 0.5
A24: 0.5 | B24: – | C24: 0.52083333 | X24: 0.5 | Y24: – | Z24: 0.52083333
A26: 0.52083333 | B26: – | C26: 0.54166667 | X26: 0.52083333 | Y26: – | Z26: 0.54166667
A28: 0.54166667 | B28: – | C28: 0.5625 | T28: Dirección Estratégica I. GT - ING-1 62104206 | X28: 0.54166667 | Y28: – | Z28: 0.5625
A30: 0.5625 | B30: – | C30: 0.58333333 | X30: 0.5625 | Y30: – | Z30: 0.58333333
A32: 0.58333333 | B32: – | C32: 0.60416667 | X32: 0.58333333 | Y32: – | Z32: 0.60416667
A34: 0.60416667 | B34: – | C34: 0.625 | X34: 0.60416667 | Y34: – | Z34: 0.625
A36: 0.625 | B36: – | C36: 0.64583333
A38: 0.64583333 | B38: – | C38: 0.66666667
A40: 0.66666667 | B40: – | C40: 0.6875
A42: 0.6875 | B42: – | C42: 0.70833333
A44: 0.70833333 | B44: – | C44: 0.72916667
A46: 0.72916667 | B46: – | C46: 0.75
D49: Clase de Recuperación variable se utilizará para las asignaturas que lo requieran a demanda. Contactar con el coordinador de curso y decanato
D51: [1] Semana Impar
D52: [2] Semana Par

Sheet   4º ING C2
A1: Titulación: | D1: Grado en Administración y Dirección de Empresas (Plan 2010) y otros | M1: Inicio
A2: Curso: | D2: 4º | T2: HASTA EL 9 DE ABRIL DE 2026
A3: Grupo: | D3: ING Bilingüe | F3: Aula: | H3: Aulario:
A4: Cuatrimestre: | D4: 2º
D7: Lunes | H7: Martes | L7: Miércoles | P7: Jueves | T7: Viernes
A8: 0.33333333 | B8: – | C8: 0.35416667 | X8: 0.33333333 | Y8: – | Z8: 0.35416667
A10: 0.35416667 | B10: – | C10: 0.375 | X10: 0.35416667 | Y10: – | Z10: 0.375
A12: 0.375 | B12: – | C12: 0.39583333 | D12: Creación de Empresas GD 63104226 | H12: Clase de Recuperación variable | L12: Dirección Estratégica II GD 62104207 | X12: 0.375 | Y12: – | Z12: 0.39583333
A14: 0.39583333 | B14: – | C14: 0.41666667 | X14: 0.39583333 | Y14: – | Z14: 0.41666667
A16: 0.41666667 | B16: – | C16: 0.4375 | X16: 0.41666667 | Y16: – | Z16: 0.4375
A18: 0.4375 | B18: – | C18: 0.45833333 | X18: 0.4375 | Y18: – | Z18: 0.45833333
A20: 0.45833333 | B20: – | C20: 0.47916667 | D20: Dirección Estratégica II GD 62104207 | H20: Dirección Estratégica II GT 62104207 | L20: Creación de Empresas GT-ING -A1 63104226 | X20: 0.45833333 | Y20: – | Z20: 0.47916667
A22: 0.47916667 | B22: – | C22: 0.5 | X22: 0.47916667 | Y22: – | Z22: 0.5
A24: 0.5 | B24: – | C24: 0.52083333 | X24: 0.5 | Y24: – | Z24: 0.52083333
A26: 0.52083333 | B26: – | C26: 0.54166667 | X26: 0.52083333 | Y26: – | Z26: 0.54166667
A28: 0.54166667 | B28: – | C28: 0.5625 | H28: Creación de Empresas GD 63104226 | X28: 0.54166667 | Y28: – | Z28: 0.5625
A30: 0.5625 | B30: – | C30: 0.58333333 | X30: 0.5625 | Y30: – | Z30: 0.58333333
A32: 0.58333333 | B32: – | C32: 0.60416667 | X32: 0.58333333 | Y32: – | Z32: 0.60416667
A34: 0.60416667 | B34: – | C34: 0.625 | X34: 0.60416667 | Y34: – | Z34: 0.625
A36: 0.625 | B36: – | C36: 0.64583333 | X36: 0.625 | Y36: – | Z36: 0.64583333
A38: 0.64583333 | B38: – | C38: 0.66666667 | X38: 0.64583333 | Y38: – | Z38: 0.66666667
A40: 0.66666667 | B40: – | C40: 0.6875 | D40: Gestión por Proyectos ING GD- 62104304 | L40: Gestión por Proyectos ING GD- 62104304 | P40: Gestión por Proyectos ING GT- 62104304 | X40: 0.66666667 | Y40: – | Z40: 0.6875
A42: 0.6875 | B42: – | C42: 0.70833333 | X42: 0.6875 | Y42: – | Z42: 0.70833333
A44: 0.70833333 | B44: – | C44: 0.72916667 | X44: 0.70833333 | Y44: – | Z44: 0.72916667
A46: 0.72916667 | B46: – | C46: 0.75 | X46: 0.72916667 | Y46: – | Z46: 0.75
E48: 402 | M48: 402 | Q48: 402
D49: Clase de Recuperación variable se utilizará para las asignaturas que lo requieran a demanda. Contactar con el coordinador de curso y decanato
D51: [1] Semana Impar
D52: [2] Semana Par

Sheet FYCO 2ºA C1
A1: Titulación: | D1: Grado en Finanzas y Contabilidad (Plan 2010) | M1: Inicio
A2: Curso: | D2: 2º
A3: Grupo: | D3: A | F3: Aula: | G3: 3 | H3: Aulario: | I3: 1
A4: Cuatrimestre: | D4: 1º
D7: Lunes | H7: Martes | L7: Miércoles | P7: Jueves | V7: Viernes
A8: 0.33333333 | B8: – | C8: 0.35416667 | AA8: 0.33333333 | AB8: – | AC8: 0.35416667
A10: 0.35416667 | B10: – | C10: 0.375 | AA10: 0.35416667 | AB10: – | AC10: 0.375
A12: 0.375 | B12: – | C12: 0.39583333 | D12: Derecho Mercantil y de la Competencia GD 63102203 | H12: Estadística Avanzada GD 63102202 | P12: Estadística Avanzada GD[1] 63102202 | R12: Macroeconomía GT-A2 [2] 63102201 | T12: Habilidades de dirección y gestión GT-A1 [2] 63102204 | Y12: Derecho Mercantil y de la Competencia GD [2] 63102203 | AA12: 0.375 | AB12: – | AC12: 0.39583333
A14: 0.39583333 | B14: – | C14: 0.41666667 | AA14: 0.39583333 | AB14: – | AC14: 0.41666667
A16: 0.41666667 | B16: – | C16: 0.4375 | AA16: 0.41666667 | AB16: – | AC16: 0.4375
A18: 0.4375 | B18: – | C18: 0.45833333 | AA18: 0.4375 | AB18: – | AC18: 0.45833333
A20: 0.45833333 | B20: – | C20: 0.47916667 | D20: Contabilidad financiera: Operaciones Reales GD 60102229 | H20: Macroeconomía GD 63102201 | P20: Derecho Mercantil y de la Competencia GT-A2 [1] 63102203 | R20: Estadística Avanzada GT-A2 [2] 63102202 | T20: Macroeconomía GT-A1 [2] 63102201 | V20: Contabilidad financiera: Operaciones Reales. GT-A2 [1] 60102229 | W20: Derecho Mercantil y de la Competencia GT-A1 [1] 63102203 | Y20: Contabilidad Financiera: Operaciones Reales GD [2] 60102229 | AA20: 0.45833333 | AB20: – | AC20: 0.47916667
A22: 0.47916667 | B22: – | C22: 0.5 | AA22: 0.47916667 | AB22: – | AC22: 0.5
A24: 0.5 | B24: – | C24: 0.52083333 | AA24: 0.5 | AB24: – | AC24: 0.52083333
A26: 0.52083333 | B26: – | C26: 0.54166667 | AA26: 0.52083333 | AB26: – | AC26: 0.54166667
A28: 0.54166667 | B28: – | C28: 0.5625 | D28: Macroeconomía GD[1] 63102201 | H28: Habilidades de dirección y gestión GD 63102204 | P28: Habilidades de Dirección y Gestión GD [1] 63102204 | R28: Habilidades de dirección y gestión GT-A2 [2] 63102204 | V28: Contabilidad financiera: Operaciones Reales. GT-A1 [1] 60102229 | Y28: Estadística Avanzada GT-A1 [2] | AA28: 0.54166667 | AB28: – | AC28: 0.5625
A30: 0.5625 | B30: – | C30: 0.58333333 | AA30: 0.5625 | AB30: – | AC30: 0.58333333
A32: 0.58333333 | B32: – | C32: 0.60416667 | AA32: 0.58333333 | AB32: – | AC32: 0.60416667
A34: 0.60416667 | B34: – | C34: 0.625 | AA34: 0.60416667 | AB34: – | AC34: 0.625
D38: [1] Semana Impar
D39: [2] Semana Par
D42: DURANTE LA PRIMERA SEMANA DE CLASE DEL CUATRIMESTRE SOLO SE IMPARTIRÁN LOS GRUPOS DOCENTES

Sheet FYCO 2ºA C2
A1: Titulación: | D1: Grado en Finanzas y Contabilidad (Plan 2010) | M1: Inicio
A2: Curso: | D2: 2º
A3: Grupo: | D3: A | F3: Aula: | G3: 3 | H3: Aulario: | I3: 1
A4: Cuatrimestre: | D4: 2º
D8: Lunes | H8: Martes | L8: Miércoles | R8: Jueves | X8: Viernes
A9: 0.33333333 | B9: – | C9: 0.35416667 | AB9: 0.33333333 | AC9: – | AD9: 0.35416667
A11: 0.35416667 | B11: – | C11: 0.375 | AB11: 0.35416667 | AC11: – | AD11: 0.375
A13: 0.375 | B13: – | C13: 0.39583333 | D13: Matemática de las operaciones financieras GD 60102214 | H13: Contabilidad Pública GD 60102207 | L13: Contabilidad financiera: Operaciones Financieras GT-A2 [1] 60102230 | O13: Contabilidad Pública GD [2] 60102207 | R13: Contabilidad Pública GT-A2 [1] 60102207 | U13: Instrumentos y Mercados Financieros GT-A1 [2] 60102219 | X13: Instrumentos y Mercados Financieros GT-A2 [1] 60102219 | AB13: 0.375 | AC13: – | AD13: 0.39583333
A15: 0.39583333 | B15: – | C15: 0.41666667 | AB15: 0.39583333 | AC15: – | AD15: 0.41666667
A17: 0.41666667 | B17: – | C17: 0.4375 | AB17: 0.41666667 | AC17: – | AD17: 0.4375
A19: 0.4375 | B19: – | C19: 0.45833333 | AB19: 0.4375 | AC19: – | AD19: 0.45833333
A21: 0.45833333 | B21: – | C21: 0.47916667 | D21: Contabilidad financiera: Operaciones Financieras GD 60102230 | H21: Contabilidad de Costes GD 60102210 | L21: Contabilidad de Costes GT-A2 [1] 60102210 | O21: Contabilidad financiera: Operaciones Financieras GD [2] 60102230 | R21: Contabilidad financiera: Operaciones Financieras. GT-A1 [1] 60102230 | U21: Matemática de las operaciones financieras GT-A1 [2] 60102214 | X21: Espacio reservado para recuperar clases | AB21: 0.45833333 | AC21: – | AD21: 0.47916667
A23: 0.47916667 | B23: – | C23: 0.5 | AB23: 0.47916667 | AC23: – | AD23: 0.5
A25: 0.5 | B25: – | C25: 0.52083333 | AB25: 0.5 | AC25: – | AD25: 0.52083333
A27: 0.52083333 | B27: – | C27: 0.54166667 | AB27: 0.52083333 | AC27: – | AD27: 0.54166667
A29: 0.54166667 | B29: – | C29: 0.5625 | D29: Instrumentos y Mercados Financieros GD 60102219 | H29: Instrumentos y Mercados Financieros GD [1] 60102219 | J29: Matemática de las operaciones financieras GD [2] 60102214 | L29: Contabilidad de Costes GT-A1 [1] 60102210 | O29: Contabilidad de Costes GD [2] 60102210 | R29: Contabilidad Pública GT-A1 [1] 60102207 | U29: Matemática de las operaciones financieras GT-A2 [2] 60102214 | AB29: 0.54166667 | AC29: – | AD29: 0.5625
A31: 0.5625 | B31: – | C31: 0.58333333 | AB31: 0.5625 | AC31: – | AD31: 0.58333333
A33: 0.58333333 | B33: – | C33: 0.60416667 | AB33: 0.58333333 | AC33: – | AD33: 0.60416667
A35: 0.60416667 | B35: – | C35: 0.625 | AB35: 0.60416667 | AC35: – | AD35: 0.625
D39: [1] Semana Impar
D40: [2] Semana Par
D42: DURANTE LA PRIMERA SEMANA DE CLASE DEL CUATRIMESTRE SOLO SE IMPARTIRÁN LOS GRUPOS DOCENTES
C44: El horario de las asignaturas "Matemática de las Operaciones Financieras" e "Instrumentos y Mercados Financieros" está coordinado con el Grado en Matemáticas y NO PUEDE MODIFICARSE

Sheet FYCO 2º C2 Inglés
A1: Titulación: | D1: Grado en Finanzas y Contabilidad (Plan 2010) | M1: Inicio
A2: Curso: | D2: 2º
A3: Grupo: | D3: A | F3: Aula: | G3: 3 | H3: Aulario: | I3: EMPR
A4: Cuatrimestre: | D4: 2º
D7: Lunes | H7: Martes | L7: Miércoles | P7: Jueves | T7: Viernes
A8: 0.33333333 | B8: – | C8: 0.35416667 | X8: 0.33333333 | Y8: – | Z8: 0.35416667
A10: 0.35416667 | B10: – | C10: 0.375 | X10: 0.35416667 | Y10: – | Z10: 0.375
A12: 0.375 | B12: – | C12: 0.39583333 | P12: Instrumentos y Mercados Financieros GD [1] 60102219 [Inglés] | T12: Espacio reservado para recuperar clases | X12: 0.375 | Y12: – | Z12: 0.39583333
A14: 0.39583333 | B14: – | C14: 0.41666667 | X14: 0.39583333 | Y14: – | Z14: 0.41666667
A16: 0.41666667 | B16: – | C16: 0.4375 | X16: 0.41666667 | Y16: – | Z16: 0.4375
A18: 0.4375 | B18: – | C18: 0.45833333 | X18: 0.4375 | Y18: – | Z18: 0.45833333
A20: 0.45833333 | B20: – | C20: 0.47916667 | X20: 0.45833333 | Y20: – | Z20: 0.47916667
A22: 0.47916667 | B22: – | C22: 0.5 | X22: 0.47916667 | Y22: – | Z22: 0.5
A24: 0.5 | B24: – | C24: 0.52083333 | X24: 0.5 | Y24: – | Z24: 0.52083333
A26: 0.52083333 | B26: – | C26: 0.54166667 | X26: 0.52083333 | Y26: – | Z26: 0.54166667
A28: 0.54166667 | B28: – | C28: 0.5625 | L28: Instrumentos y Mercados Financieros GD 60102219 [Inglés] | P28: Instrumentos y Mercados Financieros GT [1] 60102219 [Inglés] | X28: 0.54166667 | Y28: – | Z28: 0.5625
A30: 0.5625 | B30: – | C30: 0.58333333 | X30: 0.5625 | Y30: – | Z30: 0.58333333
A32: 0.58333333 | B32: – | C32: 0.60416667 | X32: 0.58333333 | Y32: – | Z32: 0.60416667
A34: 0.60416667 | B34: – | C34: 0.625 | X34: 0.60416667 | Y34: – | Z34: 0.625
D37: [1] Semana Impar
D38: [2] Semana Par
D40: DURANTE LA PRIMERA SEMANA DE CLASE DEL CUATRIMESTRE SOLO SE IMPARTIRÁN LOS GRUPOS DOCENTES
C42: El horario de las asignaturas "Matemática de las Operaciones Financieras" e "Instrumentos y Mercados Financieros" está coordinado con el Grado en Matemáticas y NO PUEDE MODIFICARSE

Sheet FYCO 2ºB C1
A1: Titulación: | D1: Grado en Finanzas y Contabilidad (Plan 2010) | M1: Inicio
A2: Curso: | D2: 2º
A3: Grupo: | D3: B | F3: Aula: | G3: 13 | H3: Aulario: | I3: 4
A4: Cuatrimestre: | D4: 1º
D7: Lunes | H7: Martes | L7: Miércoles | P7: Jueves | T7: Viernes
A12: 0.66666667 | B12: – | C12: 0.6875 | D12: Estadística Avanzada GD 63102202 | H12: Macroeconomía GD 63102201 | L12: Estadística Avanzada GD[1] 63102202 | N12: Contabilidad financiera: Operaciones Reales. GT-B1 [2] 60102229 | P12: Derecho Mercantil y de la Competencia GT-B1 [1] 63102203 | R12: Contabilidad financiera: Operaciones Reales. GD [2] 60102229 | T12: Macroeconomía GD [1] 63102201 | V12: Macroeconomía GT-B1 [2] 63102201 | X12: 0.66666667 | Y12: – | Z12: 0.6875
A14: 0.6875 | B14: – | C14: 0.70833333 | X14: 0.6875 | Y14: – | Z14: 0.70833333
A16: 0.70833333 | B16: – | C16: 0.72916667 | X16: 0.70833333 | Y16: – | Z16: 0.72916667
A18: 0.72916667 | B18: – | C18: 0.75 | X18: 0.72916667 | Y18: – | Z18: 0.75
A20: 0.75 | B20: – | C20: 0.77083333 | D20: Contabilidad financiera: Operaciones Reales GD 60102229 | H20: Habilidades de dirección y gestión GD 63102204 | L20: Derecho Mercantil y de la Competencia GD 63102203 | P20: Habilidades de dirección y gestión GT-B1 [1] 63102204 | R20: Estadística Avanzada GT-B1 [2] 63102202 | T20: Derecho Mercantil y de la Competencia GD [1] 63102203 | V20: Macroeconomía GT-B2 [2] 63102201 | X20: 0.75 | Y20: – | Z20: 0.77083333
A22: 0.77083333 | B22: – | C22: 0.79166667 | X22: 0.77083333 | Y22: – | Z22: 0.79166667
A24: 0.79166667 | B24: – | C24: 0.8125 | X24: 0.79166667 | Y24: – | Z24: 0.8125
A26: 0.8125 | B26: – | C26: 0.83333333 | X26: 0.8125 | Y26: – | Z26: 0.83333333
A28: 0.83333333 | B28: – | C28: 0.85416667 | P28: Habilidades de dirección y gestión GD 63102204 | X28: 0.83333333 | Y28: – | Z28: 0.85416667
A30: 0.85416667 | B30: – | C30: 0.875 | X30: 0.85416667 | Y30: – | Z30: 0.875
D38: [1] Semana Impar
D39: [2] Semana Par
D42: DURANTE LA PRIMERA SEMANA DE CLASE DEL CUATRIMESTRE SOLO SE IMPARTIRÁN LOS GRUPOS DOCENTES

Sheet FYCO 2ºB C2
A1: Titulación: | D1: Grado en Finanzas y Contabilidad (Plan 2010) | M1: Inicio
A2: Curso: | D2: 2º
A3: Grupo: | D3: B | F3: Aula: | G3: 13 | H3: Aulario: | I3: 4
A4: Cuatrimestre: | D4: 2º
D7: Lunes | H7: Martes | L7: Miércoles | P7: Jueves | T7: Viernes
A10: 0.625 | B10: - | C10: 0.66666667 | L10: Matemática de las operaciones financieras GT-B2 60102214
A12: 0.66666667 | B12: – | C12: 0.6875 | D12: Contabilidad financiera: Operaciones Financieras GD 60102230 | H12: Contabilidad Pública GD [1] 60102207 | J12: Contabilidad Pública GT B1 [2] 60102207 | L12: Contabilidad Pública GD 60102207 | P12: Matemática de las operaciones financieras GT-B1 [1] 60102214 | R12: Instrumentos y Mercados Financieros GD [2] 60102219 | T12: Contabilidad financiera: Operaciones Financieras GT-B1 [1] 60102230 | V12: Matemática de las operaciones financieras GD [2] 60102214 | X12: 0.66666667 | Y12: – | Z12: 0.6875
A14: 0.6875 | B14: – | C14: 0.70833333 | X14: 0.6875 | Y14: – | Z14: 0.70833333
A16: 0.70833333 | B16: – | C16: 0.72916667 | X16: 0.70833333 | Y16: – | Z16: 0.72916667
A18: 0.72916667 | B18: – | C18: 0.75 | X18: 0.72916667 | Y18: – | Z18: 0.75
A20: 0.75 | B20: – | C20: 0.77083333 | D20: Instrumentos y Mercados Financieros GD 60102219 | H20: Matemática de las operaciones financieras GD 60102214 | L20: Contabilidad de Costes GD 60102210 | P20: Instrumentos y Mercados Financieros GT-B1 [1] 60102219 | R20: Contabilidad financiera: Operaciones Financieras GD [2] 60102230 | T20: Contabilidad de Costes GD [1] 60102210 | V20: Contabilidad de Costes GT-B1 [2] 60102210 | X20: 0.75 | Y20: – | Z20: 0.77083333
A22: 0.77083333 | B22: – | C22: 0.79166667 | X22: 0.77083333 | Y22: – | Z22: 0.79166667
A24: 0.79166667 | B24: – | C24: 0.8125 | X24: 0.79166667 | Y24: – | Z24: 0.8125
A26: 19:30:0 -20:00 | X26: 0.8125 | Y26: – | Z26: 0.83333333
A29: 0.83333333 | B29: – | C29: 0.85416667 | X29: 0.83333333 | Y29: – | Z29: 0.85416667
A31: 0.85416667 | B31: – | C31: 0.875 | X31: 0.85416667 | Y31: – | Z31: 0.875
D39: [1] Semana Impar
D40: [2] Semana Par
D42: DURANTE LA PRIMERA SEMANA DE CLASE DEL CUATRIMESTRE SOLO SE IMPARTIRÁN LOS GRUPOS DOCENTES
D44: Se podrán recuperar clases, en caso de ser necesario, los viernes en horario de mañana
B46: El horario de las asignaturas "Matemática de las Operaciones Financieras" e "Instrumentos y Mercados Financieros" está coordinado con el Grado en Matemáticas y NO PUEDE MODIFICARSE

Sheet FYCO 3ºA C1
A1: Titulación: | D1: Grado en Finanzas y Contabilidad (Plan 2010) | N1: Inicio
A2: Curso: | D2: 3º
A3: Grupo: | D3: A | F3: Aula: | G3: 4 | H3: Aulario: | I3: 1
A4: Cuatrimestre: | D4: 1º
D7: Lunes | I7: Martes | M7: Miércoles | R7: Jueves | V7: Viernes
A8: 0.33333333 | B8: – | C8: 0.35416667 | Z8: 0.33333333 | AA8: – | AB8: 0.35416667
A10: 0.35416667 | B10: – | C10: 0.375 | Z10: 0.35416667 | AA10: – | AB10: 0.375
A12: 0.375 | B12: – | C12: 0.39583333 | D12: Dirección Financiera I: Financiación GD 60103216 | I12: Operaciones Financieras Avanzadas GD 60103215 | M12: La riqueza y Responsabilidad Social Corporativa GD 60103301 | R12: Operaciones Financieras Avanzadas GT-A1 [1] 60103215 | T12: Operaciones Financieras Avanzadas GT-A2 [2] 60103215 | Z12: 0.375 | AA12: – | AB12: 0.39583333
A14: 0.39583333 | B14: – | C14: 0.41666667 | Z14: 0.39583333 | AA14: – | AB14: 0.41666667
A16: 0.41666667 | B16: – | C16: 0.4375 | Z16: 0.41666667 | AA16: – | AB16: 0.4375
A18: 0.4375 | B18: – | C18: 0.45833333 | Z18: 0.4375 | AA18: – | AB18: 0.45833333
A20: 0.45833333 | B20: – | C20: 0.47916667 | D20: Contabilidad financiera avanzada GD 60103206 | I20: Control directivo GD 60103211 | M20: Contabilidad financiera avanzada GT-A1 [1] 60103206 | P20: Contabilidad financiera avanzada GT-A2 [2] 60103206 | R20: Control directivo GT-A1 [1] 60103211 | T20: Dirección Financiera I: Financiación GT-A2 [2] 60103216 | Z20: 0.45833333 | AA20: – | AB20: 0.47916667
A22: 0.47916667 | B22: – | C22: 0.5 | Z22: 0.47916667 | AA22: – | AB22: 0.5
A24: 0.5 | B24: – | C24: 0.52083333 | Z24: 0.5 | AA24: – | AB24: 0.52083333
A26: 0.52083333 | B26: – | C26: 0.54166667 | Z26: 0.52083333 | AA26: – | AB26: 0.54166667
A28: 0.54166667 | B28: – | C28: 0.5625 | I28: Gestión de las Organizaciones sin ánimo de lucro GT-A1 [1] 60103302 | K28: La riqueza y Responsabilidad Social Corporativa GT-A1 [2] 60103301 | M28: Gestión de las Organizaciones sin ánimo de lucro GD 60103302 | R28: Control directivo GT-A2 [1] 60103211 | T28: Dirección Financiera I: Financiación GT-A1 [2] 60103216 | Z28: 0.54166667 | AA28: – | AB28: 0.5625
A30: 0.5625 | B30: – | C30: 0.58333333 | Z30: 0.5625 | AA30: – | AB30: 0.58333333
A32: 0.58333333 | B32: – | C32: 0.60416667 | Z32: 0.58333333 | AA32: – | AB32: 0.60416667
A34: 0.60416667 | B34: – | C34: 0.625 | Z34: 0.60416667 | AA34: – | AB34: 0.625
D38: [1] Semana Impar
D39: [2] Semana Par
D41: DURANTE LA PRIMERA SEMANA DE CLASE DEL CUATRIMESTRE SOLO SE IMPARTIRÁN LOS GRUPOS DOCENTES
D43: El horario de la asignatura "Operaciones Financieras Avanzadas" está coordinado con el Grado en Matemáticas y NO PUEDE MODIFICARSE

Sheet FYCO 3ºA C2
A1: Titulación: | D1: Grado en Finanzas y Contabilidad (Plan 2010) | M1: Inicio
A2: Curso: | D2: 3º
A3: Grupo: | D3: A | F3: Aula: | G3: 4 | H3: Aulario: | I3: 1
A4: Cuatrimestre: | D4: 2º
D7: Lunes | H7: Martes | L7: Miércoles | P7: Jueves | T7: Viernes
A8: 0.33333333 | B8: – | C8: 0.35416667 | X8: 0.33333333 | Y8: – | Z8: 0.35416667
A10: 0.35416667 | B10: – | C10: 0.375 | X10: 0.35416667 | Y10: – | Z10: 0.375
A12: 0.375 | B12: – | C12: 0.39583333 | H12: Estados Financieros I. Elaboración GD 60103212 | L12: Consolidación de Estados Financieros GT-A1 [1] 60103208 | N12: Dirección Financiera II: Inversión GT-A2 [2] 60103217 | P12: Gestión Financiera GT-A1 [1] 60103218 | R12: Productos financieros de previsión GT-A2 [2] 60103221 | T12: Espacio reservado para recuperar clases | X12: 0.375 | Y12: – | Z12: 0.39583333
A14: 0.39583333 | B14: – | C14: 0.41666667 | X14: 0.39583333 | Y14: – | Z14: 0.41666667
A16: 0.41666667 | B16: – | C16: 0.4375 | X16: 0.41666667 | Y16: – | Z16: 0.4375
A18: 0.4375 | B18: – | C18: 0.45833333 | X18: 0.4375 | Y18: – | Z18: 0.45833333
A20: 0.45833333 | B20: – | C20: 0.47916667 | D20: Gestión Financiera GD 60103218 | H20: Dirección Financiera II: Inversión GD 60103217 | L20: Consolidación de Estados Financieros GT-A2 [1] 60103208 | N20: Dirección Financiera II: Inversión GT-A1[2] 60103217 | P20: Gestión Financiera GT-A2 [1] 60103218 | X20: 0.45833333 | Y20: – | Z20: 0.47916667
A22: 0.47916667 | B22: – | C22: 0.5 | X22: 0.47916667 | Y22: – | Z22: 0.5
A24: 0.5 | B24: – | C24: 0.52083333 | X24: 0.5 | Y24: – | Z24: 0.52083333
A26: 0.52083333 | B26: – | C26: 0.54166667 | X26: 0.52083333 | Y26: – | Z26: 0.54166667
A28: 0.54166667 | B28: – | C28: 0.5625 | D28: Productos financieros de previsión GD 60103221 | H28: Consolidación de Estados Financieros GD 60103208 | L28: Estados Financieros I. Elaboración GT-A1 [1] 60103212 | P28: Estados Financieros I. Elaboración GT-A2 [1] 60103212 | R28: Productos financieros de previsión GT-A1 [2] 60103221 | X28: 0.54166667 | Y28: – | Z28: 0.5625
A30: 0.5625 | B30: – | C30: 0.58333333 | X30: 0.5625 | Y30: – | Z30: 0.58333333
A32: 0.58333333 | B32: – | C32: 0.60416667 | X32: 0.58333333 | Y32: – | Z32: 0.60416667
A34: 0.60416667 | B34: – | C34: 0.625 | X34: 0.60416667 | Y34: – | Z34: 0.625
D38: [1] Semana Impar
D39: [2] Semana Par
D41: DURANTE LA PRIMERA SEMANA DE CLASE DEL CUATRIMESTRE SOLO SE IMPARTIRÁN LOS GRUPOS DOCENTES
D43: El horario de la asignatura "Productos Financieros de Previsión" está coordinado con el Grado en Matemáticas y NO PUEDE MODIFICARSE

Sheet FYCO 3ºA C2 Inglés
A1: Titulación: | D1: Grado en Finanzas y Contabilidad (Plan 2010) | M1: Inicio
A2: Curso: | D2: 3º
A3: Grupo: | D3: A | F3: Aula: | G3: 20 | H3: Aulario: | I3: 4
A4: Cuatrimestre: | D4: 2º
D7: Lunes | H7: Martes | L7: Miércoles | Q7: Jueves | U7: Viernes
A8: 0.33333333 | B8: – | C8: 0.35416667 | Y8: 0.33333333 | Z8: – | AA8: 0.35416667
A10: 0.35416667 | B10: – | C10: 0.375 | Y10: 0.35416667 | Z10: – | AA10: 0.375
A12: 0.375 | B12: – | C12: 0.39583333 | U12: Espacio reservado para recuperar clases | Y12: 0.375 | Z12: – | AA12: 0.39583333
A14: 0.39583333 | B14: – | C14: 0.41666667 | Y14: 0.39583333 | Z14: – | AA14: 0.41666667
A16: 0.41666667 | B16: – | C16: 0.4375 | Y16: 0.41666667 | Z16: – | AA16: 0.4375
A18: 0.4375 | B18: – | C18: 0.45833333 | Y18: 0.4375 | Z18: – | AA18: 0.45833333
A20: 0.45833333 | B20: – | C20: 0.47916667 | N20: Estados Financieros I Ingles GT A1 [2] 60103212 | Y20: 0.45833333 | Z20: – | AA20: 0.47916667
A22: 0.47916667 | B22: – | C22: 0.5 | Y22: 0.47916667 | Z22: – | AA22: 0.5
A24: 0.5 | B24: – | C24: 0.52083333 | Y24: 0.5 | Z24: – | AA24: 0.52083333
A26: 0.52083333 | B26: – | C26: 0.54166667 | Y26: 0.52083333 | Z26: – | AA26: 0.54166667
A28: 0.54166667 | B28: – | C28: 0.5625 | L28: Estados Financieros I Ingles GD 60103212 | Y28: 0.54166667 | Z28: – | AA28: 0.5625
A30: 0.5625 | B30: – | C30: 0.58333333 | Y30: 0.5625 | Z30: – | AA30: 0.58333333
A32: 0.58333333 | B32: – | C32: 0.60416667 | Y32: 0.58333333 | Z32: – | AA32: 0.60416667
A34: 0.60416667 | B34: – | C34: 0.625 | Y34: 0.60416667 | Z34: – | AA34: 0.625
D38: [1] Semana Impar
D39: [2] Semana Par
D41: DURANTE LA PRIMERA SEMANA DE CLASE DEL CUATRIMESTRE SOLO SE IMPARTIRÁN LOS GRUPOS DOCENTES
D43: El horario de la asignatura "Productos Financieros de Previsión" está coordinado con el Grado en Matemáticas y NO PUEDE MODIFICARSE

Sheet FYCO 4ºA C1
A1: Titulación: | D1: Grado en Finanzas y Contabilidad (Plan 2010) | M1: Inicio
A2: Curso: | D2: 4º | S2: HASTA EL 6 DE NOVIEMBRE DE 2026
A3: Grupo: | D3: A | F3: Aula: | G3: 26 | H3: Aulario: | I3: 4
A4: Cuatrimestre: | D4: 1º
D7: Lunes | H7: Martes | L7: Miércoles | P7: Jueves | T7: Viernes
A8: 0.33333333 | B8: – | C8: 0.35416667 | X8: 0.33333333 | Y8: – | Z8: 0.35416667
A10: 0.35416667 | B10: – | C10: 0.375 | X10: 0.35416667 | Y10: – | Z10: 0.375
A12: 0.375 | B12: – | C12: 0.39583333 | D12: Inversión y gestión de carteras de activos financieros GD 60104220 | H12: Auditoría Financiera GD 60104209 | L12: Estados financieros II. Análisis GT-A2 60104213 | P12: Auditoría Financiera 60104209 GT-A1 60104209 | T12: Auditoría Financiera GD 60104209 | X12: 0.375 | Y12: – | Z12: 0.39583333
A14: 0.39583333 | B14: – | C14: 0.41666667 | X14: 0.39583333 | Y14: – | Z14: 0.41666667
A16: 0.41666667 | B16: – | C16: 0.4375 | X16: 0.41666667 | Y16: – | Z16: 0.4375
A18: 0.4375 | B18: – | C18: 0.45833333 | X18: 0.4375 | Y18: – | Z18: 0.45833333
A20: 0.45833333 | B20: – | C20: 0.47916667 | D20: Estados financieros II. Análisis GD 60104213 | H20: Contabilidad y fiscalidad GD 60104222 | L20: Estados financieros II. Análisis GD 60104213 | P20: Contabilidad y fiscalidad GD 60104222 | X20: 0.45833333 | Y20: – | Z20: 0.47916667
A22: 0.47916667 | B22: – | C22: 0.5 | X22: 0.47916667 | Y22: – | Z22: 0.5
A24: 0.5 | B24: – | C24: 0.52083333 | X24: 0.5 | Y24: – | Z24: 0.52083333
A26: 0.52083333 | B26: – | C26: 0.54166667 | X26: 0.52083333 | Y26: – | Z26: 0.54166667
A28: 0.54166667 | B28: – | C28: 0.5625 | D28: Inversión y gestión de carteras de activos financieros GT-A1 60104220 | H28: Estados financieros II. Análisis GT-A1 60104213 | J28: Contabilidad y fiscalidad GT-A2 60104222 | L28: Contabilidad y fiscalidad GT-A1 60104222 | N28: Auditoría Financiera 60104209 GT-A2 | P28: Inversión y gestión de carteras de activos financieros GD 60104220 | X28: 0.54166667 | Y28: – | Z28: 0.5625
A30: 0.5625 | B30: – | C30: 0.58333333 | X30: 0.5625 | Y30: – | Z30: 0.58333333
A32: 0.58333333 | B32: – | C32: 0.60416667 | X32: 0.58333333 | Y32: – | Z32: 0.60416667
A34: 0.60416667 | B34: – | C34: 0.625 | X34: 0.60416667 | Y34: – | Z34: 0.625
A36: 0.625 | B36: – | C36: 0.64583333
A38: 0.64583333 | B38: – | C38: 0.66666667
A40: 0.66666667 | B40: – | C40: 0.6875
A42: 0.6875 | B42: – | C42: 0.70833333
A44: 0.70833333 | B44: – | C44: 0.72916667
A46: 0.72916667 | B46: – | C46: 0.75
D49: Clase de Recuperación variable se utilizará para las asignaturas que lo requieran a demanda. Contactar con el coordinador de curso y decanato
E51: [1] Semana Impar
E52: [2] Semana Par
D55: El horario de la asignatura "Inversión y Gestión de Carteras de Activos Financieros" está coordinado con el Grado en Matemáticas y NO PUEDE MODIFICARSE

Sheet FYCO 4ºA C1 Inglés
A1: Titulación: | D1: Grado en Finanzas y Contabilidad (Plan 2010) | M1: Inicio
A2: Curso: | D2: 4º | R2: HASTA EL 6 DE NOVIEMBRE DE 2026
A3: Grupo: | D3: ING | F3: Aula: | G3: 7 | H3: Aulario: | I3: 1
A4: Cuatrimestre: | D4: 1º
D7: Lunes | H7: Martes | L7: Miércoles | P7: Jueves | T7: Viernes
A8: 0.33333333 | B8: – | C8: 0.35416667 | X8: 0.33333333 | Y8: – | Z8: 0.35416667
A10: 0.35416667 | B10: – | C10: 0.375 | X10: 0.35416667 | Y10: – | Z10: 0.375
A12: 0.375 | B12: – | C12: 0.39583333 | P12: Inversión y gestión de carteras de activos financieros GD 60104220 ( Inglés) | X12: 0.375 | Y12: – | Z12: 0.39583333
A14: 0.39583333 | B14: – | C14: 0.41666667 | X14: 0.39583333 | Y14: – | Z14: 0.41666667
A16: 0.41666667 | B16: – | C16: 0.4375 | X16: 0.41666667 | Y16: – | Z16: 0.4375
A18: 0.4375 | B18: – | C18: 0.45833333 | X18: 0.4375 | Y18: – | Z18: 0.45833333
A20: 0.45833333 | B20: – | C20: 0.47916667 | T20: Inversión y gestión de carteras de activos financieros GD 60104220 ( Inglés) | X20: 0.45833333 | Y20: – | Z20: 0.47916667
A22: 0.47916667 | B22: – | C22: 0.5 | X22: 0.47916667 | Y22: – | Z22: 0.5
A24: 0.5 | B24: – | C24: 0.52083333 | X24: 0.5 | Y24: – | Z24: 0.52083333
A26: 0.52083333 | B26: – | C26: 0.54166667 | X26: 0.52083333 | Y26: – | Z26: 0.54166667
A28: 0.54166667 | B28: – | C28: 0.5625 | T28: Inversión y gestión de carteras de activos financieros GT-A1 60104220 ( Inglés) | X28: 0.54166667 | Y28: – | Z28: 0.5625
A30: 0.5625 | B30: – | C30: 0.58333333 | X30: 0.5625 | Y30: – | Z30: 0.58333333
A32: 0.58333333 | B32: – | C32: 0.60416667 | X32: 0.58333333 | Y32: – | Z32: 0.60416667
A34: 0.60416667 | B34: – | C34: 0.625 | X34: 0.60416667 | Y34: – | Z34: 0.625
D38: [1] Semana Impar
D39: [2] Semana Par
D41: DURANTE LA PRIMERA SEMANA DE CLASE DEL CUATRIMESTRE SOLO SE IMPARTIRÁN LOS GRUPOS DOCENTES
D43: El horario de la asignatura "Productos Financieros de Previsión" está coordinado con el Grado en Matemáticas y NO PUEDE MODIFICARSE

Sheet FYCO 4ºA C2
A1: Titulación: | D1: Grado en Finanzas y Contabilidad (Plan 2010) | M1: Inicio
A2: Curso: | D2: 4º
A3: Grupo: | D3: A | F3: Aula: | G3: 26 | H3: Aulario: | I3: 4 | T3: HASTA EL 16 DE ABRIL DE 2027
A4: Cuatrimestre: | D4: 2º
D7: Lunes | H7: Martes | L7: Miércoles | P7: Jueves | T7: Viernes
A8: 0.33333333 | B8: – | C8: 0.35416667 | X8: 0.33333333 | Y8: – | Z8: 0.35416667
A10: 0.35416667 | B10: – | C10: 0.375 | X10: 0.35416667 | Y10: – | Z10: 0.375
A12: 0.375 | B12: – | C12: 0.39583333 | D12: Creación de Empresas GD 63104226 | H12: Estrategia Corporativa GD 60104223 | L12: Estrategia Corporativa GT-A1 60104223 | P12: Espacio reservado para recuperar clases | T12: Espacio reservado para recuperar clases | X12: 0.375 | Y12: – | Z12: 0.39583333
A14: 0.39583333 | B14: – | C14: 0.41666667 | X14: 0.39583333 | Y14: – | Z14: 0.41666667
A16: 0.41666667 | B16: – | C16: 0.4375 | X16: 0.41666667 | Y16: – | Z16: 0.4375
A18: 0.4375 | B18: – | C18: 0.45833333 | X18: 0.4375 | Y18: – | Z18: 0.45833333
A20: 0.45833333 | B20: – | C20: 0.47916667 | D20: Estrategia Corporativa GD 60104223 | H20: Contabilidad y fiscalidad GD 60104222 | L20: Contabilidad y fiscalidad GT-A1 60104222 | N20: Contabilidad y fiscalidad GT-A2 60104222 | P20: Creación de Empresas GT-A2 63104226 | X20: 0.45833333 | Y20: – | Z20: 0.47916667
A22: 0.47916667 | B22: – | C22: 0.5 | X22: 0.47916667 | Y22: – | Z22: 0.5
A24: 0.5 | B24: – | C24: 0.52083333 | X24: 0.5 | Y24: – | Z24: 0.52083333
A26: 0.52083333 | B26: – | C26: 0.54166667 | X26: 0.52083333 | Y26: – | Z26: 0.54166667
A28: 0.54166667 | B28: – | C28: 0.5625 | D28: Contabilidad y fiscalidad GD 60104222 | H28: Creación de Empresas GD 63104226 | L28: Creación de Empresas GT-A1 63104226 | P28: Espacio reservado para recuperar clases | X28: 0.54166667 | Y28: – | Z28: 0.5625
A30: 0.5625 | B30: – | C30: 0.58333333 | X30: 0.5625 | Y30: – | Z30: 0.58333333
A32: 0.58333333 | B32: – | C32: 0.60416667 | X32: 0.58333333 | Y32: – | Z32: 0.60416667
A34: 0.60416667 | B34: – | C34: 0.625 | X34: 0.60416667 | Y34: – | Z34: 0.625
A36: 0.625 | B36: – | C36: 0.64583333
A38: 0.64583333 | B38: – | C38: 0.66666667
A40: 0.66666667 | B40: – | C40: 0.6875
A42: 0.6875 | B42: – | C42: 0.70833333
A44: 0.70833333 | B44: – | C44: 0.72916667
A46: 0.72916667 | B46: – | C46: 0.75
D49: Clase de Recuperación variable se utilizará para las asignaturas que lo requieran a demanda. Contactar con el coordinador de curso y decanato
D51: [1] Semana Impar
D52: [2] Semana Par

Sheet  GMark 2ºA C1
A1: Titulación: | D1: Grado en Marketing e Investigación de Mercados (Plan 2010) | M1: Inicio
A2: Curso: | D2: 2º
A3: Grupo: | D3: A | F3: Aula: | G3: 5 | H3: Aulario: | I3: 1
A4: Cuatrimestre: | D4: 1º
D7: Lunes | H7: Martes | L7: Miércoles | P7: Jueves | T7: Viernes
A8: 0.33333333 | B8: – | C8: 0.35416667 | X8: 0.33333333 | Y8: – | Z8: 0.35416667
A10: 0.35416667 | B10: – | C10: 0.375 | X10: 0.35416667 | Y10: – | Z10: 0.375
A12: 0.375 | B12: – | C12: 0.39583333 | D12: Estadística Avanzada GD [1] 63102202 | F12: Derecho Mercantil y de la Competencia GT-A2 [2] 63102203 | H12: Planificación de Marketing GT-A1 [1] 67102205 | J12: Planificación de Marketing GD [2] 67102205 | L12: Derecho Mercantil y de la Competencia GD [1] 63102203 | N12: Habilidades de dirección y gestión GT-A1 [2] 63102204 | P12: Planificación de Marketing GD 67102205 | T12: Macroeconomía GD 63102201 | X12: 0.375 | Y12: – | Z12: 0.39583333
A14: 0.39583333 | B14: – | C14: 0.41666667 | X14: 0.39583333 | Y14: – | Z14: 0.41666667
A16: 0.41666667 | B16: – | C16: 0.4375 | X16: 0.41666667 | Y16: – | Z16: 0.4375
A18: 0.4375 | B18: – | C18: 0.45833333 | X18: 0.4375 | Y18: – | Z18: 0.45833333
A20: 0.45833333 | B20: – | C20: 0.47916667 | D20: Planificación de Marketing GT-A2 [1] 67102205 | F20: Habilidades de dirección y gestión GT-A2 [2] 63102204 | H20: Macroeconomía GT-A1 [1] 63102201 | J20: Derecho Mercantil y de la Competencia GT-A1 [2] 63102203 | L20: Habilidades de dirección y gestión GD [1] 63102204 | N20: Macroeconomía GD [2] 63102201 | P20: Estadística Avanzada GD 63102202 | T20: Derecho Mercantil y de la Competencia GD 63102203 | X20: 0.45833333 | Y20: – | Z20: 0.47916667
A22: 0.47916667 | B22: – | C22: 0.5 | X22: 0.47916667 | Y22: – | Z22: 0.5
A24: 0.5 | B24: – | C24: 0.52083333 | X24: 0.5 | Y24: – | Z24: 0.52083333
A26: 0.52083333 | B26: – | C26: 0.54166667 | X26: 0.52083333 | Y26: – | Z26: 0.54166667
A28: 0.54166667 | B28: – | C28: 0.5625 | D28: Habilidades de dirección y gestión GD 63102204 | H28: Estadística Avanzada GT-A1 [1] 63102202 | J28: Estadística Avanzada GT-A2 [2] 63102202 | P28: Macroeconomía GT-A2 [1] 63102201 | X28: 0.54166667 | Y28: – | Z28: 0.5625
A30: 0.5625 | B30: – | C30: 0.58333333 | X30: 0.5625 | Y30: – | Z30: 0.58333333
A32: 0.58333333 | B32: – | C32: 0.60416667 | X32: 0.58333333 | Y32: – | Z32: 0.60416667
A34: 0.60416667 | B34: – | C34: 0.625 | X34: 0.60416667 | Y34: – | Z34: 0.625
D38: [1] Semana Impar
D39: [2] Semana Par
D42: DURANTE LA PRIMERA SEMANA DE CLASE DEL CUATRIMESTRE SOLO SE IMPARTIRÁN LOS GRUPOS DOCENTES

Sheet  GMark 2ºA C2
A1: Titulación: | D1: Grado en Marketing e Investigación de Mercados (Plan 2010) | M1: Inicio
A2: Curso: | D2: 2º
A3: Grupo: | D3: A | F3: Aula: | G3: 5 | H3: Aulario: | I3: 1
A4: Cuatrimestre: | D4: 2º
A5: Aula:
D7: Lunes | H7: Martes | L7: Miércoles | P7: Jueves | T7: Viernes
A8: 0.33333333 | B8: – | C8: 0.35416667 | X8: 0.33333333 | Y8: – | Z8: 0.35416667
A10: 0.35416667 | B10: – | C10: 0.375 | X10: 0.35416667 | Y10: – | Z10: 0.375
A12: 0.375 | B12: – | C12: 0.39583333 | D12: Análisis del Consumidor GD 67102208 | H12: Organización de Empresas GT-A2 [1] 67102223 | J12: Organización de Empresas GT-A1 [2] 67102223 | L12: Contabilidad Aplicada a las Decisiones Comerciales GD [1] 67102213 | P12: Organización de Empresas GD [1] 67102223 | R12: Productos, marcas y precios GT-A2 [2] 67102207 | T12: Contabilidad Aplicada a las Decisiones Comerciales GT-A2 [1] 67102213 | V12: Análisis del Consumidor GD [2] 67102208 | X12: 0.375 | Y12: – | Z12: 0.39583333
A14: 0.39583333 | B14: – | C14: 0.41666667 | X14: 0.39583333 | Y14: – | Z14: 0.41666667
A16: 0.41666667 | B16: – | C16: 0.4375 | X16: 0.41666667 | Y16: – | Z16: 0.4375
A18: 0.4375 | B18: – | C18: 0.45833333 | X18: 0.4375 | Y18: – | Z18: 0.45833333
A20: 0.45833333 | B20: – | C20: 0.47916667 | D20: Organización de Empresas GD 67102223 | H20: Contabilidad Aplicada a las Decisiones Comerciales GD 67102213 | L20: Entorno Económico GD [1] 67102212 | P20: Análisis del Consumidor GT-A1 [1] 67102208 | R20: Entorno Económico GT-A1 [2] 67102212 | T20: Análisis del Consumidor GT-A2 [1] 67102208 | V20: Entorno Económico GT-A2 [2] 67102212 | X20: 0.45833333 | Y20: – | Z20: 0.47916667
A22: 0.47916667 | B22: – | C22: 0.5 | X22: 0.47916667 | Y22: – | Z22: 0.5
A24: 0.5 | B24: – | C24: 0.52083333 | X24: 0.5 | Y24: – | Z24: 0.52083333
A26: 0.52083333 | B26: – | C26: 0.54166667 | X26: 0.52083333 | Y26: – | Z26: 0.54166667
A28: 0.54166667 | B28: – | C28: 0.5625 | D28: Entorno Económico GD 67102212 | H28: Productos, marcas y precios GD 67102207 | L28: Productos, marcas y precios GD [1] 67102207 | P28: Contabilidad Aplicada a las Decisiones Comerciales GT-A1 [1] 67102213 | R28: Productos, marcas y precios GT-A1 [2] 67102207 | X28: 0.54166667 | Y28: – | Z28: 0.5625
A30: 0.5625 | B30: – | C30: 0.58333333 | X30: 0.5625 | Y30: – | Z30: 0.58333333
A32: 0.58333333 | B32: – | C32: 0.60416667 | X32: 0.58333333 | Y32: – | Z32: 0.60416667
A34: 0.60416667 | B34: – | C34: 0.625 | X34: 0.60416667 | Y34: – | Z34: 0.625
D38: [1] Semana Impar
D39: [2] Semana Par
D42: DURANTE LA PRIMERA SEMANA DE CLASE DEL CUATRIMESTRE SOLO SE IMPARTIRÁN LOS GRUPOS DOCENTES

Sheet  GMark 2º C2 Ingles
A1: Titulación: | D1: Grado en Marketing e Investigación de Mercados (Plan 2010) | M1: Inicio
A2: Curso: | D2: 2º
A3: Grupo: | D3: Inglés | F3: Aula: | H3: Aulario:
A4: Cuatrimestre: | D4: 2º
D7: Lunes | H7: Martes | L7: Miércoles | P7: Jueves | T7: Viernes
A8: 0.33333333 | B8: – | C8: 0.35416667 | X8: 0.33333333 | Y8: – | Z8: 0.35416667
A10: 0.35416667 | B10: – | C10: 0.375 | X10: 0.35416667 | Y10: – | Z10: 0.375
A12: 0.375 | B12: – | C12: 0.39583333 | H12: Organización de Empresas ING GD 67102223 | P12: Organización de Empresas GT-ING [1] 67102223 | X12: 0.375 | Y12: – | Z12: 0.39583333
A14: 0.39583333 | B14: – | C14: 0.41666667 | X14: 0.39583333 | Y14: – | Z14: 0.41666667
A16: 0.41666667 | B16: – | C16: 0.4375 | X16: 0.41666667 | Y16: – | Z16: 0.4375
A18: 0.4375 | B18: – | C18: 0.45833333 | X18: 0.4375 | Y18: – | Z18: 0.45833333
A20: 0.45833333 | B20: – | C20: 0.47916667 | X20: 0.45833333 | Y20: – | Z20: 0.47916667
A22: 0.47916667 | B22: – | C22: 0.5 | X22: 0.47916667 | Y22: – | Z22: 0.5
A24: 0.5 | B24: – | C24: 0.52083333 | X24: 0.5 | Y24: – | Z24: 0.52083333
A26: 0.52083333 | B26: – | C26: 0.54166667 | X26: 0.52083333 | Y26: – | Z26: 0.54166667
A28: 0.54166667 | B28: – | C28: 0.5625 | N28: Organización de Empresas ING GD [2] 67102223 | X28: 0.54166667 | Y28: – | Z28: 0.5625
A30: 0.5625 | B30: – | C30: 0.58333333 | X30: 0.5625 | Y30: – | Z30: 0.58333333
A32: 0.58333333 | B32: – | C32: 0.60416667 | X32: 0.58333333 | Y32: – | Z32: 0.60416667
A34: 0.60416667 | B34: – | C34: 0.625 | X34: 0.60416667 | Y34: – | Z34: 0.625
D38: [1] Semana Impar
D39: [2] Semana Par
D42: DURANTE LA PRIMERA SEMANA DE CLASE DEL CUATRIMESTRE SOLO SE IMPARTIRÁN LOS GRUPOS DOCENTES

Sheet  GMark 3ºA C1
A1: Titulación: | D1: Grado en Marketing e Investigación de Mercados (Plan 2010) | M1: Inicio
A2: Curso: | D2: 3º
A3: Grupo: | D3: A | F3: Aula: | G3: 7 | H3: Aulario: | I3: 1
A4: Cuatrimestre: | D4: 1º
D7: Lunes | H7: Martes | L7: Miércoles | P7: Jueves | T7: Viernes
A8: 0.33333333 | B8: – | C8: 0.35416667 | X8: 0.33333333 | Y8: – | Z8: 0.35416667
A10: 0.35416667 | B10: – | C10: 0.375 | X10: 0.35416667 | Y10: – | Z10: 0.375
A12: 0.375 | B12: – | C12: 0.39583333 | D12: Análisis Estadístico de Datos GT-A1 [1] 67103225 | F12: Investigación de mercados GT-A1 [2] 67103209 | H12: Gestión de Recursos Humanos GT-A2 [1] 67103224 | J12: Investigación de mercados GT-A2 [2] 67103209 | L12: Gestión de Recursos Humanos GD 67103224 | X12: 0.375 | Y12: – | Z12: 0.39583333
A14: 0.39583333 | B14: – | C14: 0.41666667 | X14: 0.39583333 | Y14: – | Z14: 0.41666667
A16: 0.41666667 | B16: – | C16: 0.4375 | X16: 0.41666667 | Y16: – | Z16: 0.4375
A18: 0.4375 | B18: – | C18: 0.45833333 | X18: 0.4375 | Y18: – | Z18: 0.45833333
A20: 0.45833333 | B20: – | C20: 0.47916667 | D20: Gestión de Recursos Humanos GT-A1 [1] 67103224 | F20: Introducción a la Distribución Comercial GT-A1 [2] 67103217 | H20: Análisis Estadístico de Datos GT-A2 [1] 67103225 | J20: Introducción a la Distribución Comercial GT-A2 [2] 67103217 | L20: Investigación de mercados GD 67103209 | P20: Comunicación de marketing I. GD 67103214 | X20: 0.45833333 | Y20: – | Z20: 0.47916667
A22: 0.47916667 | B22: – | C22: 0.5 | X22: 0.47916667 | Y22: – | Z22: 0.5
A24: 0.5 | B24: – | C24: 0.52083333 | X24: 0.5 | Y24: – | Z24: 0.52083333
A26: 0.52083333 | B26: – | C26: 0.54166667 | X26: 0.52083333 | Y26: – | Z26: 0.54166667
A28: 0.54166667 | B28: – | C28: 0.5625 | D28: Comunicación de marketing I. GT-A1 [1] 67103214 | H28: Comunicación de marketing I. GT-A2 [1] 67103214 | L28: Análisis Estadístico de Datos GD 67103225 | P28: Introducción a la Distribución Comercial GD 67103217 | X28: 0.54166667 | Y28: – | Z28: 0.5625
A30: 0.5625 | B30: – | C30: 0.58333333 | X30: 0.5625 | Y30: – | Z30: 0.58333333
A32: 0.58333333 | B32: – | C32: 0.60416667 | X32: 0.58333333 | Y32: – | Z32: 0.60416667
A34: 0.60416667 | B34: – | C34: 0.625 | X34: 0.60416667 | Y34: – | Z34: 0.625
D38: [1] Semana Impar
D39: [2] Semana Par
D42: DURANTE LA PRIMERA SEMANA DE CLASE DEL CUATRIMESTRE SOLO SE IMPARTIRÁN LOS GRUPOS DOCENTES

Sheet  GMark 3ºA C2
A1: Titulación: | D1: Grado en Marketing e Investigación de Mercados (Plan 2010) | M1: Inicio
A2: Curso: | D2: 3º
A3: Grupo: | D3: A | F3: Aula: | G3: 7 | H3: Aulario: | I3: 1
A4: Cuatrimestre: | D4: 2º
D7: Lunes | H7: Martes | L7: Miércoles | P7: Jueves | T7: Viernes
A8: 0.33333333 | B8: – | C8: 0.35416667 | X8: 0.33333333 | Y8: – | Z8: 0.35416667
A10: 0.35416667 | B10: – | C10: 0.375 | X10: 0.35416667 | Y10: – | Z10: 0.375
A12: 0.375 | B12: – | C12: 0.39583333 | D12: Dirección de ventas GD 67103218 | H12: Marketing No Lucrativo GD 67103221 | L12: Dirección de ventas GT-A1 [1] 67103218 | N12: Marketing No Lucrativo GT-A1 [2] 67103221 | P12: Dirección de ventas GT-A2 [1] 67103218 | R12: Marketing No Lucrativo GT-A2 [2] 67103221 | X12: 0.375 | Y12: – | Z12: 0.39583333
A14: 0.39583333 | B14: – | C14: 0.41666667 | X14: 0.39583333 | Y14: – | Z14: 0.41666667
A16: 0.41666667 | B16: – | C16: 0.4375 | X16: 0.41666667 | Y16: – | Z16: 0.4375
A18: 0.4375 | B18: – | C18: 0.45833333 | X18: 0.4375 | Y18: – | Z18: 0.45833333
A20: 0.45833333 | B20: – | C20: 0.47916667 | D20: Comunicación de marketing II GD 67103215 | H20: Distribución comercial minorista GD 67103219 | L20: Comunicación de marketing II GT-A1 [1] 67103215 | N20: Distribución comercial minorista GT-A1 [2] 67103219 | P20: Comunicación de marketing II GT-A2 [1] 67103215 | R20: Distribución comercial minorista GT-A2 [2] 67103219 | X20: 0.45833333 | Y20: – | Z20: 0.47916667
A22: 0.47916667 | B22: – | C22: 0.5 | X22: 0.47916667 | Y22: – | Z22: 0.5
A24: 0.5 | B24: – | C24: 0.52083333 | X24: 0.5 | Y24: – | Z24: 0.52083333
A26: 0.52083333 | B26: – | C26: 0.54166667 | X26: 0.52083333 | Y26: – | Z26: 0.54166667
A28: 0.54166667 | B28: – | C28: 0.5625 | H28: Investigación Cualitativa GD 67103211 | N28: Investigación Cualitativa GT-A1 [2] 67103211 | R28: Investigación Cualitativa GT-A2 [2] 67103211 | X28: 0.54166667 | Y28: – | Z28: 0.5625
A30: 0.5625 | B30: – | C30: 0.58333333 | X30: 0.5625 | Y30: – | Z30: 0.58333333
A32: 0.58333333 | B32: – | C32: 0.60416667 | X32: 0.58333333 | Y32: – | Z32: 0.60416667
A34: 0.60416667 | B34: – | C34: 0.625 | X34: 0.60416667 | Y34: – | Z34: 0.625
D38: [1] Semana Impar
D39: [2] Semana Par
D42: DURANTE LA PRIMERA SEMANA DE CLASE DEL CUATRIMESTRE SOLO SE IMPARTIRÁN LOS GRUPOS DOCENTES

Sheet GMark 4ºA C1
A1: Titulación: | D1: Grado en Marketing e Investigación de Mercados (Plan 2010) | M1: Inicio
A2: Curso: | D2: 4º | Q2: HASTA EL 6 DE NOVIEMBRE DE 2026
A3: Grupo: | D3: A | F3: Aula: | G3: 21 | H3: Aulario: | I3: 1
A4: Cuatrimestre: | D4: 1º
D7: Lunes | H7: Martes | L7: Miércoles | P7: Jueves | T7: Viernes
A8: 0.33333333 | B8: – | C8: 0.35416667 | X8: 0.33333333 | Y8: – | Z8: 0.35416667
A10: 0.35416667 | B10: – | C10: 0.375 | X10: 0.35416667 | Y10: – | Z10: 0.375
A12: 0.375 | B12: – | C12: 0.39583333 | D12: Marketing estratégico GD 67104206 | H12: Gestión integral de la imagen GD 67104216 | L12: Gestión integral de la imagen GD 67104216 | P12: Logística de la distribución GT-A1 67104220 | T12: Marketing estratégico GT-A1 67104206 | X12: 0.375 | Y12: – | Z12: 0.39583333
A14: 0.39583333 | B14: – | C14: 0.41666667 | X14: 0.39583333 | Y14: – | Z14: 0.41666667
A16: 0.41666667 | B16: – | C16: 0.4375 | X16: 0.41666667 | Y16: – | Z16: 0.4375
A18: 0.4375 | B18: – | C18: 0.45833333 | X18: 0.4375 | Y18: – | Z18: 0.45833333
A20: 0.45833333 | B20: – | C20: 0.47916667 | D20: Investigación de Mercados Aplicada GD 67104210 | H20: Marketing estratégico GD 67104206 | L20: Investigación de Mercados Aplicada GD 67104210 | P20: Logística de la distribución GT-A2 67104220 | T20: Investigación de Mercados Aplicada GT-A1 67104210 | V20: Gestión integral de la imagen GT-A2 67104216 | X20: 0.45833333 | Y20: – | Z20: 0.47916667
A22: 0.47916667 | B22: – | C22: 0.5 | X22: 0.47916667 | Y22: – | Z22: 0.5
A24: 0.5 | B24: – | C24: 0.52083333 | X24: 0.5 | Y24: – | Z24: 0.52083333
A26: 0.52083333 | B26: – | C26: 0.54166667 | X26: 0.52083333 | Y26: – | Z26: 0.54166667
A28: 0.54166667 | B28: – | C28: 0.5625 | D28: Logística de la distribución GD 67104220 | H28: Logística de la distribución GD 67104220 | L28: Clase de Recuperación variable | P28: Marketing estratégico GT-A2 67104206 | T28: Gestión integral de la imagen GT-A1 67104216 | V28: Investigación de Mercados Aplicada GT-A2 67104210 | X28: 0.54166667 | Y28: – | Z28: 0.5625
A30: 0.5625 | B30: – | C30: 0.58333333 | X30: 0.5625 | Y30: – | Z30: 0.58333333
A32: 0.58333333 | B32: – | C32: 0.60416667 | X32: 0.58333333 | Y32: – | Z32: 0.60416667
A34: 0.60416667 | B34: – | C34: 0.625 | X34: 0.60416667 | Y34: – | Z34: 0.625
A36: 0.625 | B36: – | C36: 0.64583333
A38: 0.64583333 | B38: – | C38: 0.66666667
A40: 0.66666667 | B40: – | C40: 0.6875
A42: 0.6875 | B42: – | C42: 0.70833333
A44: 0.70833333 | B44: – | C44: 0.72916667
A46: 0.72916667 | B46: – | C46: 0.75
D49: Clase de Recuperación variable se utilizará para las asignaturas que lo requieran a demanda. Contactar con el coordinador de curso y decanato
D51: [1] Semana Impar
D52: [2] Semana Par

Sheet GMark 4ºA C2
A1: Titulación: | D1: Grado en Marketing e Investigación de Mercados (Plan 2010) | M1: Inicio
A2: Curso: | D2: 4º
A3: Grupo: | D3: A | F3: Aula: | G3: 21 | H3: Aulario: | I3: 1 | S3: HASTA EL 16 DE ABRIL DE 2027
A4: Cuatrimestre: | D4: 2º
D7: Lunes | H7: Martes | L7: Miércoles | P7: Jueves | T7: Viernes
A8: 0.33333333 | B8: – | C8: 0.35416667 | X8: 0.33333333 | Y8: – | Z8: 0.35416667
A10: 0.35416667 | B10: – | C10: 0.375 | X10: 0.35416667 | Y10: – | Z10: 0.375
A12: 0.375 | B12: – | C12: 0.39583333 | D12: Comercio Electrónico GD 67104301 | H12: Marketing Internacional GT-A2 67104222 | L12: Marketing Internacional GT-A1 67104222 | P12: Comercio Electrónico GD 67104301 | T12: Gestión de la relación con los clientes GD 67104302 | X12: 0.375 | Y12: – | Z12: 0.39583333
A14: 0.39583333 | B14: – | C14: 0.41666667 | X14: 0.39583333 | Y14: – | Z14: 0.41666667
A16: 0.41666667 | B16: – | C16: 0.4375 | X16: 0.41666667 | Y16: – | Z16: 0.4375
A18: 0.4375 | B18: – | C18: 0.45833333 | X18: 0.4375 | Y18: – | Z18: 0.45833333
A20: 0.45833333 | B20: – | C20: 0.47916667 | D20: Marketing Internacional GD 67104222 | H20: Creación de Empresas GT-A1 63104226 | L20: Gestión de la relación con los clientes GT-A1 67104302 | P20: Creación de Empresas GD 63104226 | T20: Marketing Internacional GD 67104222 | X20: 0.45833333 | Y20: – | Z20: 0.47916667
A22: 0.47916667 | B22: – | C22: 0.5 | X22: 0.47916667 | Y22: – | Z22: 0.5
A24: 0.5 | B24: – | C24: 0.52083333 | X24: 0.5 | Y24: – | Z24: 0.52083333
A26: 0.52083333 | B26: – | C26: 0.54166667 | X26: 0.52083333 | Y26: – | Z26: 0.54166667
A28: 0.54166667 | B28: – | C28: 0.5625 | D28: Gestión de la relación con los clientes GD 67104302 | H28: Comercio Electrónico GT1 67104301 | T28: Creación de Empresas GD 63104226 | X28: 0.54166667 | Y28: – | Z28: 0.5625
A30: 0.5625 | B30: – | C30: 0.58333333 | X30: 0.5625 | Y30: – | Z30: 0.58333333
A32: 0.58333333 | B32: – | C32: 0.60416667 | X32: 0.58333333 | Y32: – | Z32: 0.60416667
A34: 0.60416667 | B34: – | C34: 0.625 | X34: 0.60416667 | Y34: – | Z34: 0.625
A36: 0.625 | B36: – | C36: 0.64583333
A38: 0.64583333 | B38: – | C38: 0.66666667
A40: 0.66666667 | B40: – | C40: 0.6875
A42: 0.6875 | B42: – | C42: 0.70833333
A44: 0.70833333 | B44: – | C44: 0.72916667
A46: 0.72916667 | B46: – | C46: 0.75
D49: Clase de Recuperación variable se utilizará para las asignaturas que lo requieran a demanda. Contactar con el coordinador de curso y decanato
D51: [1] Semana Impar
D52: [2] Semana Par

Sheet GEco 2ºA C1
A1: Titulación: | D1: Grado en Economía (Plan 2019) y Doble Grado en Economía y Matemáticas | Q1: Inicio
A2: Curso: | D2: 2º
A3: Grupo: | D3: A | F3: Aula: | G3: 12 | H3: Aulario: | I3: 4
A4: Cuatrimestre: | D4: 1º
H7: DG ECOyMAT reservado matemáticas | N7: DG ECOyMAT reservado matemáticas | T7: DG ECOyMAT reservado matemáticas | Z7: DG ECOyMAT reservado matemáticas | AF7: DG ECOyMAT reservado matemáticas
D8: Lunes | J8: Martes | P8: Miércoles | V8: Jueves | AB8: Viernes
A9: 0.33333333 | B9: – | C9: 0.35416667 | AH9: 0.33333333 | AI9: – | AJ9: 0.35416667
A11: 0.35416667 | B11: – | C11: 0.375 | AH11: 0.35416667 | AI11: – | AJ11: 0.375
A13: 0.375 | B13: – | C13: 0.39583333 | D13: Microeconomía II GT-A1 [1] 63192215 | F13: Microeconomía II GD [2] 63192215 | J13: Economía Mundial GD [1] 63192211 | L13: Macroeconomía GT-A2 [2] 63102201 | N13: todas las semanas | P13: Economía Mundial GD 63192211 | T13: todas las semanas | V13: Macroeconomía GD 63102201 | AB13: Microeconomía II GT-A2 [1] 63192215 | AF13: todas las semanas | AH13: 0.375 | AI13: – | AJ13: 0.39583333
A15: 0.39583333 | B15: – | C15: 0.41666667 | AH15: 0.39583333 | AI15: – | AJ15: 0.41666667
A17: 0.41666667 | B17: – | C17: 0.4375 | N17: todas las semanas | T17: todas las semanas | AF17: todas las semanas | AH17: 0.41666667 | AI17: – | AJ17: 0.4375
A19: 0.4375 | B19: – | C19: 0.45833333 | AH19: 0.4375 | AI19: – | AJ19: 0.45833333
A21: 0.45833333 | B21: – | C21: 0.47916667 | D21: Economía Mundial GT-A1 [1] 63192211 | F21: Macroeconomía GT-A1 [2] 63102201 | H21: semanas impares | J21: Economía Mundial GT-A2 [1] 63192211 | L21: Estadística Avanzada GT-A2 [2] 63102202 | N21: todas las semanas | P21: Estadística Avanzada GD 63102202 | T21: todas las semanas | V21: Microeconomía II GD 63192215 | AB21: Estadística Avanzada GD [1] 63102202 | AF21: todas las semanas | AH21: 0.45833333 | AI21: – | AJ21: 0.47916667
A23: 0.47916667 | B23: – | C23: 0.5 | AH23: 0.47916667 | AI23: – | AJ23: 0.5
A25: 0.5 | B25: – | C25: 0.52083333 | H25: semanas impares | N25: todas las semanas | T25: todas las semanas | AB25: Estadística Avanzada GD 63102202 | AF25: todas las semanas | AH25: 0.5 | AI25: – | AJ25: 0.52083333
A27: 0.52083333 | B27: – | C27: 0.54166667 | AH27: 0.52083333 | AI27: – | AJ27: 0.54166667
A29: 0.54166667 | B29: – | C29: 0.5625 | D29: Habilidades de dirección y gestión GT-A1 [1] 63102204 | F29: Estadística Avanzada GT-A1 [2] 63102202 | H29: todas las semanas | J29: Habilidades de dirección y gestión GT-A2 [1] 63102204 | N29: todas las semanas | P29: Macroeconomía GD [1] 63102201 | R29: Habilidades de dirección y gestión GD [2] 63102204 | T29: semanas pares | V29: Habilidades de dirección y gestión GD 63102204 | Z29: todas las semanas | AF29: todas las semanas | AH29: 0.54166667 | AI29: – | AJ29: 0.5625
A31: 0.5625 | B31: – | C31: 0.58333333 | AH31: 0.5625 | AI31: – | AJ31: 0.58333333
A33: 0.58333333 | B33: – | C33: 0.60416667 | H33: todas las semanas | N33: todas las semanas | T33: semanas pares | Z33: todas las semanas | AF33: todas las semanas | AH33: 0.58333333 | AI33: – | AJ33: 0.60416667
A35: 0.60416667 | B35: – | C35: 0.625 | AH35: 0.60416667 | AI35: – | AJ35: 0.625
D38: [1] Semana Impar
D39: [2] Semana Par
D41: DURANTE LA PRIMERA SEMANA DE CLASE DEL CUATRIMESTRE SOLO SE IMPARTIRÁN LOS GRUPOS DOCENTES
D43: Este horario está coordinado con el Grado en Matemáticas y NO PUEDE MODIFICARSE
D45: Asignaturas de la Facultad de Empresariales para los alumnos del Doble Grado en ECOyMAT: Macroeconomía y Microeconomía II
D47: Los alumnos del Doble Grado en ECOyMAT siempre van al GTA1 y dicho GT se completa con alumnos de los grados sencillos

Sheet  GEco 2ºA C2
A1: Titulación: | D1: Grado en Economía (Plan 2019) y Doble Grado en Economía y Matemáticas | Q1: Inicio
A2: Curso: | D2: 2º
A3: Grupo: | D3: A | F3: Aula: | G3: 12 | H3: Aulario: | I3: 4
A4: Cuatrimestre: | D4: 2º
H7: DG ECOyMAT reservado matemáticas | N7: DG ECOyMAT reservado matemáticas | T7: DG ECOyMAT reservado matemáticas | Z7: DG ECOyMAT reservado matemáticas | AF7: DG ECOyMAT reservado matemáticas
D8: Lunes | J8: Martes | P8: Miércoles | V8: Jueves | AB8: Viernes
A9: 0.33333333 | B9: – | C9: 0.35416667 | AH9: 0.33333333 | AI9: – | AJ9: 0.35416667
A11: 0.35416667 | B11: – | C11: 0.375 | AH11: 0.35416667 | AI11: – | AJ11: 0.375
A13: 0.375 | B13: – | C13: 0.39583333 | D13: Macroeconomía II GT-A1 [1] 63192212 | F13: Economía del Sector Público GT-A1 [2] 63192207 | J13: Historia Económica de España GT-A2 [1] 63192220 | L13: Matemáticas Avanzadas GT-A2 [2] 63192204 | N13: todas las semanas | T13: Introducción al Marketing de 1ºG 63101108 GD | V13: Historia Económica de España GD 63192220 | Z13: todas las semanas | AB13: Macroeconomía II GD 63192212 | AH13: 0.375 | AI13: – | AJ13: 0.39583333
A15: 0.39583333 | B15: – | C15: 0.41666667 | AH15: 0.39583333 | AI15: – | AJ15: 0.41666667
A17: 0.41666667 | B17: – | C17: 0.4375 | N17: todas las semanas | Z17: todas las semanas | AH17: 0.41666667 | AI17: – | AJ17: 0.4375
A19: 0.4375 | B19: – | C19: 0.45833333 | AH19: 0.4375 | AI19: – | AJ19: 0.45833333
A21: 0.45833333 | B21: – | C21: 0.47916667 | D21: Economía Española GT-A1 [1] 63192209 | F21: Matemáticas Avanzadas GT-A1 [2] 63192204 | H21: semanas impares | I21: Introducción al Marketing de 1ºG 63101108 GT-G2 [2] | J21: Macroeconomía II GT-A2 [1] 63192212 | L21: Economía del Sector Público GT-A2 [2] 63192207 | N21: todas las semanas | P21: Matemáticas Avanzadas GD [1] 63192204 | R21: Historia Económica de España GD [2] 63192220 | T21: todas las semanas | V21: Economía del Sector Público GD [1] 63192207 | X21: Macroeconomía II GD [2] 63192212 | AB21: Matemáticas Avanzadas GD 63192204 | AF21: Introducción al Marketing de 1ºG 63101108 GD [1] | AG21: semanas pares | AH21: 0.45833333 | AI21: – | AJ21: 0.47916667
A23: 0.47916667 | B23: – | C23: 0.5 | AH23: 0.47916667 | AI23: – | AJ23: 0.5
A25: 0.5 | B25: – | C25: 0.52083333 | H25: semanas impares | N25: todas las semanas | T25: todas las semanas | AG25: semanas pares | AH25: 0.5 | AI25: – | AJ25: 0.52083333
A27: 0.52083333 | B27: – | C27: 0.54166667 | AH27: 0.52083333 | AI27: – | AJ27: 0.54166667
A29: 0.54166667 | B29: – | C29: 0.5625 | F29: Historia Económica de España GT-A1 [2] 63192220 | H29: todas las semanas | J29: Economía Española GT-A2 [1] 63192209 | N29: Introducción al Marketing de 1ºG 63101108 GT-G1 [2] | P29: Economía del Sector Público GD 63192207 | V29: Economía Española GD 63192209 | Z29: todas las semanas | AB29: Economía Española GD 63192209 | AF29: todas las semanas | AH29: 0.54166667 | AI29: – | AJ29: 0.5625
A31: 0.5625 | B31: – | C31: 0.58333333 | AH31: 0.5625 | AI31: – | AJ31: 0.58333333
A33: 0.58333333 | B33: – | C33: 0.60416667 | H33: todas las semanas | Z33: todas las semanas | AF33: todas las semanas | AH33: 0.58333333 | AI33: – | AJ33: 0.60416667
A35: 0.60416667 | B35: – | C35: 0.625 | AH35: 0.60416667 | AI35: – | AJ35: 0.625
D38: [1] Semana Impar
D39: [2] Semana Par
D41: DURANTE LA PRIMERA SEMANA DE CLASE DEL CUATRIMESTRE SOLO SE IMPARTIRÁN LOS GRUPOS DOCENTES
D43: Este horario está coordinado con el Grado en Matemáticas y NO PUEDE MODIFICARSE
D45: Asignaturas de la Facultad de Empresariales para los alumnos del DG ECOyMAT: Introducción al Marketing (asisten a la clase del grupo 1ºG), Macroeconomía II, Economía del Sector Público
D47: Los alumnos del Doble Grado en ECOyMAT siempre van al GTA1 y dicho GT se completa con alumnos de los grados sencillos

Sheet GEco 3ºA C1
A1: Titulación: | D1: Grado en Economía (Plan 2019) y Doble Grado en Economía y Matemáticas | Q1: Inicio
A2: Curso: | D2: 3º
A3: Grupo: | D3: A | E3: Aula: | F3: 18 | G3: Aulario: | H3: 4
A4: Cuatrimestre: | D4: 1º
H7: DG ECOyMAT reservado matemáticas | N7: DG ECOyMAT reservado matemáticas | T7: DG ECOyMAT reservado matemáticas | Z7: DG ECOyMAT reservado matemáticas | AD7: DG ECOyMAT reservado matemáticas
D8: Lunes | J8: Martes | P8: Miércoles | V8: Jueves
A9: 0.33333333 | B9: – | C9: 0.35416667 | AF9: 0.33333333 | AG9: – | AH9: 0.35416667
A11: 0.35416667 | B11: – | C11: 0.375 | AF11: 0.35416667 | AG11: – | AH11: 0.375
A13: 0.375 | B13: – | C13: 0.39583333 | D13: Macroeconomía III GD 63193213 | J13: Econometría I. GD 63193205 | N13: Economía Mundial GD [1] 63192211 | O13: Introducción al Derecho GT-G1 [2] 63101102 | T13: Economia Mundial GD 63192211 | V13: Sistema Fiscal I GT-A2 [1] 63193217 | X13: Macroeconomía III GT-A1 [1] 63193213 | Z13: Microeconomía III GT-A2 [2] 63193216 | AD13: todas las semanas | AF13: 0.375 | AG13: – | AH13: 0.39583333
A15: 0.39583333 | B15: – | C15: 0.41666667 | AF15: 0.39583333 | AG15: – | AH15: 0.41666667
A17: 0.41666667 | B17: – | C17: 0.4375 | AD17: todas las semanas | AF17: 0.41666667 | AG17: – | AH17: 0.4375
A19: 0.4375 | B19: – | C19: 0.45833333 | AF19: 0.4375 | AG19: – | AH19: 0.45833333
A21: 0.45833333 | B21: – | C21: 0.47916667 | D21: Macroeconomía III GT-A2 [1] 63193213 | H21: Economía Mundial GT-A1 [1] 63192211 | I21: Introducción al Derecho GT-G2 [2] 63101102 | J21: Economía de la Unión Europea GD 63193210 | N21: Economía Mundial GT-A2 [1] 63192211 | O21: semanas pares | P21: Sistema Fiscal I GT-A1 [1] 63193217 | R21: Econometría I. GT-A1 [2] 63193205 | T21: todas las semanas | V21: Econometría I. GT-A2 [1] 63193205 | Z21: Microeconomía III GT-A1 [2] 63193216 | AD21: Introducción al Derecho GD [1] 63101102 | AE21: semanas pares | AF21: 0.45833333 | AG21: – | AH21: 0.47916667
A23: 0.47916667 | B23: – | C23: 0.5 | AF23: 0.47916667 | AG23: – | AH23: 0.5
A25: 0.5 | B25: – | C25: 0.52083333 | O25: semanas pares | T25: todas las semanas | AE25: semanas pares | AF25: 0.5 | AG25: – | AH25: 0.52083333
A27: 0.52083333 | B27: – | C27: 0.54166667 | AF27: 0.52083333 | AG27: – | AH27: 0.54166667
A29: 0.54166667 | B29: – | C29: 0.5625 | D29: Microeconomía III GD 63193216 | J29: Sistema Fiscal I GD 63193217 | N29: todas las semanas | P29: Economía de la Unión Europea GT-A1 [1] 63193210 | R29: Economía de la Unión Europea GT-A2 [2] 63193210 | T29: Introducción al Derecho GD 63101102 | Z29: todas las semanas | AD29: todas las semanas | AF29: 0.54166667 | AG29: – | AH29: 0.5625
A31: 0.5625 | B31: – | C31: 0.58333333 | AF31: 0.5625 | AG31: – | AH31: 0.58333333
A33: 0.58333333 | B33: – | C33: 0.60416667 | N33: todas las semanas | Z33: todas las semanas | AD33: todas las semanas | AF33: 0.58333333 | AG33: – | AH33: 0.60416667
A35: 0.60416667 | B35: – | C35: 0.625 | AF35: 0.60416667 | AG35: – | AH35: 0.625
D38: [1] Semana Impar
D39: [2] Semana Par
D41: DURANTE LA PRIMERA SEMANA DE CLASE DEL CUATRIMESTRE SOLO SE IMPARTIRÁN LOS GRUPOS DOCENTES
D43: Este horario está coordinado con el Grado en Matemáticas y NO PUEDE MODIFICARSE
D45: Asignaturas de la Facultad de Empresariales para los alumnos del DG ECOyMAT: Introducción al Derecho (asisten a la clase del grupo 1ºG), Economía Mundial (asisten a la clase del grupo 2ºA), Microeconomía III y Macroeconomía III
D48: Los alumnos del Doble Grado en ECOyMAT siempre van al GTA1 y dicho GT se completa con alumnos de los grados sencillos

Sheet  GEco 3ºA C2
A1: Titulación: | D1: Grado en Economía (Plan 2019) y Doble Grado en Economía y Matemáticas | Q1: Inicio
A2: Curso: | D2: 3º
A3: Grupo: | D3: A | F3: Aula: | G3: 18 | J3: Aulario: | K3: 4
A4: Cuatrimestre: | D4: 2º
H7: DG ECOyMAT reservado matemáticas | N7: DG ECOyMAT reservado matemáticas | Q7: 120 | T7: DG ECOyMAT reservado matemáticas | Z7: DG ECOyMAT reservado matemáticas | AF7: DG ECOyMAT reservado matemáticas
D8: Lunes | J8: Martes | P8: Miércoles | V8: Jueves | AB8: Viernes
A9: 0.33333333 | B9: – | C9: 0.35416667 | AH9: 0.33333333 | AI9: – | AJ9: 0.35416667
A11: 0.35416667 | B11: – | C11: 0.375 | AH11: 0.35416667 | AI11: – | AJ11: 0.375
A13: 0.375 | B13: – | C13: 0.39583333 | F13: Econometría II GT-A1 [2] 63193206 | H13: todas las semanas | J13: Sistema Fiscal II GT-A1 [1] 63193218 | N13: todas las semanas | P13: Econometría II GD 63193206 | T13: todas las semanas | V13: Historia del Pensamiento Económico GD 63193221 | Z13: todas las semanas | AB13: Economía Financiera GT-A1 [1] 63193222 | AF13: semanas pares | AH13: 0.375 | AI13: – | AJ13: 0.39583333
A15: 0.39583333 | B15: – | C15: 0.41666667 | AH15: 0.39583333 | AI15: – | AJ15: 0.41666667
A17: 0.41666667 | B17: – | C17: 0.4375 | H17: todas las semanas | N17: todas las semanas | T17: todas las semanas | Z17: todas las semanas | AF17: semanas pares | AH17: 0.41666667 | AI17: – | AJ17: 0.4375
A19: 0.4375 | B19: – | C19: 0.45833333 | AH19: 0.4375 | AI19: – | AJ19: 0.45833333
A21: 0.45833333 | B21: – | C21: 0.47916667 | D21: Hacienda Pública Española GT-A1 [1] 63193208 | F21: Historia del Pensamiento Económico GT-A1 [2] 63193221 | H21: semanas pares | J21: Sistema Fiscal II GT-A2 [1] 63193218 | L21: Historia del Pensamiento Económico GT-A2 [2] 63193221 | N21: todas las semanas | P21: Hacienda Pública Española GD 63193208 | V21: Sistema Fiscal II GD 63193218 | Z21: todas las semanas | AB21: Economía Financiera GT-A2 [1] 63193222 | AF21: todas las semanas | AH21: 0.45833333 | AI21: – | AJ21: 0.47916667
A23: 0.47916667 | B23: – | C23: 0.5 | AH23: 0.47916667 | AI23: – | AJ23: 0.5
A25: 0.5 | B25: – | C25: 0.52083333 | H25: semanas pares | N25: todas las semanas | Z25: todas las semanas | AF25: todas las semanas | AH25: 0.5 | AI25: – | AJ25: 0.52083333
A27: 0.52083333 | B27: – | C27: 0.54166667 | AH27: 0.52083333 | AI27: – | AJ27: 0.54166667
A29: 0.54166667 | B29: – | C29: 0.5625 | D29: Hacienda Pública Española GT-A2 [1] 63193208 | F29: Econometría II GT-A2 [2] 63193206 | H29: todas las semanas | N29: todas las semanas | P29: Economía Financiera GD 63193222 | Z29: todas las semanas | AF29: todas las semanas | AH29: 0.54166667 | AI29: – | AJ29: 0.5625
A31: 0.5625 | B31: – | C31: 0.58333333 | AH31: 0.5625 | AI31: – | AJ31: 0.58333333
A33: 0.58333333 | B33: – | C33: 0.60416667 | H33: todas las semanas | N33: todas las semanas | Z33: todas las semanas | AF33: todas las semanas | AH33: 0.58333333 | AI33: – | AJ33: 0.60416667
A35: 0.60416667 | B35: – | C35: 0.625 | AH35: 0.60416667 | AI35: – | AJ35: 0.625
D38: [1] Semana Impar
D39: [2] Semana Par
D41: DURANTE LA PRIMERA SEMANA DE CLASE DEL CUATRIMESTRE SOLO SE IMPARTIRÁN LOS GRUPOS DOCENTES
D43: Este horario está coordinado con el Grado en Matemáticas y NO PUEDE MODIFICARSE
D45: Asignaturas de la Facultad de Empresariales para los alumnos del DG ECOyMAT: Hacienda Pública Española y Economía Financiera
D48: Los alumnos del Doble Grado en ECOyMAT siempre van al GTA1 y dicho GT se completa con alumnos de los grados sencillos

Sheet GEco 4ºA C1
A1: Titulación: | D1: Grado en Economía (Plan 2019) | M1: Inicio
A2: Curso: | D2: 4º | R2: HASTA EL 6 DE NOVIEMBRE DE 2026
A3: Grupo: | D3: A | F3: Aula: | H3: Aulario:
A4: Cuatrimestre: | D4: 1º
D7: Lunes | H7: Martes | L7: Miércoles | P7: Jueves | T7: Viernes
A8: 0.33333333 | B8: – | C8: 0.35416667 | X8: 0.33333333 | Y8: – | Z8: 0.35416667
A10: 0.35416667 | B10: – | C10: 0.375 | X10: 0.35416667 | Y10: – | Z10: 0.375
A12: 0.375 | B12: – | C12: 0.39583333 | D12: Economía de las Organizaciones GD 63194622 | H12: Economía de las Organizaciones GD 63194622 | L12: Derecho Mercantil y de la Competencia GT 63102203 | N12: Microeconomía IV GT 63194611 | P12: Derecho Mercantil y de la Competencia GD 63102203 | R12: Microeconomía IV GD 63194611 | T12: Derecho Mercantil y de la Competencia GD 63102203 | V12: Microeconomía IV GD 63194611 | X12: 0.375 | Y12: – | Z12: 0.39583333
A14: 0.39583333 | B14: – | C14: 0.41666667 | X14: 0.39583333 | Y14: – | Z14: 0.41666667
A16: 0.41666667 | B16: – | C16: 0.4375 | X16: 0.41666667 | Y16: – | Z16: 0.4375
A18: 0.4375 | B18: – | C18: 0.45833333 | X18: 0.4375 | Y18: – | Z18: 0.45833333
A20: 0.45833333 | B20: – | C20: 0.47916667 | D20: Economía y Comercio Internacional GD 63194214 | H20: Economía y Comercio Internacional GT-A1 63194214 | L20: Economía de las Organizaciones GT 63194622 | N20: Macroecomía IV GT 63194612 | P20: Economía y Comercio Internacional GD 63194214 | V20: Macroecomía IV GD 63194612 | X20: 0.45833333 | Y20: – | Z20: 0.47916667
A22: 0.47916667 | B22: – | C22: 0.5 | X22: 0.47916667 | Y22: – | Z22: 0.5
A24: 0.5 | B24: – | C24: 0.52083333 | X24: 0.5 | Y24: – | Z24: 0.52083333
A26: 0.52083333 | B26: – | C26: 0.54166667 | X26: 0.52083333 | Y26: – | Z26: 0.54166667
A28: 0.54166667 | B28: – | C28: 0.5625 | F28: Macroecomía IV GD 63194612 | H28: Economía del Sector Agroalimentario GT-A1 63194219 | L28: Economía del Sector Agroalimentario GD 63194219 | P28: Economía del Sector Agroalimentario GD 63194219 | X28: 0.54166667 | Y28: – | Z28: 0.5625
A30: 0.5625 | B30: – | C30: 0.58333333 | X30: 0.5625 | Y30: – | Z30: 0.58333333
A32: 0.58333333 | B32: – | C32: 0.60416667 | X32: 0.58333333 | Y32: – | Z32: 0.60416667
A34: 0.60416667 | B34: – | C34: 0.625 | X34: 0.60416667 | Y34: – | Z34: 0.625
A36: 0.625 | B36: – | C36: 0.64583333
A38: 0.64583333 | B38: – | C38: 0.66666667
A40: 0.66666667 | B40: – | C40: 0.6875
A42: 0.6875 | B42: – | C42: 0.70833333 | D42: Los alumnos del Doble Grado en ECOyMAT siempre van al GTA1 y dicho GT se completa con alumnos de los grados sencillos
A44: 0.70833333 | B44: – | C44: 0.72916667
A46: 0.72916667 | B46: – | C46: 0.75
D51: Mención en Medio Ambiente y Desarrollo C1: Derecho Mercantil y de la Competencía y Economía de las Organizaciones
D52: Mención en Análisis Económico C1: Microeconomía IV y Macroeconomía IV

Sheet GEco 4ºA C2
A1: Titulación: | D1: Grado en Economía (Plan 2019) | M1: Inicio
A2: Curso: | D2: 4º | T2: HASTA EL 16 DE ABRIL DE 2027
A3: Grupo: | D3: A | F3: Aula: | H3: Aulario:
A4: Cuatrimestre: | D4: 2º
D7: Lunes | H7: Martes | L7: Miércoles | P7: Jueves | T7: Viernes
A8: 0.33333333 | B8: – | C8: 0.35416667 | X8: 0.33333333 | Y8: – | Z8: 0.35416667
A10: 0.35416667 | B10: – | C10: 0.375 | X10: 0.35416667 | Y10: – | Z10: 0.375
A12: 0.375 | B12: – | C12: 0.39583333 | D12: Pobreza, Migraciones y Coop. Des. GT-A1 63194624 | F12: Política Económica GT-A1 63194614 | X12: 0.375 | Y12: – | Z12: 0.39583333
A14: 0.39583333 | B14: – | C14: 0.41666667 | X14: 0.39583333 | Y14: – | Z14: 0.41666667
A16: 0.41666667 | B16: – | C16: 0.4375 | X16: 0.41666667 | Y16: – | Z16: 0.4375
A18: 0.4375 | B18: – | C18: 0.45833333 | X18: 0.4375 | Y18: – | Z18: 0.45833333
A20: 0.45833333 | B20: – | C20: 0.47916667 | D20: Econometría III GT-A1 63194613 | F20: Economía del Medio Ambiente GT- A1 63194623 | H20: Pobreza, Migraciones y Coop. Des. GD 63194624 | J20: Econometría III GD 63194613 | L20: Economía del Medio Ambiente GD 63194623 | N20: Política Económica GD 63194614 | P20: Pobreza, Migraciones y Coop. Des. GD 63194624 | R20: Econometría III GD 63194613 | X20: 0.45833333 | Y20: – | Z20: 0.47916667
A22: 0.47916667 | B22: – | C22: 0.5 | X22: 0.47916667 | Y22: – | Z22: 0.5
A24: 0.5 | B24: – | C24: 0.52083333 | X24: 0.5 | Y24: – | Z24: 0.52083333
A26: 0.52083333 | B26: – | C26: 0.54166667 | X26: 0.52083333 | Y26: – | Z26: 0.54166667
A28: 0.54166667 | B28: – | C28: 0.5625 | D28: Creación de Empresas GD 63104226 | H28: Economía del Medio Ambiente GD 63194623 | J28: Política Económica GD 63194614 | L28: Creación de Empresas GT-A1 63104226 | P28: Creación de Empresas GD 63104226 | X28: 0.54166667 | Y28: – | Z28: 0.5625
A30: 0.5625 | B30: – | C30: 0.58333333 | X30: 0.5625 | Y30: – | Z30: 0.58333333
A32: 0.58333333 | B32: – | C32: 0.60416667 | X32: 0.58333333 | Y32: – | Z32: 0.60416667
A34: 0.60416667 | B34: – | C34: 0.625 | X34: 0.60416667 | Y34: – | Z34: 0.625
A36: 0.625 | B36: – | C36: 0.64583333
A38: 0.64583333 | B38: – | C38: 0.66666667
A40: 0.66666667 | B40: – | C40: 0.6875
A42: 0.6875 | B42: – | C42: 0.70833333
A44: 0.70833333 | B44: – | C44: 0.72916667 | D44: Los alumnos del Doble Grado en ECOyMAT siempre van al GTA1 y dicho GT se completa con alumnos de los grados sencillos
A46: 0.72916667 | B46: – | C46: 0.75
D51: Mención en Medio Ambiente y Desarrollo C1: Economía del Medio Ambiente y Pobreza, Migraciones y Cooperación al Desarrollo
D52: Mención en Análisis Económico C1: Econometría III y Política Económica

Sheet Eco+Mat 4ºA C1
A1: Titulación: | D1: Doble Grado en Economía y Matemáticas | M1: Inicio
A2: Curso: | D2: 4º
A3: Grupo: | D3: A | F3: Aula: | H3: Aulario:
A4: Cuatrimestre: | D4: 1º | F4: MISMA AULA QUE 3º ECO
D7: Lunes | H7: Martes | N7: Miércoles | T7: Jueves | X7: Viernes
A8: 0.33333333 | B8: – | C8: 0.35416667 | F8: DG ECOyMAT reservado matemáticas | L8: DG ECOyMAT reservado matemáticas | R8: DG ECOyMAT reservado matemáticas | V8: DG ECOyMAT reservado matemáticas | Z8: DG ECOyMAT reservado matemáticas
A10: 0.35416667 | B10: – | C10: 0.375
A12: 0.375 | B12: – | C12: 0.39583333 | F12: todas las semanas | H12: Econometría I. GD 63193205 | R12: todas las semanas | V12: todas las semanas | Z12: todas las semanas
A14: 0.39583333 | B14: – | C14: 0.41666667
A16: 0.41666667 | B16: – | C16: 0.4375 | F16: todas las semanas | R16: todas las semanas | V16: todas las semanas | Z16: todas las semanas
A18: 0.4375 | B18: – | C18: 0.45833333
A20: 0.45833333 | B20: – | C20: 0.47916667 | F20: todas las semanas | L20: todas las semanas | N20: Sistema Fiscal I GT-A1 [1] 63193217 | P20: Econometría I. GT-A1 [2] 63193205 | V20: todas las semanas | Z20: todas las semanas
A22: 0.47916667 | B22: – | C22: 0.5
A24: 0.5 | B24: – | C24: 0.52083333 | F24: todas las semanas | L24: todas las semanas | V24: todas las semanas | Z24: todas las semanas
A26: 0.52083333 | B26: – | C26: 0.54166667
A28: 0.54166667 | B28: – | C28: 0.5625 | F28: todas las semanas | H28: Sistema Fiscal I GD 63193217 | R28: todas las semanas | V28: todas las semanas | Z28: todas las semanas
A30: 0.5625 | B30: – | C30: 0.58333333
A32: 0.58333333 | B32: – | C32: 0.60416667 | F32: todas las semanas | R32: todas las semanas | V32: todas las semanas | Z32: todas las semanas
A34: 0.60416667 | B34: – | C34: 0.625
D38: Los alumnos del Doble Grado en ECOyMAT siempre van al GTA1 y dicho GT se completa con alumnos de los grados sencillos
D51: Mención en Medio Ambiente y Desarrollo C1: Derecho Mercantil y de la Competencía y Economía de las Organizaciones
D52: Mención en Análisis Económico C1: Microeconomía IV y Macroeconomía IV

Sheet Eco+Mat 4ºA C2
A1: Titulación: | D1: Doble Grado en Economía y Matemáticas | M1: Inicio
A2: Curso: | D2: 4º
A3: Grupo: | D3: A | F3: Aula: | H3: Aulario:
A4: Cuatrimestre: | D4: 2º | F4: MISMA AULA 2º Y 3º ECO
D7: Lunes | J7: Martes | N7: Miércoles | T7: Jueves | X7: Viernes
A8: 0.33333333 | B8: – | C8: 0.35416667 | H8: DG ECOyMAT reservado matemáticas | L8: DG ECOyMAT reservado matemáticas | R8: DG ECOyMAT reservado matemáticas | AB8: DG ECOyMAT reservado matemáticas | AD8: 0.33333333 | AE8: – | AF8: 0.35416667
A10: 0.35416667 | B10: – | C10: 0.375 | AD10: 0.35416667 | AE10: – | AF10: 0.375
A12: 0.375 | B12: – | C12: 0.39583333 | F12: Econometría II GT-A1 [2] 63193206 | H12: semanas impares | J12: Sistema Fiscal II GT-A1 [1] 63193218 | L12: semanas pares | N12: Econometría II GD 63193206 | T12: Historia del Pensamiento Económico GD 63193221 | AB12: todas las semanas | AD12: 0.375 | AE12: – | AF12: 0.39583333
A14: 0.39583333 | B14: – | C14: 0.41666667 | AD14: 0.39583333 | AE14: – | AF14: 0.41666667
A16: 0.41666667 | B16: – | C16: 0.4375 | H16: semanas impares | L16: semanas pares | AB16: todas las semanas | AD16: 0.41666667 | AE16: – | AF16: 0.4375
A18: 0.4375 | B18: – | C18: 0.45833333 | AD18: 0.4375 | AE18: – | AF18: 0.45833333
A20: 0.45833333 | B20: – | C20: 0.47916667 | D20: Economía Española GT-A1 [1] 63192209 | F20: Historia del Pensamiento Económico GT-A1 [2] 63193221 | L20: todas las semanas | R20: todas las semanas | T20: Sistema Fiscal II GD 63193218 | AB20: todas las semanas | AD20: 0.45833333 | AE20: – | AF20: 0.47916667
A22: 0.47916667 | B22: – | C22: 0.5 | AD22: 0.47916667 | AE22: – | AF22: 0.5
A24: 0.5 | B24: – | C24: 0.52083333 | L24: todas las semanas | R24: todas las semanas | AB24: todas las semanas | AD24: 0.5 | AE24: – | AF24: 0.52083333
A26: 0.52083333 | B26: – | C26: 0.54166667 | AD26: 0.52083333 | AE26: – | AF26: 0.54166667
A28: 0.54166667 | B28: – | C28: 0.5625 | H28: todas las semanas | L28: todas las semanas | R28: todas las semanas | T28: Economía Española GD 63192209 | X28: Economía Española GD 63192209 | AD28: 0.54166667 | AE28: – | AF28: 0.5625
A30: 0.5625 | B30: – | C30: 0.58333333 | AD30: 0.5625 | AE30: – | AF30: 0.58333333
A32: 0.58333333 | B32: – | C32: 0.60416667 | H32: todas las semanas | L32: todas las semanas | R32: todas las semanas | AB32: todas las semanas | AD32: 0.58333333 | AE32: – | AF32: 0.60416667
A34: 0.60416667 | B34: – | C34: 0.625 | AD34: 0.60416667 | AE34: – | AF34: 0.625
A36: 0.625 | B36: – | C36: 0.64583333
A38: 0.64583333 | B38: – | C38: 0.66666667
A40: 0.66666667 | B40: – | C40: 0.6875
A42: 0.6875 | B42: – | C42: 0.70833333
A44: 0.70833333 | B44: – | C44: 0.72916667
A46: 0.72916667 | B46: – | C46: 0.75
D49: Los alumnos del Doble Grado en ECOyMAT siempre van al GTA1 y dicho GT se completa con alumnos de los grados sencillos
D51: Mención en Medio Ambiente y Desarrollo C1: Derecho Mercantil y de la Competencía y Economía de las Organizaciones
D52: Mención en Análisis Económico C1: Microeconomía IV y Macroeconomía IV

Sheet Eco+Mat 5ºA C1
A1: Titulación: | D1: Doble Grado en Economía y Matemáticas | M1: Inicio
A2: Curso: | D2: 5º
A3: Grupo: | D3: A | F3: Aula: | H3: Aulario:
A4: Cuatrimestre: | D4: 1º | F4: MISMA AULA QUE 4º ECO
D7: Lunes | H7: Martes | N7: Miércoles | T7: Jueves | X7: Viernes
A8: 0.33333333 | B8: – | C8: 0.35416667 | F8: DG ECOyMAT reservado matemáticas | L8: DG ECOyMAT reservado matemáticas | R8: DG ECOyMAT reservado matemáticas | V8: DG ECOyMAT reservado matemáticas | Z8: DG ECOyMAT reservado matemáticas
A10: 0.35416667 | B10: – | C10: 0.375
A12: 0.375 | B12: – | C12: 0.39583333 | F12: todas las semanas | L12: todas las semanas | R12: todas las semanas | V12: todas las semanas | Z12: todas las semanas
A14: 0.39583333 | B14: – | C14: 0.41666667
A16: 0.41666667 | B16: – | C16: 0.4375 | F16: todas las semanas | L16: todas las semanas | R16: todas las semanas | V16: todas las semanas | Z16: todas las semanas
A18: 0.4375 | B18: – | C18: 0.45833333
A20: 0.45833333 | B20: – | C20: 0.47916667 | D20: Economía y Comercio Internacional GD 63194214 | H20: Economía y Comercio Internacional GT-A1 63194214 | R20: todas las semanas | T20: Economía y Comercio Internacional GD 63194214 | Z20: todas las semanas
A22: 0.47916667 | B22: – | C22: 0.5
A24: 0.5 | B24: – | C24: 0.52083333 | R24: todas las semanas | Z24: todas las semanas
A26: 0.52083333 | B26: – | C26: 0.54166667
A28: 0.54166667 | B28: – | C28: 0.5625 | F28: todas las semanas | L28: todas las semanas | R28: todas las semanas | V28: todas las semanas | Z28: todas las semanas
A30: 0.5625 | B30: – | C30: 0.58333333
A32: 0.58333333 | B32: – | C32: 0.60416667 | F32: todas las semanas | L32: todas las semanas | R32: todas las semanas | V32: todas las semanas | Z32: todas las semanas
A34: 0.60416667 | B34: – | C34: 0.625
D38: Los alumnos del Doble Grado en ECOyMAT siempre van al GTA1 y dicho GT se completa con alumnos de los grados sencillos
D51: Mención en Medio Ambiente y Desarrollo C1: Derecho Mercantil y de la Competencía y Economía de las Organizaciones
D52: Mención en Análisis Económico C1: Microeconomía IV y Macroeconomía IV

Sheet Eco+Mat 5ºA C2
A1: Titulación: | D1: Doble Grado en Economía y Matemáticas | M1: Inicio
A2: Curso: | D2: 5º | R2: HASTA EL 16 DE ABRIL 2027
A3: Grupo: | D3: A | F3: Aula: | H3: Aulario:
A4: Cuatrimestre: | D4: 2º | F4: MISMA AULA 4º ECO
D7: Lunes | J7: Martes | N7: Miércoles | T7: Jueves | X7: Viernes
A8: 0.33333333 | B8: – | C8: 0.35416667 | H8: DG ECOyMAT reservado matemáticas | L8: DG ECOyMAT reservado matemáticas | R8: DG ECOyMAT reservado matemáticas | AB8: DG ECOyMAT reservado matemáticas | AD8: 0.33333333 | AE8: – | AF8: 0.35416667
A10: 0.35416667 | B10: – | C10: 0.375 | AD10: 0.35416667 | AE10: – | AF10: 0.375
A12: 0.375 | B12: – | C12: 0.39583333 | H12: semanas impares | L12: semanas pares | R12: todas las semanas | AB12: todas las semanas | AD12: 0.375 | AE12: – | AF12: 0.39583333
A14: 0.39583333 | B14: – | C14: 0.41666667 | AD14: 0.39583333 | AE14: – | AF14: 0.41666667
A16: 0.41666667 | B16: – | C16: 0.4375 | H16: semanas impares | L16: semanas pares | R16: todas las semanas | AB16: todas las semanas | AD16: 0.41666667 | AE16: – | AF16: 0.4375
A18: 0.4375 | B18: – | C18: 0.45833333 | AD18: 0.4375 | AE18: – | AF18: 0.45833333
A20: 0.45833333 | B20: – | C20: 0.47916667 | H20: todas las semanas | L20: todas las semanas | R20: todas las semanas | AB20: todas las semanas | AD20: 0.45833333 | AE20: – | AF20: 0.47916667
A22: 0.47916667 | B22: – | C22: 0.5 | AD22: 0.47916667 | AE22: – | AF22: 0.5
A24: 0.5 | B24: – | C24: 0.52083333 | H24: todas las semanas | L24: todas las semanas | R24: todas las semanas | AB24: todas las semanas | AD24: 0.5 | AE24: – | AF24: 0.52083333
A26: 0.52083333 | B26: – | C26: 0.54166667 | AD26: 0.52083333 | AE26: – | AF26: 0.54166667
A28: 0.54166667 | B28: – | C28: 0.5625 | D28: Creación de Empresas GD 63104226 | L28: todas las semanas | N28: Creación de Empresas GT-A1 63104226 | T28: Creación de Empresas GD 63104226 | AB28: todas las semanas | AD28: 0.54166667 | AE28: – | AF28: 0.5625
A30: 0.5625 | B30: – | C30: 0.58333333 | AD30: 0.5625 | AE30: – | AF30: 0.58333333
A32: 0.58333333 | B32: – | C32: 0.60416667 | L32: todas las semanas | AB32: todas las semanas | AD32: 0.58333333 | AE32: – | AF32: 0.60416667
A34: 0.60416667 | B34: – | C34: 0.625 | AD34: 0.60416667 | AE34: – | AF34: 0.625
A36: 0.625 | B36: – | C36: 0.64583333
A38: 0.64583333 | B38: – | C38: 0.66666667
A40: 0.66666667 | B40: – | C40: 0.6875
A42: 0.6875 | B42: – | C42: 0.70833333
A44: 0.70833333 | B44: – | C44: 0.72916667
A46: 0.72916667 | B46: – | C46: 0.75
D49: Los alumnos del Doble Grado en ECOyMAT siempre van al GTA1 y dicho GT se completa con alumnos de los grados sencillos
D51: Mención en Medio Ambiente y Desarrollo C1: Derecho Mercantil y de la Competencía y Economía de las Organizaciones
D52: Mención en Análisis Económico C1: Microeconomía IV y Macroeconomía IV

Sheet GT 1ºA C1
A1: Titulación: | D1: Grado en Turismo (Plan 2010) | H1: 6410 | M1: Inicio
A2: Curso: | D2: 1º
A3: Grupo: | D3: A | F3: Aula: | G3: 11 | H3: Aulario: | I3: 4
A4: Cuatrimestre: | D4: 1º
D8: Lunes | H8: Martes | L8: Miércoles | P8: Jueves | U8: Viernes
A9: 0.33333333 | B9: – | C9: 0.35416667 | X9: 0.33333333 | Y9: – | Z9: 0.35416667
A11: 0.35416667 | B11: – | C11: 0.375 | X11: 0.35416667 | Y11: – | Z11: 0.375
A13: 0.375 | B13: – | C13: 0.39583333 | D13: Idioma moderno: Inglés GD-A 64101213 | H13: Microeconomía GD 64101109 | L13: Derecho Privado del Turismo I. GT-A1 [1] 64101101 | N13: Idioma moderno: Inglés GT-A1 [2] 64101213 | P13: Geografía General del Turismo GT-A2 [1] 64101107 | R13: Idioma moderno: Inglés GT-A2 [2] 64101213 | T13: Derecho Privado del Turismo I. GD [1] 64101101 | V13: Geografía General del Turismo GD [2] 64101107 | X13: 0.375 | Y13: – | Z13: 0.39583333
A15: 0.39583333 | B15: – | C15: 0.41666667 | X15: 0.39583333 | Y15: – | Z15: 0.41666667
A17: 0.41666667 | B17: – | C17: 0.4375 | X17: 0.41666667 | Y17: – | Z17: 0.4375
A19: 0.4375 | B19: – | C19: 0.45833333 | X19: 0.4375 | Y19: – | Z19: 0.45833333
A21: 0.45833333 | B21: – | C21: 0.47916667 | D21: Derecho Privado del Turismo I. GD 64101101 | H21: Geografía General del Turismo GD 64101107 | L21: Historia Económica del Turismo GT-A1 [1] 64101211 | N21: Historia Económica del Turismo GT-A2 [2] 64101211 | P21: Geografía General del Turismo GT-A1 [1] 64101107 | R21: Microeconomía GD [2] 64101109 | T21: Microeconomía GT-A1 [1] 64101109 | V21: Microeconomía GT-A2 [2] 64101109 | X21: 0.45833333 | Y21: – | Z21: 0.47916667
A23: 0.47916667 | B23: – | C23: 0.5 | X23: 0.47916667 | Y23: – | Z23: 0.5
A25: 0.5 | B25: – | C25: 0.52083333 | X25: 0.5 | Y25: – | Z25: 0.52083333
A27: 0.52083333 | B27: – | C27: 0.54166667 | X27: 0.52083333 | Y27: – | Z27: 0.54166667
A29: 0.54166667 | B29: – | C29: 0.5625 | F29: Derecho Privado del Turismo I. GT-A2 [2] 64101101 | H29: Historia Económica del Turismo GD 64101211 | L29: Idioma moderno: Inglés GD [1] 64101213 | N29: Historia Económica del Turismo GD [2] 64101211 | X29: 0.54166667 | Y29: – | Z29: 0.5625
A31: 0.5625 | B31: – | C31: 0.58333333 | X31: 0.5625 | Y31: – | Z31: 0.58333333
A33: 0.58333333 | B33: – | C33: 0.60416667 | X33: 0.58333333 | Y33: – | Z33: 0.60416667
A35: 0.60416667 | B35: – | C35: 0.625 | X35: 0.60416667 | Y35: – | Z35: 0.625
D39: [1] Semana Impar
D40: [2] Semana Par
D42: DURANTE LA PRIMERA SEMANA DE CLASE DEL CUATRIMESTRE SOLO SE IMPARTIRÁN LOS GRUPOS DOCENTES

Sheet GT 1ºA C2
A1: Titulación: | D1: Grado en Turismo (Plan 2010) | H1: 6410 | M1: Inicio
A2: Curso: | D2: 1º
A3: Grupo: | D3: A | F3: Aula: | G3: 11 | H3: Aulario: | I3: 4
A4: Cuatrimestre: | D4: 2º
D7: Lunes | H7: Martes | L7: Miércoles | P7: Jueves | U7: Viernes
A8: 0.33333333 | B8: – | C8: 0.35416667 | X8: 0.33333333 | Y8: – | Z8: 0.35416667
A10: 0.35416667 | B10: – | C10: 0.375 | X10: 0.35416667 | Y10: – | Z10: 0.375
A12: 0.375 | B12: – | C12: 0.39583333 | D12: Derecho privado del turismo II GD 64101102 | H12: Idioma moderno: Alemán GD 64101215 | L12: Contabilidad aplicada a la empresa turística GD [1] 64101105 | N12: Derecho privado del turismo II GT-A1 [2] 64101102 | P12: Idioma moderno: Alemán GT-A1 [1] 64101215 | R12: Macroeconomía GD [2] 64101110 | T12: Idioma moderno: Francés GD [1] 64101214 | V12: Derecho privado del turismo II GD [2] 64101102 | X12: 0.375 | Y12: – | Z12: 0.39583333
A14: 0.39583333 | B14: – | C14: 0.41666667 | X14: 0.39583333 | Y14: – | Z14: 0.41666667
A16: 0.41666667 | B16: – | C16: 0.4375 | X16: 0.41666667 | Y16: – | Z16: 0.4375
A18: 0.4375 | B18: – | C18: 0.45833333 | X18: 0.4375 | Y18: – | Z18: 0.45833333
A20: 0.45833333 | B20: – | C20: 0.47916667 | D20: Contabilidad aplicada a la empresa turística GD 64101105 | H20: Introducción a la Administración de Empresas Turísticas GD 64101103 | L20: Introducción a la Administración de Empresas Turísticas GT-A1 [1] 64101103 | N20: Contabilidad aplicada a la empresa turística GT-A1 [2] 64101105 | P20: Introducción a la Administración de Empresas Turísticas GT-A2 [1] 64101103 | R20: Contabilidad aplicada a la empresa turística GT-A2 [2] 64101105 | T20: Idioma moderno: Alemán GD [1] 64101215 | V20: Introducción a la Administración de Empresas Turísticas GD [2] 64101103 | X20: 0.45833333 | Y20: – | Z20: 0.47916667
A22: 0.47916667 | B22: – | C22: 0.5 | X22: 0.47916667 | Y22: – | Z22: 0.5
A24: 0.5 | B24: – | C24: 0.52083333 | X24: 0.5 | Y24: – | Z24: 0.52083333
A26: 0.52083333 | B26: – | C26: 0.54166667 | X26: 0.52083333 | Y26: – | Z26: 0.54166667
A28: 0.54166667 | B28: – | C28: 0.5625 | D28: Idioma moderno: Francés GD 64101214 | H28: Macroeconomía GD 64101110 | L28: Macroeconomía GT-A1 [1] 64101110 | N28: Idioma moderno: Francés GT-A1 [2] 64101214 | P28: Macroeconomía GT-A2 [1] 64101110 | R28: Derecho privado del turismo II GT-A2 [2] 64101102 | X28: 0.54166667 | Y28: – | Z28: 0.5625
A30: 0.5625 | B30: – | C30: 0.58333333 | X30: 0.5625 | Y30: – | Z30: 0.58333333
A32: 0.58333333 | B32: – | C32: 0.60416667 | X32: 0.58333333 | Y32: – | Z32: 0.60416667
A34: 0.60416667 | B34: – | C34: 0.625 | X34: 0.60416667 | Y34: – | Z34: 0.625
D38: [1] Semana Impar
D39: [2] Semana Par
D41: DURANTE LA PRIMERA SEMANA DE CLASE DEL CUATRIMESTRE SOLO SE IMPARTIRÁN LOS GRUPOS DOCENTES

Sheet GT 2ºA C1
A1: Titulación: | D1: Grado en Turismo (Plan 2010) | H1: 6410 | M1: Inicio
A2: Curso: | D2: 2º
A3: Grupo: | D3: A | F3: Aula: | G3: 15 | H3: Aulario: | I3: 1
A4: Cuatrimestre: | D4: 1º
D8: Lunes | H8: Martes | L8: Miércoles | P8: Jueves | T8: Viernes
A9: 0.33333333 | B9: – | C9: 0.35416667 | X9: 0.33333333 | Y9: – | Z9: 0.35416667
A11: 0.35416667 | B11: – | C11: 0.375 | N11: Idioma Moderno aplicado al sector turístico: Francés GD [2] 64102217 | R11: Idioma Moderno aplicado al sector turístico: Inglés GD [2] 64102216 | X11: 0.35416667 | Y11: – | Z11: 0.375
A13: 0.375 | B13: – | C13: 0.39583333 | L13: Idioma Moderno aplicado al sector turístico: Francés GT-A1 [1] 64102217 | T13: Geografía Turística de España GD [1] 64102108 | V13: Introducción al Marketing Turístico GD [2] 64102104 | X13: 0.375 | Y13: – | Z13: 0.39583333
A15: 0.39583333 | B15: – | C15: 0.41666667 | H15: Idioma Moderno aplicado al sector turístico: Inglés GD 64102216 | X15: 0.39583333 | Y15: – | Z15: 0.41666667
A17: 0.41666667 | B17: – | C17: 0.4375 | L17: Idioma Moderno aplicado al sector turístico: Francés GD 64102217 | P17: Idioma Moderno aplicado al sector turístico: Inglés GT-A1 [1] 64102216 | R17: Idioma Moderno aplicado al sector turístico: Alemán GT-A1 [2] 64102218 | X17: 0.41666667 | Y17: – | Z17: 0.4375
A19: 0.4375 | B19: – | C19: 0.45833333 | X19: 0.4375 | Y19: – | Z19: 0.45833333
A21: 0.45833333 | B21: – | C21: 0.47916667 | D21: Geografía Turística de España GD 64102108 | H21: Introducción al Marketing Turístico GD 64102104 | L21: Introducción al Marketing Turístico GT-A1 [1] 64102104 | N21: Geografía Turística de España GT-A1 [2] 64102108 | P21: Introducción al Marketing Turístico GT-A2 [1] 64102104 NO APARECE EN UXXI | R21: Idioma Moderno aplicado al sector turístico: Alemán [2] GD 64102218 | T21: Legislación turística GD [1] 64102201 | V21: Estructura del Mercado Turístico GD [2] 64102210 | X21: 0.45833333 | Y21: – | Z21: 0.47916667
A23: 0.47916667 | B23: – | C23: 0.5 | X23: 0.47916667 | Y23: – | Z23: 0.5
A25: 0.5 | B25: – | C25: 0.52083333 | X25: 0.5 | Y25: – | Z25: 0.52083333
A27: 0.52083333 | B27: – | C27: 0.54166667 | X27: 0.52083333 | Y27: – | Z27: 0.54166667
A29: 0.54166667 | B29: – | C29: 0.5625 | D29: Estructura del Mercado Turístico GD 64102210 | H29: Legislación turística GD 64102201 | L29: Estructura del Mercado Turístico GT-A1 [1] 64102210 | N29: Legislación turística GT-A1 [2] 64102201 | T29: Idioma Moderno aplicado al sector turístico: Alemán GD [1] 64102218 | X29: 0.54166667 | Y29: – | Z29: 0.5625
A31: 0.5625 | B31: – | C31: 0.58333333 | X31: 0.5625 | Y31: – | Z31: 0.58333333
A33: 0.58333333 | B33: – | C33: 0.60416667 | X33: 0.58333333 | Y33: – | Z33: 0.60416667
A35: 0.60416667 | B35: – | C35: 0.625 | X35: 0.60416667 | Y35: – | Z35: 0.625
D39: [1] Semana Impar
D40: [2] Semana Par
D42: DURANTE LA PRIMERA SEMANA DE CLASE DEL CUATRIMESTRE SOLO SE IMPARTIRÁN LOS GRUPOS DOCENTES

Sheet GT 2ºA C2
A1: Titulación: | D1: Grado en Turismo (Plan 2010) | H1: 6410 | M1: Inicio
A2: Curso: | D2: 2º
A3: Grupo: | D3: A | F3: Aula: | G3: 15 | H3: Aulario: | I3: 1
A4: Cuatrimestre: | D4: 2º
D7: Lunes | H7: Martes | L7: Miércoles | P7: Jueves | T7: Viernes
A8: 0.33333333 | B8: – | C8: 0.35416667 | X8: 0.33333333 | Y8: – | Z8: 0.35416667
A10: 0.35416667 | B10: – | C10: 0.375 | N10: Idioma Moderno aplicado al sector turístico: Inglés GD [2] 64102216 | X10: 0.35416667 | Y10: – | Z10: 0.375
A12: 0.375 | B12: – | C12: 0.39583333 | D12: Estadística aplicada al sector turístico GD 64102106 | H12: Idioma Moderno aplicado al sector turístico: Francés GD 64102217 | L12: Marketing Turístico GD [1] 64102206 | P12: Estadística aplicada al sector turístico GT-A1 [1] 64102106 | R12: Idioma Moderno aplicado al sector turístico: Francés GT-A1 [2] 64102217 | X12: 0.375 | Y12: – | Z12: 0.39583333
A14: 0.39583333 | B14: – | C14: 0.41666667 | X14: 0.39583333 | Y14: – | Z14: 0.41666667
A16: 0.41666667 | B16: – | C16: 0.4375 | X16: 0.41666667 | Y16: – | Z16: 0.4375
A18: 0.4375 | B18: – | C18: 0.45833333 | X18: 0.4375 | Y18: – | Z18: 0.45833333
A20: 0.45833333 | B20: – | C20: 0.47916667 | D20: Marketing Turístico GD 64102206 | H20: Idioma Moderno aplicado al sector turístico: Inglés GD 64102216 | L20: Idioma Moderno aplicado al sector turístico: Francés GD [1] 64102217 | N20: Estadística aplicada al sector turístico GD [2] 64102106 | P20: Idioma Moderno aplicado al sector turístico: Inglés GT-A1 [1] 64102216 | R20: Marketing Turístico GT-A1 [2] 64102206 | X20: 0.45833333 | Y20: – | Z20: 0.47916667
A22: 0.47916667 | B22: – | C22: 0.5 | X22: 0.47916667 | Y22: – | Z22: 0.5
A24: 0.5 | B24: – | C24: 0.52083333 | X24: 0.5 | Y24: – | Z24: 0.52083333
A26: 0.52083333 | B26: – | C26: 0.54166667 | H26: Idioma Moderno aplicado al sector turístico: Alemán GD 64102218 | X26: 0.52083333 | Y26: – | Z26: 0.54166667
A28: 0.54166667 | B28: – | C28: 0.5625 | D28: Operaciones y Gestión de Empresas Turísticas GD 64102202 | L28: Operaciones y Gestión de Empresas Turísticas GD [1] 64102202 | N28: Idioma Moderno aplicado al sector turístico: Alemán GD [2] 64102218 | P28: Operaciones y Gestión de Empresas Turísticas GT-A1 [1] 64102202 | R28: Idioma Moderno aplicado al sector turístico: Alemán GT-A1 [2] 64102218 | X28: 0.54166667 | Y28: – | Z28: 0.5625
A30: 0.5625 | B30: – | C30: 0.58333333 | X30: 0.5625 | Y30: – | Z30: 0.58333333
A32: 0.58333333 | B32: – | C32: 0.60416667 | X32: 0.58333333 | Y32: – | Z32: 0.60416667
A34: 0.60416667 | B34: – | C34: 0.625 | X34: 0.60416667 | Y34: – | Z34: 0.625
D38: [1] Semana Impar
D39: [2] Semana Par
D41: DURANTE LA PRIMERA SEMANA DE CLASE DEL CUATRIMESTRE SOLO SE IMPARTIRÁN LOS GRUPOS DOCENTES

Sheet GT 2ºB C1 Inglés
A1: Titulación: | D1: Grado en Turismo (Plan 2010) | H1: 6410 | M1: Inicio
A2: Curso: | D2: 2º
A3: Grupo: | D3: B - INGLÉS | F3: Aula: | H3: Aulario:
A4: Cuatrimestre: | D4: 1º
D8: Lunes | H8: Martes | L8: Miércoles | P8: Jueves | T8: Viernes
A9: 0.33333333 | B9: – | C9: 0.35416667 | X9: 0.33333333 | Y9: – | Z9: 0.35416667
A11: 0.35416667 | B11: – | C11: 0.375 | X11: 0.35416667 | Y11: – | Z11: 0.375
A13: 0.375 | B13: – | C13: 0.39583333 | D13: Introducción al Marketing Turístico GD ING 64102104 | X13: 0.375 | Y13: – | Z13: 0.39583333
A15: 0.39583333 | B15: – | C15: 0.41666667 | X15: 0.39583333 | Y15: – | Z15: 0.41666667
A17: 0.41666667 | B17: – | C17: 0.4375 | X17: 0.41666667 | Y17: – | Z17: 0.4375
A19: 0.4375 | B19: – | C19: 0.45833333 | X19: 0.4375 | Y19: – | Z19: 0.45833333
A21: 0.45833333 | B21: – | C21: 0.47916667 | P21: Introducción al Marketing Turístico GT-B1 ING [1] 64102104 | X21: 0.45833333 | Y21: – | Z21: 0.47916667
A23: 0.47916667 | B23: – | C23: 0.5 | X23: 0.47916667 | Y23: – | Z23: 0.5
A25: 0.5 | B25: – | C25: 0.52083333 | X25: 0.5 | Y25: – | Z25: 0.52083333
A27: 0.52083333 | B27: – | C27: 0.54166667 | X27: 0.52083333 | Y27: – | Z27: 0.54166667
A29: 0.54166667 | B29: – | C29: 0.5625 | P29: Introducción al Marketing Turístico GT-B2 ING [1] 64102104 | R29: Introducción al Marketing Turístico GD ING [2] 64102104 | X29: 0.54166667 | Y29: – | Z29: 0.5625
A31: 0.5625 | B31: – | C31: 0.58333333 | X31: 0.5625 | Y31: – | Z31: 0.58333333
A33: 0.58333333 | B33: – | C33: 0.60416667 | X33: 0.58333333 | Y33: – | Z33: 0.60416667
A35: 0.60416667 | B35: – | C35: 0.625 | X35: 0.60416667 | Y35: – | Z35: 0.625
D39: [1] Semana Impar
D40: [2] Semana Par
D42: DURANTE LA PRIMERA SEMANA DE CLASE DEL CUATRIMESTRE SOLO SE IMPARTIRÁN LOS GRUPOS DOCENTES

Sheet GT 2ºB C2 Inglés
A1: Titulación: | D1: Grado en Turismo (Plan 2010) | H1: 6410 | M1: Inicio
A2: Curso: | D2: 2º
A3: Grupo: | D3: B - INGLÉS | F3: Aula: | H3: Aulario:
A4: Cuatrimestre: | D4: 2º
D7: Lunes | H7: Martes | L7: Miércoles | P7: Jueves | T7: Viernes
A8: 0.33333333 | B8: – | C8: 0.35416667 | X8: 0.33333333 | Y8: – | Z8: 0.35416667
A10: 0.35416667 | B10: – | C10: 0.375 | X10: 0.35416667 | Y10: – | Z10: 0.375
A12: 0.375 | B12: – | C12: 0.39583333 | L12: Marketing Turístico GD ING [1] 64102206 | X12: 0.375 | Y12: – | Z12: 0.39583333
A14: 0.39583333 | B14: – | C14: 0.41666667 | X14: 0.39583333 | Y14: – | Z14: 0.41666667
A16: 0.41666667 | B16: – | C16: 0.4375 | X16: 0.41666667 | Y16: – | Z16: 0.4375
A18: 0.4375 | B18: – | C18: 0.45833333 | X18: 0.4375 | Y18: – | Z18: 0.45833333
A20: 0.45833333 | B20: – | C20: 0.47916667 | D20: Marketing Turístico GD ING 64102206 | R20: Marketing Turístico GT-1 ING [2] 64102206 | X20: 0.45833333 | Y20: – | Z20: 0.47916667
A22: 0.47916667 | B22: – | C22: 0.5 | X22: 0.47916667 | Y22: – | Z22: 0.5
A24: 0.5 | B24: – | C24: 0.52083333 | X24: 0.5 | Y24: – | Z24: 0.52083333
A26: 0.52083333 | B26: – | C26: 0.54166667 | X26: 0.52083333 | Y26: – | Z26: 0.54166667
A28: 0.54166667 | B28: – | C28: 0.5625 | X28: 0.54166667 | Y28: – | Z28: 0.5625
A30: 0.5625 | B30: – | C30: 0.58333333 | X30: 0.5625 | Y30: – | Z30: 0.58333333
A32: 0.58333333 | B32: – | C32: 0.60416667 | X32: 0.58333333 | Y32: – | Z32: 0.60416667
A34: 0.60416667 | B34: – | C34: 0.625 | X34: 0.60416667 | Y34: – | Z34: 0.625
D38: [1] Semana Impar
D39: [2] Semana Par
D41: DURANTE LA PRIMERA SEMANA DE CLASE DEL CUATRIMESTRE SOLO SE IMPARTIRÁN LOS GRUPOS DOCENTES

Sheet GT 3ºA C1
A1: Titulación: | D1: Grado en Turismo (Plan 2010) | H1: 6410 | M1: Inicio
A2: Curso: | D2: 3º
A3: Grupo: | D3: A | F3: Aula: | H3: Aulario:
A4: Cuatrimestre: | D4: 1º
D9: Lunes | H9: Martes | L9: Miércoles | P9: Jueves | T9: Viernes
A10: 0.33333333 | B10: – | C10: 0.35416667 | X10: 0.33333333 | Y10: – | Z10: 0.35416667
A12: 0.35416667 | B12: – | C12: 0.375 | X12: 0.35416667 | Y12: – | Z12: 0.375
A14: 0.375 | B14: – | C14: 0.39583333 | D14: Atención al Cliente y Relaciones Públicas GD [1] 64103207 | F14: Dirección Estratégica GD [2] 64103205 | H14: Ampliación de Idioma Moderno aplicado al sector turístico: Alemán GD 64103221 | N14: Ampliación de Idioma Moderno aplicado al sector turístico: Alemán GT-A1 [2] 64103221 | P14: Gestión Financiera GD 64103209 | T14: ACTIVIDADES DE COORDINACIÓN | X14: 0.375 | Y14: – | Z14: 0.39583333
A16: 0.39583333 | B16: – | C16: 0.41666667 | X16: 0.39583333 | Y16: – | Z16: 0.41666667
A18: 0.41666667 | B18: – | C18: 0.4375 | X18: 0.41666667 | Y18: – | Z18: 0.4375
A20: 0.4375 | B20: – | C20: 0.45833333 | X20: 0.4375 | Y20: – | Z20: 0.45833333
A22: 0.45833333 | B22: – | C22: 0.47916667 | D22: Dirección Estratégica GD [1] 64103205 | F22: Atención al Cliente y Relaciones Públicas GD [2] 64103207 | H22: Ampliación de Idioma Moderno aplicado al sector turístico: Inglés GT-A1 [1] 64103219 | J22: Gestión Financiera GT-A1 [2] 64103209 | N22: Ampliación de Idioma Moderno aplicado al sector turístico: Francés GT-A1 [2] 64103220 | R22: Atención al Cliente y Relaciones Públicas GT-A1 [2] 64103207 | X22: 0.45833333 | Y22: – | Z22: 0.47916667
A24: 0.47916667 | B24: – | C24: 0.5 | X24: 0.47916667 | Y24: – | Z24: 0.5
A26: 0.5 | B26: – | C26: 0.52083333 | X26: 0.5 | Y26: – | Z26: 0.52083333
A28: 0.52083333 | B28: – | C28: 0.54166667 | X28: 0.52083333 | Y28: – | Z28: 0.54166667
A30: 0.54166667 | B30: – | C30: 0.5625 | D30: Ampliación de Idioma Moderno aplicado al sector turístico: Inglés GD 64103219 | H30: Ampliación de Idioma Moderno aplicado al sector turístico: Francés GD 64103220 | N30: Dirección Estratégica GT-A1 [2] 64103205 | R30: Atención al Cliente y Relaciones Públicas GT-A2 [2] 64103207 | X30: 0.54166667 | Y30: – | Z30: 0.5625
A32: 0.5625 | B32: – | C32: 0.58333333 | X32: 0.5625 | Y32: – | Z32: 0.58333333
A34: 0.58333333 | B34: – | C34: 0.60416667 | X34: 0.58333333 | Y34: – | Z34: 0.60416667
A36: 0.60416667 | B36: – | C36: 0.625 | X36: 0.60416667 | Y36: – | Z36: 0.625
D40: [1] Semana Impar
D41: [2] Semana Par
D43: DURANTE LA PRIMERA SEMANA DE CLASE DEL CUATRIMESTRE SOLO SE IMPARTIRÁN LOS GRUPOS DOCENTES

Sheet GT 3ºA C2
A1: Titulación: | D1: Grado en Turismo (Plan 2010) | H1: 6410 | M1: Inicio
A2: Curso: | D2: 3º
A3: Grupo: | D3: A | F3: Aula: | H3: Aulario:
A4: Cuatrimestre: | D4: 2º
D7: Lunes | H7: Martes | L7: Miércoles | P7: Jueves | T7: Viernes
A8: 0.33333333 | B8: – | C8: 0.35416667 | X8: 0.33333333 | Y8: – | Z8: 0.35416667
A10: 0.35416667 | B10: – | C10: 0.375 | X10: 0.35416667 | Y10: – | Z10: 0.375
A12: 0.375 | B12: – | C12: 0.39583333 | D12: Patrimonio Artístico GT-A2 [1] 64103223 | L12: Ampliación de Idioma Moderno aplicado al sector turístico: Francés GD 64103220 | P12: Amp. Idioma Moderno aplicado al sector turístico: Inglés GD 64103219 | X12: 0.375 | Y12: – | Z12: 0.39583333
A14: 0.39583333 | B14: – | C14: 0.41666667 | X14: 0.39583333 | Y14: – | Z14: 0.41666667
A16: 0.41666667 | B16: – | C16: 0.4375 | L16: Patrimonio Artístico GD 64103223 | P16: Patrimonio cultural GD 64103222 | X16: 0.41666667 | Y16: – | Z16: 0.4375
A18: 0.4375 | B18: – | C18: 0.45833333 | X18: 0.4375 | Y18: – | Z18: 0.45833333
A20: 0.45833333 | B20: – | C20: 0.47916667 | F20: Ampliación de Idioma Moderno aplicado al sector turístico: Alemán GT-A1 [2] 64103221 | H20: Gestión y Procesos de Restauración GT-A1 [1] 64103204 | J20: Patrimonio cultural GT-A1 [2] 64103222 | T20: ACTIVIDADES DE COORDINACIÓN | X20: 0.45833333 | Y20: – | Z20: 0.47916667
A22: 0.47916667 | B22: – | C22: 0.5 | X22: 0.47916667 | Y22: – | Z22: 0.5
A24: 0.5 | B24: – | C24: 0.52083333 | D24: Amp. de Idioma Moderno aplicado al sector turístico: Alemán GD 64103221 | L24: Gestión y Procesos de Restauración GD 64103204 | R24: Ampliación de Idioma Moderno aplicado al sector turístico: Inglés GT-A1 [2] 64103219 | X24: 0.5 | Y24: – | Z24: 0.52083333
A26: 0.52083333 | B26: – | C26: 0.54166667 | X26: 0.52083333 | Y26: – | Z26: 0.54166667
A28: 0.54166667 | B28: – | C28: 0.5625 | H28: Patrimonio Artístico GT-A1 [1] 64103223 | J28: Informática aplicada a la gestión turística GT-A1 [2] 64103224 | P28: Informática aplicada a la gestión turística GD 64103224 | X28: 0.54166667 | Y28: – | Z28: 0.5625
A30: 0.5625 | B30: – | C30: 0.58333333 | X30: 0.5625 | Y30: – | Z30: 0.58333333
A32: 0.58333333 | B32: – | C32: 0.60416667 | L32: Ampliación de Idioma Moderno aplicado al sector turístico: Francés GT-A1 [1] 64103220 | X32: 0.58333333 | Y32: – | Z32: 0.60416667
